Workbook

Sheet Reported EBITDA
B4: Country | C4: EBITDA from continued operations (in millions of US$)
C5: September 2026 | D5: September 2025 | E5: % | F5: Q3 2026 | G5: Q3 2025 | H5: %
B7: Argentina | C7: 159.183 | D7: 170.852 | E7: -0.068298879 | F7: 48.186 | G7: 2.278 | H7: n.a.
B8: Brazil | C8: 1738.385 | D8: 1554.632 | E8: 0.1181971 | F8: 550.965 | G8: 542.708 | H8: 0.015214443
B9: Colombia | C9: 1785.209 | D9: 1226.31 | E9: 0.4557567 | F9: 772.827 | G9: 438.515 | H9: 0.76237301
B10: EGP Central America | C10: 143.022 | D10: 154.435 | E10: -0.073901641 | F10: 37.99 | G10: 54.468 | H10: -0.30252625
B11: Enel Américas (*) | C11: 3845.358 | D11: 3105.852 | E11: 0.23810085 | F11: 1417.429 | G11: 1029.24 | H11: 0.37716082
B12: (*) Includes Holding and Adjustments

Sheet Physical Data
B3: Generation of continuing operations
C5: Accumulated figures | F5: Quarterly figures
B6: Operational figures | C6: September 2026 | D6: September 2025 | E6: % | F6: ='Reported EBITDA'!$F$5 -> Q3 2026 | G6: ='Reported EBITDA'!$G$5 -> Q3 2025 | H6: %
B7: Total Sales (TWh) | C7: 45.477768 | D7: 51.682687 | E7: -0.12005798 | F7: 15.270115 | G7: 17.425062 | H7: -0.12366943
B8: Total Generation (TWh) | C8: 31.099916 | D8: 32.544203 | E8: -0.04437924 | F8: 11.419673 | G8: 11.493885 | H8: -0.0064566708
B12: Distribution of continuing operations
C14: Accumulated figures | F14: Quarterly figures
B15: Operational figures | C15: September 2026 | D15: September 2025 | E15: % | F15: ='Reported EBITDA'!$F$5 -> Q3 2026 | G15: ='Reported EBITDA'!$G$5 -> Q3 2025 | H15: %
B16: Total Sales (TWh) | C16: 78.591094 | D16: 77.500243 | E16: 0.014075448 | F16: 26.059856 | G16: 25.360288 | H16: 0.027585151
B17: Grid customers (mn) | C17: 23.246737 | D17: 22.897952 | E17: 0.015232148 | F17: 23.246737 | G17: 22.897952 | H17: 0.015232148

Sheet Generation Business
B3: Generation Segment by geographical area of continuing operations | C3: Markets in which operates | D3: Energy Sales (TWh) (*) | K3: Net production (TWh) | R3: Market Share
D4: Accumulated figures | G4: Quarterly figures | K4: Accumulated figures | N4: Quarterly figures
D5: September 2026 | E5: September 2025 | F5: % | G5: ='Reported EBITDA'!$F$5 -> Q3 2026 | H5: ='Reported EBITDA'!$G$5 -> Q3 2025 | I5: % | K5: September 2026 | L5: September 2025 | M5: % | N5: ='Reported EBITDA'!$F$5 -> Q3 2026 | O5: ='Reported EBITDA'!$G$5 -> Q3 2025 | P5: % | R5: September 2026 | S5: September 2025
B7: Generation Segment - Argentina | C7: SIN Argentina | D7: 0 | E7: 1.89096 | F7: -1 | G7: 0 | H7: 0.54571 | I7: -1 | K7: 0 | L7: 1.8895 | M7: -1 | N7: 0 | O7: 0.54513 | P7: -1 | R7: 0 | S7: 0.016558029
B8: Generation Segment - Brazil (**) | C8: SICN Brasil | D8: 25.313399 | E8: 30.166 | F8: -0.16086324 | G8: 7.9019471 | H8: 9.9720187 | I8: -0.20758802 | K8: 15.170478 | L8: 15.792712 | M8: -0.03940005 | N8: 5.2952634 | O8: 5.6225547 | P8: -0.058210424 | R8: 0.058581491 | S8: 0.083180783
B9: Generation Segment - Colombia | C9: SIN Colombia | D9: 17.42814 | E9: 16.71855 | F9: 0.042443274 | G9: 6.44044 | H9: 5.89148 | I9: 0.093178624 | K9: 13.724359 | L9: 12.68794 | M9: 0.081685347 | N9: 5.4435074 | O9: 4.5347 | P9: 0.2004118 | R9: 0.26206946 | S9: 0.26569513
B10: Generation Segment - Central America | C10: (***) | D10: 2.4409388 | E10: 2.599737 | F10: -0.061082388 | G10: 0.80920789 | H10: 0.91651375 | I10: -0.11708047 | K10: 1.9098291 | L10: 1.9662113 | M10: -0.028675528 | N10: 0.54591229 | O10: 0.71613062 | P10: -0.23769174 | R10: 0.078359833 | S10: 0.056438106
B11: Enel Generación Piura | C11: (****) | D11: 0.29529 | E11: 0.30744 | F11: -0.039519906 | G11: 0.11852 | H11: 0.09934 | I11: 0.19307429 | K11: 0.29525 | L11: 0.20784 | M11: 0.4205639 | N11: 0.13499 | O11: 0.07537 | P11: 0.79103091 | R11: 0.0059180812 | S11: 0.0066742641
B13: Total - Continuing operations | D13: 45.477768 | E13: 51.682687 | F13: -0.12005798 | G13: 15.270115 | H13: 17.425062 | I13: -0.12366943 | K13: 31.099916 | L13: 32.544203 | M13: -0.04437924 | N13: 11.419673 | O13: 11.493885 | P13: -0.0064566708
B15: (*) The sales made by each country’s generation segments to third parties are incorporated, all intra-segment energy purchases and energy sales between related companies have been eliminated.
B16: (**) The energy sold by Enel Trading S.A. is included within the energy sales volumes in Brazil, which despite not being a generator complies with the function of trading the purchase and sale of electricity in Brazil.
B17: (***) Companies from Costa Rica, Guatemala, and Panama participate in their local markets SEN, SEN and SIN respectively, and may eventually participate in the MER (Regional Electricity Market), which is a global market that covers the 9 countries in Central America.
B18: (****) Enel Generación Piura participates in its local SICN market in Peru. It should be noted that, in accordance with the guidelines established in IFRS 8 Operating Segments, it does not represent an operating segment for which Enel Américas is required to disclose separate information. See notes 5 and 34 to Enel Américas’ Consolidated Financial Statements as of September 30, 2026.

Sheet Distribution Business
B3: Distribution Segment by geographical area of continuing operations | C3: Energy Sales (TWh) (*) | J3: Energy losses (%) | M3: Grid customers (th)
C4: Accumulated figures | F4: Quarterly figures
C5: September 2026 | D5: September 2025 | E5: % | F5: ='Reported EBITDA'!$F$5 -> Q3 2026 | G5: ='Reported EBITDA'!$G$5 -> Q3 2025 | H5: % | J5: September 2026 | K5: September 2025 | M5: September 2026 | N5: September 2025 | O5: %
B7: Distribution Segment - Argentina | C7: 13.540456 | D7: 13.458521 | E7: 0.006087967 | F7: 4.6251539 | G7: 4.6839165 | H7: -0.01254562 | J7: 0.194069 | K7: 0.1747 | M7: 2751.987 | N7: 2755.593 | O7: 0.03277517
B8: Distribution Segment - Brazil | C8: 53.142218 | D8: 52.511217 | E8: 0.012016506 | F8: 17.357984 | G8: 16.761153 | H8: 0.035608027 | J8: 0.14061051 | K8: 0.13845214 | M8: 16365.397 | N8: 16111.898 | O8: 0.015733652
B9: Distribution Segment - Colombia | C9: 11.90842 | D9: 11.530506 | E9: 0.03277517 | F9: 4.0767174 | G9: 3.915219 | H9: 0.041248892 | J9: 0.0762 | K9: 0.075340862 | M9: 4129.353 | N9: 4030.461 | O9: 0.024536151
B11: Total - Continuing operations | C11: 78.591094 | D11: 77.500243 | E11: 0.014075448 | F11: 26.059856 | G11: 25.360288 | H11: 0.027585151 | J11: 0.14006114 | K11: 0.13535715 | M11: 23246.737 | N11: 22897.952 | O11: 0.015232148
B12: (*) Includes sales to end customers and tolls.

Sheet Energy sales revenues
B2: Energy Sales Revenues (in millions of US$) | C2: Accumulated figures
C3: Argentina | E3: Brazil | G3: Colombia | I3: Central America | K3: Total Segments | M3: Structure and adjustments | O3: Total
C4: ='Reported EBITDA'!$C$5 -> September 2026 | D4: ='Reported EBITDA'!$D$5 -> September 2025 | E4: ='Reported EBITDA'!$C$5 -> September 2026 | F4: ='Reported EBITDA'!$D$5 -> September 2025 | G4: ='Reported EBITDA'!$C$5 -> September 2026 | H4: ='Reported EBITDA'!$D$5 -> September 2025 | I4: ='Reported EBITDA'!$C$5 -> September 2026 | J4: ='Reported EBITDA'!$D$5 -> September 2025 | K4: ='Reported EBITDA'!$C$5 -> September 2026 | L4: ='Reported EBITDA'!$D$5 -> September 2025 | M4: ='Reported EBITDA'!$C$5 -> September 2026 | N4: ='Reported EBITDA'!$D$5 -> September 2025 | O4: ='Reported EBITDA'!$C$5 -> September 2026 | P4: ='Reported EBITDA'!$D$5 -> September 2025
B6: Generation | C6: 1 | D6: 34 | E6: 1132 | F6: 962 | G6: 1760 | H6: 1189 | I6: 244 | J6: 249 | K6: 3137 | L6: 2434 | M6: -197 | N6: -130 | O6: 2940 | P6: 2304
B7: Regulated customers | C7: 1 | D7: 0 | E7: 344 | F7: 198 | G7: 803 | H7: 542 | I7: 118 | J7: 129 | K7: 1266 | L7: 869 | M7: -65 | N7: 4 | O7: 1201 | P7: 873
B8: Non regulated customers | C8: 0 | D8: 0 | E8: 608 | F8: 676 | G8: 420 | H8: 411 | I8: 48 | J8: 46 | K8: 1076 | L8: 1133 | M8: -9 | N8: -23 | O8: 1067 | P8: 1110
B9: Spot Market | C9: 0 | D9: 34 | E9: 180 | F9: 88 | G9: 537 | H9: 236 | I9: 78 | J9: 74 | K9: 795 | L9: 432 | M9: -123 | N9: -111 | O9: 672 | P9: 321
B10: Other customers | C10: 0 | D10: 0 | E10: 0 | F10: 0 | G10: 0 | H10: 0 | I10: 0 | J10: 0 | K10: 0 | L10: 0 | M10: 0 | N10: 0 | O10: 0 | P10: 0
B12: Distribution | C12: 1343 | D12: 988 | E12: 3992 | F12: 3597 | G12: 990 | H12: 805 | I12: 0 | J12: 0 | K12: 6325 | L12: 5390 | M12: 30 | N12: 26 | O12: 6355 | P12: 5416
B13: Residential | C13: 584 | D13: 416 | E13: 2533 | F13: 2302 | G13: 574 | H13: 465 | I13: 0 | J13: 0 | K13: 3691 | L13: 3183 | M13: 0 | N13: 0 | O13: 3691 | P13: 3183
B14: Commercial | C14: 387 | D14: 276 | E14: 968 | F14: 828 | G14: 241 | H14: 203 | I14: 0 | J14: 0 | K14: 1596 | L14: 1307 | M14: 14 | N14: 11 | O14: 1610 | P14: 1318
B15: Industrial | C15: 261 | D15: 186 | E15: 211 | F15: 196 | G15: 101 | H15: 85 | I15: 0 | J15: 0 | K15: 573 | L15: 467 | M15: 13 | N15: 12 | O15: 586 | P15: 479
B16: Others | C16: 111 | D16: 110 | E16: 280 | F16: 271 | G16: 74 | H16: 52 | I16: 0 | J16: 0 | K16: 465 | L16: 433 | M16: 3 | N16: 3 | O16: 468 | P16: 436
B18: Less: Consolidation adjustments | C18: 0 | D18: 0 | E18: -84 | F18: -34 | G18: -146 | H18: -118 | I18: 0 | J18: 0 | K18: -230 | L18: -152 | M18: 230 | N18: 152 | O18: 0 | P18: 0
B20: Energy Sales Revenues | C20: 1344 | D20: 1022 | E20: 5040 | F20: 4525 | G20: 2604 | H20: 1876 | I20: 244 | J20: 249 | K20: 9232 | L20: 7672 | M20: 63 | N20: 48 | O20: 9295 | P20: 7720
B22: Variation in millions of US$ and %. | C22: 322 | D22: -0.31506849 | E22: 515 | F22: 0.11381215 | G22: 728 | H22: 0.3880597 | I22: -5 | J22: -0.020080321 | K22: 1560 | L22: 0.20333681 | M22: 15 | N22: 0 | O22: 1575 | P22: 0.20401554
B25: Energy Sales Revenues (in millions of US$) | C25: Quarterly figures
C26: Argentina | E26: Brazil | G26: Colombia | I26: Central America | K26: Total Segments | M26: Structure and adjustments | O26: Total
C27: ='Reported EBITDA'!$F$5 -> Q3 2026 | D27: ='Reported EBITDA'!$G$5 -> Q3 2025 | E27: ='Reported EBITDA'!$F$5 -> Q3 2026 | F27: ='Reported EBITDA'!$G$5 -> Q3 2025 | G27: ='Reported EBITDA'!$F$5 -> Q3 2026 | H27: ='Reported EBITDA'!$G$5 -> Q3 2025 | I27: ='Reported EBITDA'!$F$5 -> Q3 2026 | J27: ='Reported EBITDA'!$G$5 -> Q3 2025 | K27: ='Reported EBITDA'!$F$5 -> Q3 2026 | L27: ='Reported EBITDA'!$G$5 -> Q3 2025 | M27: ='Reported EBITDA'!$F$5 -> Q3 2026 | N27: ='Reported EBITDA'!$G$5 -> Q3 2025 | O27: ='Reported EBITDA'!$F$5 -> Q3 2026 | P27: ='Reported EBITDA'!$G$5 -> Q3 2025
B29: Generation | C29: 0 | D29: 9 | E29: 307 | F29: 358 | G29: 802 | H29: 421 | I29: 85 | J29: 84 | K29: 1194 | L29: 872 | M29: -66 | N29: -44 | O29: 1128 | P29: 828
B30: Regulated customers | C30: 0 | D30: 0 | E30: 141 | F30: 66 | G30: 301 | H30: 198 | I30: 48 | J30: 43 | K30: 490 | L30: 307 | M30: -21 | N30: 4 | O30: 469 | P30: 311
B31: Non regulated customers | C31: 0 | D31: 0 | E31: 125 | F31: 285 | G31: 165 | H31: 140 | I31: 11 | J31: 15 | K31: 301 | L31: 440 | M31: -3 | N31: -8 | O31: 298 | P31: 432
B32: Spot Market | C32: 0 | D32: 9 | E32: 41 | F32: 7 | G32: 336 | H32: 83 | I32: 26 | J32: 26 | K32: 403 | L32: 125 | M32: -42 | N32: -40 | O32: 361 | P32: 85
B33: Other customers | C33: 0 | D33: 0 | E33: 0 | F33: 0 | G33: 0 | H33: 0 | I33: 0 | J33: 0 | K33: 0 | L33: 0 | M33: 0 | N33: 0 | O33: 0 | P33: 0
B35: Distribution | C35: 512 | D35: 269 | E35: 1338 | F35: 1350 | G35: 395 | H35: 270 | I35: 0 | J35: 0 | K35: 2245 | L35: 1889 | M35: 11 | N35: 9 | O35: 2256 | P35: 1898
B36: Residential | C36: 228 | D36: 125 | E36: 843 | F36: 893 | G36: 230 | H36: 155 | I36: 0 | J36: 0 | K36: 1301 | L36: 1173 | M36: 0 | N36: 0 | O36: 1301 | P36: 1173
B37: Commercial | C37: 151 | D37: 83 | E37: 311 | F37: 277 | G37: 96 | H37: 67 | I37: 0 | J37: 0 | K37: 558 | L37: 427 | M37: 6 | N37: 4 | O37: 564 | P37: 431
B38: Industrial | C38: 102 | D38: 56 | E38: 68 | F38: 66 | G38: 42 | H38: 28 | I38: 0 | J38: 0 | K38: 212 | L38: 150 | M38: 5 | N38: 5 | O38: 217 | P38: 155
B39: Others | C39: 31 | D39: 5 | E39: 116 | F39: 114 | G39: 27 | H39: 20 | I39: 0 | J39: 0 | K39: 174 | L39: 139 | M39: 0 | N39: 0 | O39: 174 | P39: 139
B41: Less: Consolidation adjustments | C41: 0 | D41: 0 | E41: -29 | F41: -11 | G41: -58 | H41: -37 | I41: 0 | J41: 0 | K41: -87 | L41: -48 | M41: 55 | N41: 35 | O41: -32 | P41: -13
B43: Energy Sales Revenues | C43: 512 | D43: 278 | E43: 1616 | F43: 1697 | G43: 1139 | H43: 654 | I43: 85 | J43: 84 | K43: 3352 | L43: 2713 | M43: 0 | N43: 0 | O43: 3352 | P43: 2713
B45: Variation in millions of US$ and %. | C45: 234 | D45: 0.84172662 | E45: -81 | F45: -0.047731291 | G45: 485 | H45: 0.74159021 | I45: 1 | J45: 0.011904762 | K45: 639 | L45: 0.23553262 | M45: 0 | N45: - | O45: 639 | P45: 0.23553262

Sheet Income Statement
B3: CONSOLIDATED INCOME STATEMENTS CONTINUING OPERATIONS (in millions of US$) | C3: Accumulated figures | H3: Quarterly figures
C4: September 2026 | D4: September 2025 | E4: Change | F4: % | H4: ='Reported EBITDA'!$F$5 -> Q3 2026 | I4: ='Reported EBITDA'!$G$5 -> Q3 2025 | J4: Change | K4: %
B6: Revenues | C6: 12766.32 | D6: 10442.63 | E6: 2323.69 | F6: 0.22251961 | H6: 4613.962 | I6: 3654.4 | J6: 959.562 | K6: 0.26257717
B7: Sales | C7: 11343.714 | D7: 9298.394 | E7: 2045.32 | F7: 0.21996487 | H7: 4141.237 | I7: 3278.443 | J7: 862.794 | K7: 0.26317188
B8: Other operating income | C8: 1422.606 | D8: 1144.236 | E8: 278.37 | F8: 0.24328023 | H8: 472.725 | I8: 375.957 | J8: 96.768 | K8: 0.25739114
B9: Procurements and Services | C9: -7494.027 | D9: -6100.659 | E9: -1393.368 | F9: 0.22839631 | H9: -2723.844 | I9: -2223.898 | J9: -499.946 | K9: 0.22480617
B10: Energy purchases | C10: -5041.612 | D10: -4085.481 | E10: -956.131 | F10: 0.23403144 | H10: -1820.143 | I10: -1482.965 | J10: -337.178 | K10: 0.22736747
B11: Fuel consumption | C11: -60.751 | D11: -28.227 | E11: -32.524 | F11: 1.1522301 | H11: -36.822 | I11: -7.324 | J11: -29.498 | K11: n.a.
B12: Transportation expenses | C12: -1064.396 | D12: -911.494 | E12: -152.902 | F12: 0.16774877 | H12: -369.513 | I12: -309.614 | J12: -59.899 | K12: 0.19346347
B13: Other suppliers and services | C13: -1327.268 | D13: -1075.457 | E13: -251.811 | F13: 0.23414325 | H13: -497.366 | I13: -423.995 | J13: -73.371 | K13: 0.17304685
B14: Contribution Margin | C14: 5272.293 | D14: 4341.971 | E14: 930.322 | F14: 0.2142626 | H14: 1890.118 | I14: 1430.502 | J14: 459.616 | K14: 0.321297
B15: Personnel costs | C15: -461.043 | D15: -415.393 | E15: -45.65 | F15: 0.10989593 | H15: -152.265 | I15: -129.216 | J15: -23.049 | K15: 0.17837574
B16: Other expenses by nature | C16: -965.892 | D16: -820.726 | E16: -145.166 | F16: 0.17687511 | H16: -320.424 | I16: -272.046 | J16: -48.378 | K16: 0.17783022
B17: Gross Operating Income (EBITDA) | C17: 3845.358 | D17: 3105.852 | E17: 739.506 | F17: 0.23810085 | H17: 1417.429 | I17: 1029.24 | J17: 388.189 | K17: 0.37716082
B18: Depreciation and amortization | C18: -983.613 | D18: -916.245 | E18: -67.368 | F18: 0.073526186 | H18: -330.864 | I18: -316.146 | J18: -14.718 | K18: 0.04655444
B19: Impairment Losses (Reversals) | C19: -7.537 | D19: 6.02 | E19: -13.557 | F19: -2.2519934 | H19: -6.651 | I19: -0.103 | J19: -6.548 | K19: n.a.
B20: Impairment Losses (Reversals) from IFRS 9 | C20: -143.381 | D20: -244.939 | E20: 101.558 | F20: -0.41462568 | H20: 6.975 | I20: -73.467 | J20: 80.442 | K20: -1.0949406
B21: Operating Income (EBIT) | C21: 2710.827 | D21: 1950.688 | E21: 760.139 | F21: 0.38967739 | H21: 1086.889 | I21: 639.524 | J21: 447.365 | K21: 0.69952809
B22: Net Financial Income | C22: -699.613 | D22: -573.632 | E22: -125.981 | F22: 0.2196199 | H22: -246.682 | I22: -206.647 | J22: -40.035 | K22: 0.19373618
B23: Financial income | C23: 361.999 | D23: 279.699 | E23: 82.3 | F23: 0.29424488 | H23: 114.322 | I23: 89.249 | J23: 25.073 | K23: 0.28093312
B24: Financial expenses | C24: -1211.221 | D24: -962.526 | E24: -248.695 | F24: 0.25837744 | H24: -392.12 | I24: -330.778 | J24: -61.342 | K24: 0.18544764
B25: Results by readjustment units (Hyperinflation - Argentina) | C25: 189.861 | D25: 127.121 | E25: 62.74 | F25: 0.49354552 | H25: 53.162 | I25: 29.021 | J25: 24.141 | K25: 0.8318459
B26: Exchange rate differences | C26: -40.252 | D26: -17.926 | E26: -22.326 | F26: 1.2454535 | H26: -22.046 | I26: 5.861 | J26: -27.907 | K26: n.a.
B27: Other Non Operating Income | C27: 2.244 | D27: -1.226 | E27: 3.47 | F27: -2.8303426 | H27: -0.173 | I27: 0.447 | J27: -0.62 | K27: -1.3870246
B28: Other gains (losses) | C28: 0.281 | D28: 0.922 | E28: -0.641 | F28: -0.69522777 | H28: 0.148 | I28: 0.365 | J28: -0.217 | K28: -0.59452055
B29: Income accounted for using the equity method | C29: 1.963 | D29: -2.148 | E29: 4.111 | F29: -1.9138734 | H29: -0.321 | I29: 0.082 | J29: -0.403 | K29: n.a.
B30: Net Income Before Taxes | C30: 2013.458 | D30: 1375.83 | E30: 637.628 | F30: 0.4634497 | H30: 840.034 | I30: 433.324 | J30: 406.71 | K30: 0.93858175
B31: Income Tax | C31: -689.695 | D31: -445.516 | E31: -244.179 | F31: 0.54808133 | H31: -271.486 | I31: -132.881 | J31: -138.605 | K31: 1.0430761
B32: Net Income from After Taxes | C32: 1323.763 | D32: 930.314 | E32: 393.449 | F32: 0.42292065 | H32: 568.548 | I32: 300.443 | J32: 268.105 | K32: 0.89236561
B33: Net Income from discontinued operations | C33: 0 | D33: 0 | E33: 0 | F33: 0 | H33: 0 | I33: 0 | J33: 0 | K33: 0
B34: Net Income | C34: 1323.763 | D34: 930.314 | E34: 393.449 | F34: 0.42292065 | H34: 568.548 | I34: 300.443 | J34: 268.405 | K34: 0.89236561
B35: Net Income attributable to owners of Enel Américas | C35: 902.077 | D35: 641.421 | E35: 260.656 | F35: 0.40637273 | H35: 390.086 | I35: 209.26 | J35: 181.126 | K35: 0.86412119
B36: Net income attributable to non-controlling interest | C36: 421.686 | D36: 288.893 | E36: 132.793 | F36: 0.45966154 | H36: 178.462 | I36: 91.183 | J36: 87.279 | K36: 0.957185
B38: Earning per share US$ (**) - Continuing operations | C38: 0.0087927161 | D38: 0.0059789491 | E38: 0.002813767 | F38: 0.47061229 | H38: 0.003821384 | I38: 0.0019505986 | J38: 0.0018707854 | K38: 0.95908272
B39: Earning per share US$ (**) - Discontinued operations | C39: 0 | D39: 0 | E39: 0 | F39: n.a. | H39: 0 | I39: 0 | J39: 0 | K39: n.a.
B40: Earning per share US$ (**) | C40: 0.0087927161 | D40: 0.0059789491 | E40: 0.002813767 | F40: 0.47061229 | H40: 0.003821384 | I40: 0.0019505986 | J40: 0.0018707854 | K40: 0.95908272
B42: (*) As of September 30, 2026 and 2025, the average number of ordinary shares outstanding amounted to 102,593,668,822 and 107,279,889,530, respectively.
B50: EBITDA (*)

Sheet EBITDA by business CO
B3: EBITDA BY BUSINESS SEGMENT / COUNTRY CONTINUING OPERATIONS (in millions of US$) | C3: Accumulated figures | H3: Quarterly figures
C4: September 2026 | D4: September 2025 | E4: Change | F4: % | H4: ='Reported EBITDA'!$F$5 -> Q3 2026 | I4: ='Reported EBITDA'!$G$5 -> Q3 2025 | J4: Change | K4: %
B6: Generation and Transmission:
B7: Argentina | C7: 3.53 | D7: 36.707 | E7: -33.177 | F7: -0.90383306 | H7: 0.948 | I7: 9.316 | J7: -8.368 | K7: -0.89823959
B8: Brazil | C8: 1164.083 | D8: 965.764 | E8: 198.319 | F8: 0.20534934 | H8: 321.655 | I8: 358.144 | J8: -36.489 | K8: -0.1018836
B9: Colombia | C9: 1786.975 | D9: 1222.583 | E9: 564.392 | F9: 0.46163901 | H9: 808.719 | I9: 428.608 | J9: 380.111 | K9: 0.88684999
B10: Central America | C10: 244.153 | D10: 253.054 | E10: -8.901 | F10: -0.035174311 | H10: 85.07 | I10: 88.46 | J10: -3.39 | K10: -0.038322406
B11: Revenues Generation and Transmission Segment | C11: 3198.741 | D11: 2478.108 | E11: 720.633 | F11: 0.29079967 | H11: 1216.392 | I11: 884.528 | J11: 331.864 | K11: 0.37518767
B13: Distribution:
B14: Argentina | C14: 1403.94 | D14: 1133.674 | E14: 270.266 | F14: 0.23839834 | H14: 534.99 | I14: 275.084 | J14: 259.906 | K14: 0.94482413
B15: Brazil | C15: 6309.836 | D15: 5314.861 | E15: 994.975 | F15: 0.18720621 | H15: 2140.314 | I15: 1978.373 | J15: 161.941 | K15: 0.081855646
B16: Colombia | C16: 2040.607 | D16: 1628.796 | E16: 411.811 | F16: 0.25283154 | H16: 781.349 | I16: 558.228 | J16: 223.121 | K16: 0.39969511
B17: Revenues Distribution Segment | C17: 9754.383 | D17: 8077.331 | E17: 1677.052 | F17: 0.20762452 | H17: 3456.653 | I17: 2811.685 | J17: 644.968 | K17: 0.22938843
B19: Consolidation adjustments and other activities | C19: -186.804 | D19: -112.809 | E19: -73.995 | F19: -0.65593171 | H19: -59.083 | I19: -41.813 | J19: -17.27 | K19: 0.41302944
B21: Total consolidated Revenues Enel Américas | C21: 12766.32 | D21: 10442.63 | E21: 2323.69 | F21: 0.22251961 | H21: 4613.962 | I21: 3654.4 | J21: 959.562 | K21: 0.26257717
B23: Generation and Transmission:
B24: Argentina | C24: -0.243 | D24: -3.133 | E24: 2.89 | F24: 0.92243856 | H24: 0.003 | I24: -0.534 | J24: 0.537 | K24: -1.005618
B25: Brazil | C25: -633.129 | D25: -450.313 | E25: -182.816 | F25: -0.4059754 | H25: -145.181 | I25: -168.085 | J25: 22.904 | K25: -0.13626439
B26: Colombia | C26: -604.432 | D26: -506.722 | E26: -97.71 | F26: -0.19282763 | H26: -244.747 | I26: -172.799 | J26: -71.948 | K26: 0.41636815
B27: Central America | C27: -75.534 | D27: -72.654 | E27: -2.88 | F27: -0.039639937 | H27: -38.989 | I27: -23.647 | J27: -15.342 | K27: 0.64879266
B28: Procurement and Services Generation and Transmission Segment | C28: -1313.338 | D28: -1032.822 | E28: -280.516 | F28: -0.2716015 | H28: -428.914 | I28: -365.065 | J28: -63.849 | K28: 0.17489762
B30: Distribution:
B31: Argentina | C31: -963.237 | D31: -731.51 | E31: -231.727 | F31: -0.31677899 | H31: -388.714 | I31: -221.864 | J31: -166.85 | K31: 0.75203728
B32: Brazil | C32: -4267.351 | D32: -3607.001 | E32: -660.35 | F32: -0.18307453 | H32: -1506.873 | I32: -1391.568 | J32: -115.305 | K32: 0.082859767
B33: Colombia | C33: -1174.078 | D33: -893.585 | E33: -280.493 | F33: -0.31389627 | H33: -477.798 | I33: -301.647 | J33: -176.151 | K33: 0.58396404
B34: Procurement and Services Distribution Segment | C34: -6404.666 | D34: -5232.096 | E34: -1172.57 | F34: -0.22411095 | H34: -2373.385 | I34: -1915.079 | J34: -458.306 | K34: 0.23931441
B36: Consolidation adjustments and other activities | C36: 223.977 | D36: 164.259 | E36: 59.718 | F36: 0.36355999 | H36: 78.455 | I36: 56.246 | J36: 22.209 | K36: 0.39485475
B38: Total consolidated Procurement and Services Enel Américas | C38: -7494.027 | D38: -6100.659 | E38: -1393.368 | F38: -0.22839631 | H38: -2723.844 | I38: -2223.898 | J38: -499.946 | K38: 0.22480617
B41: EBITDA BY BUSINESS SEGMENT / COUNTRY CONTINUING OPERATIONS (in millions of US$) | C41: Accumulated figures | H41: Quarterly figures
C42: September 2026 | D42: September 2025 | E42: Change | F42: % | H42: ='Reported EBITDA'!$F$5 -> Q3 2026 | I42: ='Reported EBITDA'!$G$5 -> Q3 2025 | J42: Change | K42: %
B44: Generation and Transmission:
B45: Argentina | C45: -1.782 | D45: -0.935 | E45: -0.847 | F45: 0.90588235 | H45: -0.12 | I45: 1.655 | J45: -1.775 | K45: -1.0725076
B46: Brazil | C46: -13.731 | D46: -14.429 | E46: 0.698 | F46: -0.048374801 | H46: -4.698 | I46: -5.443 | J46: 0.745 | K46: -0.13687305
B47: Colombia | C47: -49.107 | D47: -36.381 | E47: -12.726 | F47: 0.34979797 | H47: -16.992 | I47: -12.269 | J47: -4.723 | K47: 0.38495395
B48: Central America | C48: -8.892 | D48: -9.835 | E48: 0.943 | F48: -0.095882054 | H48: -2.709 | I48: -3.607 | J48: 0.898 | K48: -0.24896035
B49: Staff Expenses Generation and Transmission Segment | C49: -73.512 | D49: -61.58 | E49: -11.932 | F49: 0.19376421 | H49: -24.519 | I49: -19.664 | J49: -4.855 | K49: 0.24689788
B51: Distribution:
B52: Argentina | C52: -128.59 | D52: -120.752 | E52: -7.838 | F52: 0.064909898 | H52: -43.67 | I52: -32.427 | J52: -11.243 | K52: 0.34671724
B53: Brazil | C53: -192.897 | D53: -170.752 | E53: -22.145 | F53: 0.12969101 | H53: -60.376 | I53: -59.024 | J53: -1.352 | K53: 0.022905937
B54: Colombia | C54: -33.168 | D54: -28.924 | E54: -4.244 | F54: 0.14672936 | H54: -12.691 | I54: -8.782 | J54: -3.909 | K54: 0.44511501
B55: Staff Expenses Distribution Segment | C55: -354.655 | D55: -320.428 | E55: -34.227 | F55: 0.10681651 | H55: -116.737 | I55: -100.233 | J55: -16.504 | K55: 0.16465635
B57: Consolidation adjustments and other activities | C57: -32.876 | D57: -33.385 | E57: 0.509 | F57: -0.015246368 | H57: -11.009 | I57: -9.319 | J57: -1.69 | K57: 0.18134993
B59: Total consolidated Staff Expenses Enel Américas | C59: -461.043 | D59: -415.393 | E59: -45.65 | F59: 0.10989593 | H59: -152.265 | I59: -129.216 | J59: -23.049 | K59: 0.17837574
B61: Generation and Transmission:
B62: Argentina | C62: -1.506 | D62: -5.446 | E62: 3.94 | F62: -0.72346676 | H62: -0.386 | I62: -1.219 | J62: 0.833 | K62: -0.68334701
B63: Brazil | C63: -96.032 | D63: -79.472 | E63: -16.56 | F63: 0.20837528 | H63: -27.426 | I63: -26.92 | J63: -0.506 | K63: 0.018796434
B64: Colombia | C64: -54.308 | D64: -40.312 | E64: -13.996 | F64: 0.3471919 | H64: -19.571 | I64: -16.509 | J64: -3.062 | K64: 0.18547459
B65: Central America | C65: -16.705 | D65: -16.13 | E65: -0.575 | F65: 0.035647861 | H65: -5.382 | I65: -6.738 | J65: 1.356 | K65: -0.20124666
B66: Other Expenses by Nature Generation and Transmission Segment | C66: -168.551 | D66: -141.36 | E66: -27.191 | F66: 0.19235286 | H66: -52.765 | I66: -51.386 | J66: -1.379 | K66: 0.026836103
B68: Distribution:
B69: Argentina | C69: -151.251 | D69: -136.257 | E69: -14.994 | F69: 0.11004205 | H69: -54.632 | I69: -27.197 | J69: -27.435 | K69: 1.008751
B70: Brazil | C70: -465.54 | D70: -358.58 | E70: -106.96 | F70: 0.29828769 | H70: -150.204 | I70: -130.26 | J70: -19.944 | K70: 0.15310917
B71: Colombia | C71: -127.183 | D71: -121.377 | E71: -5.806 | F71: 0.047834433 | H71: -46.436 | I71: -36.996 | J71: -9.44 | K71: 0.25516272
B72: Other Expenses by Nature Distribution Segment | C72: -743.974 | D72: -616.214 | E72: -127.76 | F72: 0.20733057 | H72: -251.272 | I72: -194.453 | J72: -56.819 | K72: 0.29219914
B74: Consolidation adjustments and other activities | C74: -53.367 | D74: -63.152 | E74: 9.785 | F74: -0.15494363 | H74: -16.387 | I74: -26.207 | J74: 9.82 | K74: -0.37470905
B76: Total consolidated Other Expenses by Nature Enel Américas | C76: -965.892 | D76: -820.726 | E76: -145.166 | F76: 0.17687511 | H76: -320.424 | I76: -272.046 | J76: -48.378 | K76: 0.17783022
B78: EBITDA
B80: Generation and Transmission Segment
B81: Argentina | C81: -0.001 | D81: 27.193 | E81: -27.194 | F81: -1.0000368 | H81: 0.445 | I81: 9.218 | J81: -8.773 | K81: -0.95172489
B82: Brazil | C82: 421.191 | D82: 421.55 | E82: -0.359 | F82: -0.00085161903 | H82: 144.35 | I82: 157.696 | J82: -13.346 | K82: -0.084631189
B83: Colombia | C83: 1079.128 | D83: 639.168 | E83: 439.96 | F83: 0.68833233 | H83: 527.409 | I83: 227.031 | J83: 300.378 | K83: 1.3230704
B84: Central America | C84: 143.022 | D84: 154.435 | E84: -11.413 | F84: -0.073901641 | H84: 37.99 | I84: 54.468 | J84: -16.478 | K84: -0.30252625
B85: EBITDA Generation and Transmission Segment | C85: 1643.34 | D85: 1242.346 | E85: 400.994 | F85: 0.3227716 | H85: 710.194 | I85: 448.413 | J85: 261.781 | K85: 0.5837944
B87: Distribution Segment
B88: Argentina | C88: 160.862 | D88: 145.155 | E88: 15.707 | F88: 0.10820847 | H88: 47.974 | I88: -6.404 | J88: 54.378 | K88: n.a.
B89: Brazil | C89: 1384.048 | D89: 1178.528 | E89: 205.52 | F89: 0.17438703 | H89: 422.861 | I89: 397.521 | J89: 25.34 | K89: 0.06374506
B90: Colombia | C90: 706.178 | D90: 584.91 | E90: 121.268 | F90: 0.20732762 | H90: 244.424 | I90: 210.803 | J90: 33.621 | K90: 0.15949014
B91: EBITDA Distribution Segment | C91: 2251.088 | D91: 1908.593 | E91: 342.495 | F91: 0.17944894 | H91: 715.259 | I91: 601.92 | J91: 113.339 | K91: 0.18829579
B93: Consolidation adjustments and other activities | C93: -49.07 | D93: -45.087 | E93: -3.983 | F93: 0.08834032 | H93: -8.024 | I93: -21.093 | J93: 13.069 | K93: -0.61958944
B95: Total consolidated EBITDA Enel Américas | C95: 3845.358 | D95: 3105.852 | E95: 739.506 | F95: 0.23810085 | H95: 1417.429 | I95: 1029.24 | J95: 388.189 | K95: 0.37716082

Sheet EBITDA Generation Business 
B2: ARGENTINA | C2: EBITDA (in millions of US$)
C3: Accumulated figures | G3: Quarterly figures
C4: September 2026 | D4: September 2025 | E4: Change | F4: % | G4: ='Reported EBITDA'!$F$5 -> Q3 2026 | H4: ='Reported EBITDA'!$G$5 -> Q3 2025 | I4: Change | J4: %
B6: Operating revenues | C6: 3.53 | D6: 36.707 | E6: -33.177 | F6: -0.90383306 | G6: 0.948 | H6: 9.316 | I6: -8.368 | J6: -0.89823959
B7: Operating costs | C7: -0.243 | D7: -3.133 | E7: 2.89 | F7: -0.92243856 | G7: 0.003 | H7: -0.534 | I7: 0.537 | J7: -1.005618
B8: Staff expenses | C8: -1.782 | D8: -0.935 | E8: -0.847 | F8: 0.90588235 | G8: -0.12 | H8: 1.655 | I8: -1.775 | J8: -1.0725076
B9: Other expenses by nature | C9: -1.506 | D9: -5.446 | E9: 3.94 | F9: -0.72346676 | G9: -0.386 | H9: -1.219 | I9: 0.833 | J9: -0.68334701
B10: Quarter conversion adjustment
B12: EBITDA Generation Segment | C12: -0.001 | D12: 27.193 | E12: -27.194 | F12: -1.0000368 | G12: 0.445 | H12: 9.218 | I12: -8.773 | J12: -0.95172489
B15: BRAZIL | C15: EBITDA (in millions of US$)
C16: Accumulated figures | G16: Quarterly figures
C17: September 2026 | D17: September 2025 | E17: Change | F17: % | G17: ='Reported EBITDA'!$F$5 -> Q3 2026 | H17: ='Reported EBITDA'!$G$5 -> Q3 2025 | I17: Change | J17: %
B19: Operating revenues | C19: 1164.083 | D19: 965.764 | E19: 198.319 | F19: 0.20534934 | G19: 321.655 | H19: 358.144 | I19: -36.489 | J19: -0.1018836
B20: Operating costs | C20: -633.129 | D20: -450.313 | E20: -182.816 | F20: -0.4059754 | G20: -145.181 | H20: -168.085 | I20: 22.904 | J20: 0.13626439
B21: Staff expenses | C21: -13.731 | D21: -14.429 | E21: 0.698 | F21: 0.048374801 | G21: -4.698 | H21: -5.443 | I21: 0.745 | J21: 0.13687305
B22: Other expenses by nature | C22: -96.032 | D22: -79.472 | E22: -16.56 | F22: -0.20837528 | G22: -27.426 | H22: -26.92 | I22: -0.506 | J22: -0.018796434
B24: EBITDA Generation Segment | C24: 421.191 | D24: 421.55 | E24: -0.359 | F24: -0.00085161903 | G24: 144.35 | H24: 157.696 | I24: -13.346 | J24: -0.084631189
B27: COLOMBIA | C27: EBITDA (in millions of US$)
C28: Accumulated figures | G28: Quarterly figures
C29: September 2026 | D29: September 2025 | E29: Change | F29: % | G29: ='Reported EBITDA'!$F$5 -> Q3 2026 | H29: ='Reported EBITDA'!$G$5 -> Q3 2025 | I29: Change | J29: %
B31: Operating revenues | C31: 1786.975 | D31: 1222.583 | E31: 564.392 | F31: 0.46163901 | G31: 808.719 | H31: 428.608 | I31: 380.111 | J31: 0.88684999
B32: Operating costs | C32: -604.432 | D32: -506.722 | E32: -97.71 | F32: -0.19282763 | G32: -244.747 | H32: -172.799 | I32: -71.948 | J32: -0.41636815
B33: Staff expenses | C33: -49.107 | D33: -36.381 | E33: -12.726 | F33: -0.34979797 | G33: -16.992 | H33: -12.269 | I33: -4.723 | J33: -0.38495395
B34: Other expenses by nature | C34: -54.308 | D34: -40.312 | E34: -13.996 | F34: -0.3471919 | G34: -19.571 | H34: -16.509 | I34: -3.062 | J34: -0.18547459
B36: EBITDA Generation Segment | C36: 1079.128 | D36: 639.168 | E36: 439.96 | F36: 0.68833233 | G36: 527.409 | H36: 227.031 | I36: 300.378 | J36: 1.3230704
B39: CENTRAL AMERICA | C39: EBITDA (in millions of US$)
C40: Accumulated figures | G40: Quarterly figures
C41: September 2026 | D41: September 2025 | E41: Change | F41: % | G41: ='Reported EBITDA'!$F$5 -> Q3 2026 | H41: ='Reported EBITDA'!$G$5 -> Q3 2025 | I41: Change | J41: %
B43: Operating revenues | C43: 244.153 | D43: 253.054 | E43: -8.901 | F43: -0.035174311 | G43: 85.07 | H43: 88.46 | I43: -3.39 | J43: -0.038322406
B44: Operating costs | C44: -75.534 | D44: -72.654 | E44: -2.88 | F44: -0.039639937 | G44: -38.989 | H44: -23.647 | I44: -15.342 | J44: -0.64879266
B45: Staff expenses | C45: -8.892 | D45: -9.835 | E45: 0.943 | F45: 0.095882054 | G45: -2.709 | H45: -3.607 | I45: 0.898 | J45: 0.24896035
B46: Other expenses by nature | C46: -16.705 | D46: -16.13 | E46: -0.575 | F46: -0.035647861 | G46: -5.382 | H46: -6.738 | I46: 1.356 | J46: 0.20124666
B48: EBITDA Generation Segment | C48: 143.022 | D48: 154.435 | E48: -11.413 | F48: -0.073901641 | G48: 37.99 | H48: 54.468 | I48: -16.478 | J48: -0.30252625

Sheet EBITDA Distribution Business
B2: ARGENTINA | C2: EBITDA (in millions of US$) | L2: ARGENTINA
C3: Accumulated figures | G3: Quarterly figures | L3: Subsidiaries | M3: Energy Losses (%) | Q3: Grid customers (in millions)
C4: September 2026 | D4: September 2025 | E4: Change | F4: % | G4: ='Reported EBITDA'!$F$5 -> Q3 2026 | H4: ='Reported EBITDA'!$G$5 -> Q3 2025 | I4: Change | J4: % | M4: September 2026 | N4: September 2025 | O4: Percentage points change | Q4: ='Reported EBITDA'!$F$5 -> Q3 2026 | R4: ='Reported EBITDA'!$G$5 -> Q3 2025 | S4: %
B6: Operating revenues | C6: 1403.94 | D6: 1133.674 | E6: 270.266 | F6: 0.23839834 | G6: 534.99 | H6: 275.084 | I6: 259.906 | J6: 0.94482413 | L6: Edesur | M6: 0.194069 | N6: 0.1747 | O6: 1.9369 | Q6: 2.751987 | R6: 2.755593 | S6: -0.0013086112
B7: Operating costs | C7: -963.237 | D7: -731.51 | E7: -231.727 | F7: 0.31677899 | G7: -388.714 | H7: -221.864 | I7: -166.85 | J7: 0.75203728
B8: Staff expenses | C8: -128.59 | D8: -120.752 | E8: -7.838 | F8: 0.064909898 | G8: -43.67 | H8: -32.427 | I8: -11.243 | J8: 0.34671724 | L8: Total Distribution Segment | M8: 0.194069 | N8: 0.1747 | O8: 1.9369 | Q8: 2.751987 | R8: 2.755593 | S8: -0.0013086112
B9: Other expenses by nature | C9: -151.251 | D9: -136.257 | E9: -14.994 | F9: 0.11004205 | G9: -54.632 | H9: -27.197 | I9: -27.435 | J9: 1.008751
B10: Quarter conversion adjustment
B12: EBITDA Distribution Segment | C12: 160.862 | D12: 145.155 | E12: 15.707 | F12: 0.10820847 | G12: 47.974 | H12: -6.404 | I12: 54.378 | J12: n.a.
B16: BRAZIL | C16: EBITDA (in millions of US$) | L16: BRAZIL
C17: Accumulated figures | G17: Quarterly figures | L17: Subsidiaries | M17: Energy Losses (%) | Q17: Grid customers (in millions)
C18: September 2026 | D18: September 2025 | E18: Change | F18: % | G18: ='Reported EBITDA'!$F$5 -> Q3 2026 | H18: ='Reported EBITDA'!$G$5 -> Q3 2025 | I18: Change | J18: % | M18: September 2026 | N18: September 2025 | O18: Percentage points change | Q18: ='Reported EBITDA'!$F$5 -> Q3 2026 | R18: ='Reported EBITDA'!$G$5 -> Q3 2025 | S18: %
B20: Operating revenues | C20: 6309.836 | D20: 5314.861 | E20: 994.975 | F20: 0.18720621 | G20: 2140.314 | H20: 1978.373 | I20: 161.941 | J20: 0.081855646 | L20: Enel Distribución Río | M20: 0.20780825 | N20: 0.20675618 | O20: 0.10520654 | Q20: 3.160162 | R20: 3.147069 | S20: 0.0041603791
B21: Operating costs | C21: -4267.351 | D21: -3607.001 | E21: -660.35 | F21: 0.18307453 | G21: -1506.873 | H21: -1391.568 | I21: -115.305 | J21: 0.082859767 | L21: Enel Distribución Ceará | M21: 0.174707 | N21: 0.17897656 | O21: -0.42695527 | Q21: 4.404627 | R21: 4.317884 | S21: 0.020089238
B22: Staff expenses | C22: -192.897 | D22: -170.752 | E22: -22.145 | F22: 0.12969101 | G22: -60.376 | H22: -59.024 | I22: -1.352 | J22: 0.022905937 | L22: Enel Distribución Sao Paulo | M22: 0.11243482 | N22: 0.1080567 | O22: 0.43781232 | Q22: 8.800608 | R22: 8.646945 | S22: 0.017770785
B23: Other expenses by nature | C23: -465.54 | D23: -358.58 | E23: -106.96 | F23: 0.29828769 | G23: -150.204 | H23: -130.26 | I23: -19.944 | J23: 0.15310917
B25: EBITDA Distribution Segment | C25: 1384.048 | D25: 1178.528 | E25: 205.52 | F25: 0.17438703 | G25: 422.861 | H25: 397.521 | I25: 25.34 | J25: 0.06374506 | L25: Total Distribution Segment | M25: 0.14061051 | N25: 0.13845214 | O25: 0.21583717 | Q25: 16.365397 | R25: 16.111898 | S25: 0.015733652
B28: COLOMBIA | C28: EBITDA (in millions of US$) | L28: COLOMBIA
C29: Accumulated figures | L29: Subsidiaries | M29: Energy Losses (%) | Q29: Grid customers (in millions)
C30: September 2026 | D30: September 2025 | E30: Change | F30: % | G30: ='Reported EBITDA'!$F$5 -> Q3 2026 | H30: ='Reported EBITDA'!$G$5 -> Q3 2025 | I30: Change | J30: % | M30: September 2026 | N30: September 2025 | O30: Percentage points change | Q30: ='Reported EBITDA'!$F$5 -> Q3 2026 | R30: ='Reported EBITDA'!$G$5 -> Q3 2025 | S30: %
B32: Operating revenues | C32: 2040.607 | D32: 1628.796 | E32: 411.811 | F32: 0.25283154 | G32: 781.349 | H32: 558.228 | I32: 223.121 | J32: 0.39969511 | L32: Distribution segment - Colombia | M32: 0.0762 | N32: 0.075340862 | O32: 0.0859138 | Q32: 4.129353 | R32: 4.030461 | S32: 0.024536151
B33: Operating costs | C33: -1174.078 | D33: -893.585 | E33: -280.493 | F33: 0.31389627 | G33: -477.798 | H33: -301.647 | I33: -176.151 | J33: 0.58396404
B34: Staff expenses | C34: -33.168 | D34: -28.924 | E34: -4.244 | F34: 0.14672936 | G34: -12.691 | H34: -8.782 | I34: -3.909 | J34: 0.44511501 | L34: Total Distribution Segment | M34: 0.0762 | N34: 0.075340862 | O34: 0.0859138 | Q34: 4.129353 | R34: 4.030461 | S34: 0.024536151
B35: Other expenses by nature | C35: -127.183 | D35: -121.377 | E35: -5.806 | F35: 0.047834433 | G35: -46.436 | H35: -36.996 | I35: -9.44 | J35: 0.25516272
B37: EBITDA Distribution Segment | C37: 706.178 | D37: 584.91 | E37: 121.268 | F37: 0.20732762 | G37: 244.424 | H37: 210.803 | I37: 33.621 | J37: 0.15949014

Sheet EBITDA and others by country
B3: BUSINESS SEGMENT CONTINUING OPERATIONS (in millions of US$) | C3: Accumulated figures
C4: EBITDA | D4: Depreciation, amortization and impairment | E4: EBIT | F4: EBITDA | G4: Depreciation, amortization and impairment | H4: EBIT
C5: September 2026 | F5: September 2025
B7: Generation and Transmission:
B8: Argentina | C8: -0.001 | D8: -0.095 | E8: -0.096 | F8: 27.193 | G8: -0.491 | H8: 26.702
B9: Brazil | C9: 421.191 | D9: -165.333 | E9: 255.858 | F9: 421.55 | G9: -150.622 | H9: 270.928
B10: Colombia | C10: 1079.128 | D10: -112.621 | E10: 966.507 | F10: 639.168 | G10: -62.819 | H10: 576.349
B11: Central America | C11: 143.022 | D11: -43.017 | E11: 100.005 | F11: 154.435 | G11: -38.227 | H11: 116.208
B12: Total Generation and Transmission | C12: 1643.34 | D12: -321.066 | E12: 1322.274 | F12: 1242.346 | G12: -252.159 | H12: 990.187
B14: Distribution:
B15: Argentina | C15: 160.862 | D15: -203.4 | E15: -42.538 | F15: 145.155 | G15: -160.36 | H15: -15.205
B16: Brazil | C16: 1384.048 | D16: -457.1 | E16: 926.948 | F16: 1178.528 | G16: -597.499 | H16: 581.029
B17: Colombia | C17: 706.178 | D17: -144.872 | E17: 561.306 | F17: 584.91 | G17: -115.734 | H17: 469.176
B18: Total Distribution | C18: 2251.088 | D18: -805.372 | E18: 1445.716 | F18: 1908.593 | G18: -873.593 | H18: 1035
B20: Less: consolidation adjustments and other business activities | C20: -49.07 | D20: -8.093 | E20: -57.163 | F20: -45.087 | G20: -29.412 | H20: -74.499
B22: Total Consolidated Enel Américas | C22: 3845.358 | D22: -1134.531 | E22: 2710.827 | F22: 3105.852 | G22: -1155.164 | H22: 1950.688
B25: BUSINESS SEGMENT CONTINUING OPERATIONS (in millions of US$) | C25: Quarterly figures
C26: EBITDA | D26: Depreciation, amortization and impairment | E26: EBIT | F26: EBITDA | G26: Depreciation, amortization and impairment | H26: EBIT
C27: ='Reported EBITDA'!$F$5 -> Q3 2026 | F27: ='Reported EBITDA'!$G$5 -> Q3 2025
B29: Generation and Transmission:
B30: Argentina | C30: 0.445 | D30: -0.061 | E30: 0.384 | F30: 9.218 | G30: -0.23 | H30: 8.988
B31: Brazil | C31: 144.35 | D31: -53.483 | E31: 90.867 | F31: 157.696 | G31: -48.107 | H31: 109.589
B32: Colombia | C32: 527.409 | D32: -50.093 | E32: 477.316 | F32: 227.031 | G32: -22.789 | H32: 204.242
B33: Central America | C33: 37.99 | D33: -14.216 | E33: 23.774 | F33: 54.468 | G33: -12.976 | H33: 41.492
B34: Total Generation and Transmission | C34: 710.194 | D34: -117.853 | E34: 592.341 | F34: 448.413 | G34: -84.102 | H34: 364.311
B36: Distribution:
B37: Argentina | C37: 47.974 | D37: -72.787 | E37: -24.813 | F37: -6.404 | G37: -46.372 | H37: -52.776
B38: Brazil | C38: 422.861 | D38: -69.369 | E38: 353.492 | F38: 397.521 | G38: -207.127 | H38: 190.394
B39: Colombia | C39: 244.424 | D39: -52.967 | E39: 191.457 | F39: 210.803 | G39: -41.518 | H39: 169.285
B40: Total Distribution | C40: 715.259 | D40: -195.123 | E40: 520.136 | F40: 601.92 | G40: -295.017 | H40: 306.903
B42: Less: consolidation adjustments and other business activities | C42: -8.024 | D42: -17.564 | E42: -25.588 | F42: -21.093 | G42: -10.597 | H42: -31.69
B44: Total Consolidated Enel Américas | C44: 1417.429 | D44: -330.54 | E44: 1086.889 | F44: 1029.24 | G44: -389.716 | H44: 639.524

Sheet Non operating CO
B3: NON OPERATING INCOME (in millions of US$) | C3: Accumulated figures | H3: Quarterly figures
C4: September 2026 | D4: September 2025 | E4: Change | F4: % | H4: ='Reported EBITDA'!$F$5 -> Q3 2026 | I4: ='Reported EBITDA'!$G$5 -> Q3 2025 | J4: Change | K4: %
B6: Financial Income:
B7: Argentina | C7: 17.106 | D7: 15.217 | E7: 1.889 | F7: 0.12413748 | H7: 5.486 | I7: 7.649 | J7: -2.163 | K7: -0.28278206
B8: Brazil | C8: 290.441 | D8: 194.832 | E8: 95.609 | F8: 0.49072534 | H8: 90.637 | I8: 63.461 | J8: 27.176 | K8: 0.42823151
B9: Colombia | C9: 29.842 | D9: 19.98 | E9: 9.862 | F9: 0.49359359 | H9: 11.338 | I9: 6.277 | J9: 5.061 | K9: 0.80627688
B10: Peru | C10: 0 | D10: 0 | E10: 0 | F10: 0 | H10: 0 | I10: 0 | J10: 0 | K10: 0
B11: Central America | C11: 4.331 | D11: 3.357 | E11: 0.974 | F11: 0.29014001 | H11: 1.518 | I11: 1.032 | J11: 0.486 | K11: 0.47093023
B12: Consolidation adjustments and other business activities | C12: 20.279 | D12: 46.313 | E12: -26.034 | F12: -0.56213158 | H12: 5.343 | I12: 10.83 | J12: -5.487 | K12: -0.5066482
B13: Total Financial Income | C13: 361.999 | D13: 279.699 | E13: 82.3 | F13: 0.29424488 | H13: 114.322 | I13: 89.249 | J13: 25.073 | K13: 0.28093312
B15: Financial Expenses:
B16: Argentina | C16: -160.173 | D16: -136.762 | E16: -23.411 | F16: 0.17118059 | H16: -54.952 | I16: -54.161 | J16: -0.791 | K16: 0.014604605
B17: Brazil | C17: -737.169 | D17: -534.829 | E17: -202.34 | F17: 0.37832653 | H17: -218.299 | I17: -187.041 | J17: -31.258 | K17: 0.16711844
B18: Colombia | C18: -281.739 | D18: -253.871 | E18: -27.868 | F18: 0.10977229 | H18: -108.316 | I18: -77.424 | J18: -30.892 | K18: 0.39899773
B19: Peru | C19: 0 | D19: 0 | E19: 0 | F19: 0 | H19: 0 | I19: 0 | J19: 0 | K19: 0
B20: Central America | C20: -6.138 | D20: -8.856 | E20: 2.718 | F20: -0.30691057 | H20: -1.939 | I20: -2.68 | J20: 0.741 | K20: -0.27649254
B21: Consolidation adjustments and other activities | C21: -26.002 | D21: -28.208 | E21: 2.206 | F21: -0.078204765 | H21: -8.614 | I21: -9.472 | J21: 0.858 | K21: -0.09058277
B22: Total Financial Expenses | C22: -1211.221 | D22: -962.526 | E22: -248.695 | F22: 0.25837744 | H22: -392.12 | I22: -330.778 | J22: -61.342 | K22: 0.18544764
B24: Foreign currency exchange differences, net:
B25: Argentina | C25: 2.603 | D25: 4.023 | E25: -1.42 | F25: -0.35297042 | H25: 0.562 | I25: 4.45 | J25: -3.888 | K25: -0.87370787
B26: Brazil | C26: -17.385 | D26: -12.819 | E26: -4.566 | F26: 0.35619003 | H26: -13.369 | I26: 1.87 | J26: -15.239 | K26: n.a.
B27: Colombia | C27: -2.655 | D27: 5.529 | E27: -8.184 | F27: -1.4801953 | H27: -1.749 | I27: 0.211 | J27: -1.96 | K27: n.a.
B28: Peru | C28: 0 | D28: 0 | E28: 0 | F28: 0 | H28: 0 | I28: 0 | J28: 0 | K28: 0
B29: Central America | C29: 3.172 | D29: -0.615 | E29: 3.787 | F29: n.a. | H29: 0.045 | I29: 0.359 | J29: -0.314 | K29: -0.87465181
B30: Consolidation adjustments and other business activities | C30: -25.987 | D30: -14.044 | E30: -11.943 | F30: 0.85039875 | H30: -7.535 | I30: -1.029 | J30: -6.506 | K30: n.a.
B31: Total Foreign currency exchange differences, net | C31: -40.252 | D31: -17.926 | E31: -22.326 | F31: 1.2454535 | H31: -22.046 | I31: 5.861 | J31: -27.907 | K31: n.a.
B33: Total results by adjustment units (hyperinflation - Argentina) | C33: 189.861 | D33: 127.121 | E33: 62.74 | F33: 0.49354552 | H33: 53.162 | I33: 29.021 | J33: 24.141 | K33: 0.8318459
B35: Net Financial Income Enel Américas | C35: -699.613 | D35: -573.632 | E35: -125.981 | F35: 0.2196199 | H35: -246.682 | I35: -206.647 | J35: -40.035 | K35: 0.19373618
B37: Other gains (losses):
B38: Argentina | C38: 0.136 | D38: 0.146 | E38: -0.01 | F38: 0 | H38: 0.014 | I38: 0.146 | J38: -0.132 | K38: 0
B39: Brazil | C39: 0.002 | D39: 0 | E39: 0.002 | F39: #DIV/0! | H39: 0.002 | I39: -0.018 | J39: 0.02 | K39: -1.1111111
B40: Colombia | C40: 0.003 | D40: 0.775 | E40: -0.772 | F40: -0.99612903 | H40: 0.002 | I40: 0.257 | J40: -0.255 | K40: -0.9922179
B41: Central America | C41: 0.14 | D41: 0.001 | E41: 0.139 | F41: n.a. | H41: 0.129 | I41: 0 | J41: 0.129 | K41: n.a.
B42: Consolidation adjustments and other business activities | C42: 0 | D42: 0 | E42: 0 | F42: #DIV/0! | H42: 0.001 | I42: -0.02 | J42: 0.021 | K42: -1.05
B43: Total Other gains (losses) | C43: 0.281 | D43: 0.922 | E43: -0.641 | F43: -0.69522777 | H43: 0.148 | I43: 0.365 | J43: -0.217 | K43: -0.59452055
B45: Results in companies accounted for using the equity method:
B46: Argentina | C46: 2.498 | D46: -1.051 | E46: 3.549 | F46: -3.376784 | H46: -0.043 | I46: 0.004 | J46: -0.047 | K46: n.a.
B47: Brazil | C47: -0.397 | D47: -0.201 | E47: -0.196 | F47: 0.97512438 | H47: -0.368 | I47: 0.004 | J47: -0.372 | K47: n.a.
B48: Colombia | C48: 0.353 | D48: -1.311 | E48: 1.664 | F48: -1.2692601 | H48: 0.048 | I48: 0.016 | J48: 0.032 | K48: 2
B49: Perú | C49: 0 | D49: 0 | E49: 0 | F49: 0 | H49: 0 | I49: 0 | J49: 0 | K49: 0
B50: Consolidation adjustments and other business activities | C50: 0 | D50: 0 | E50: 0 | F50: 0 | H50: 0 | I50: 0 | J50: 0 | K50: 0
B51: Total income of soc. accounted for using the equity method | C51: 2.454 | D51: -2.563 | E51: 5.017 | F51: -1.9574717 | H51: -0.363 | I51: 0.024 | J51: -0.387 | K51: n.a.
B53: Other Non-Operating Income | C53: 2.735 | D53: -1.641 | E53: 4.376 | F53: -2.6666667 | H53: -0.215 | I53: 0.389 | J53: -0.604 | K53: -1.5526992
B55: Net Income Before Taxes | C55: 2013.949 | D55: 1375.415 | E55: 638.534 | F55: 0.46424825 | H55: 839.992 | I55: 433.266 | J55: 406.726 | K55: 0.93874433
B57: Income Tax
B58: Argentina | C58: -2.12 | D58: -10.029 | E58: 7.909 | F58: -0.78861302 | H58: 16.385 | I58: 22.135 | J58: -5.75 | K58: -0.2597696
B59: Brazil | C59: -206.677 | D59: -112.136 | E59: -94.541 | F59: 0.84309232 | H59: -80.382 | I59: -46.558 | J59: -33.824 | K59: 0.72649169
B60: Colombia | C60: -443.509 | D60: -274.413 | E60: -169.096 | F60: 0.61620987 | H60: -198.359 | I60: -98.975 | J60: -99.384 | K60: 1.0041324
B61: Peru | C61: 0 | D61: 0 | E61: 0 | F61: n.a. | H61: 0 | I61: 0 | J61: 0 | K61: n.a.
B62: Central America | C62: -36.343 | D62: -33.603 | E62: -2.74 | F62: 0.081540339 | H62: -9.018 | I62: -10.172 | J62: 1.154 | K62: -0.11344868
B63: Consolidation adjustments and other activities | C63: -1.046 | D63: -15.335 | E63: 14.289 | F63: -0.93179002 | H63: -0.112 | I63: 0.689 | J63: -0.801 | K63: -1.1625544
B64: Total Income Tax | C64: -689.695 | D64: -445.516 | E64: -244.179 | F64: 0.54808133 | H64: -271.486 | I64: -132.881 | J64: -138.605 | K64: 1.0430761
B66: Net Income after taxes | C66: 1324.254 | D66: 929.899 | E66: 394.355 | F66: 0.42408369 | H66: 568.506 | I66: 300.385 | J66: 268.121 | K66: 0.89259117
B67: Net Income of discontinued operations | C67: 0 | D67: 0 | E67: 0 | F67: 0 | H67: 0 | I67: 0 | J67: 0 | K67: 0
B68: Net income for the period | C68: 1324.254 | D68: 929.899 | E68: 394.355 | F68: 0.42408369 | H68: 568.506 | I68: 300.385 | J68: 268.121 | K68: 0.89259117
B70: Net Income attributable to owners of parent | C70: 902.077 | D70: 641.421 | E70: 260.656 | F70: 0.40637273 | H70: 390.086 | I70: 209.26 | J70: 180.826 | K70: 0.86412119
B71: Net income attributable to non-controlling interest | C71: 421.686 | D71: 288.893 | E71: 132.793 | F71: 0.45966154 | H71: 178.462 | I71: 91.183 | J71: 87.279 | K71: 0.957185

Sheet Balance sheet
B2: Assets | C2: September 2026 | D2: December 2025 | E2: Change | F2: %
C3: (in millions of US$)
B5: Current Assets | C5: 7153 | D5: 6696 | E5: 457 | F5: 0.068249701
B6: Non current Assets | C6: 31330 | D6: 28175 | E6: 3155 | F6: 0.1119787
B8: Total Assets | C8: 38483 | D8: 34871 | E8: 3612 | F8: 0.10358177
B11: Liabilities and Equity | C11: September 2026 | D11: December 2025 | E11: Change | F11: %
C12: (in millions of US$)
B14: Current Liabilities | C14: 8483 | D14: 7738 | E14: 745 | F14: 0.096278108
B15: Non Current Liabilities | C15: 9530 | D15: 8557 | E15: 973 | F15: 0.11370808
B17: Total Equity | C17: 20470 | D17: 18576 | E17: 1894 | F17: 0.10195952
B18: attributable to owners of parent company | C18: 17603 | D18: 16023 | E18: 1580 | F18: 0.098608251
B19: attributable to non-controlling interest | C19: 2867 | D19: 2553 | E19: 314 | F19: 0.12299256
B21: Total Liabilities and Equity | C21: 38483 | D21: 34871 | E21: 3612 | F21: 0.10358177
B24: Cash Flow | C24: September 2026 | D24: September 2025 | E24: Change | F24: %
C25: (in millions of US$)
B27: From Operating Activities | C27: 2154 | D27: 1235 | E27: 919 | F27: 0.74412955
B28: From Investing Activities | C28: -1868 | D28: -1908 | E28: 40 | F28: -0.020964361
B29: From Financing Activities | C29: -1055 | D29: -1323 | E29: 268 | F29: -0.20256992
B31: Total Net Cash Flow | C31: -769 | D31: -1996 | E31: 1227 | F31: -0.61472946

Sheet Ratios OC
B3: Financial Indicator | D3: Unit | E3: September 2026 | F3: December 2025 | G3: September 2025 | H3: Change | I3: %
B5: Liquidity | C5: Current liquidity (1) | D5: Times | E5: 0.84312925 | F5: 0.86542517 | G5: - | H5: -0.022295925 | I5: -0.025762972
C6: Acid ratio (2) | D6: Times | E6: 0.76466847 | F6: 0.79608555 | G6: - | H6: -0.04 | I6: -0.039464458
C7: Working Capital | D7: MMUSD | E7: -1331 | F7: -1041 | G7: - | H7: -290 | I7: 0.27857829
B8: Leverage | C8: Leverage (3) | D8: Times | E8: 0.87992994 | F8: 0.87713936 | G8: - | H8: 0.0027905781 | I8: 0.0031814535
C9: Short Term Debt (4) | D9: % | E9: 0.47092742 | F9: 0.47482876 | G9: - | H9: (0,4) p.p. | I9: -
C10: Long Term Debt (5) | D10: % | E10: 0.52907258 | F10: 0.52517124 | G10: - | H10: 0,4 p.p. | I10: -
C11: Financial Expenses Coverage (6) | D11: Times | E11: 3.6221878 | F11: - | G11: 3.6396803 | H11: -0.017492497 | I11: -0.0048060533
B12: Profitability | C12: Operating Income/Operating Revenues | D12: % | E12: 0.21234208 | F12: - | G12: 0.18680045 | H12: 2,6 p.p. | I12: -
C13: ROE (annualized) (7) | D13: % | E13: 0.072605334 | F13: - | G13: 0.050668665 | H13: 2,2 p.p. | I13: -
C14: ROA (annualized) (8) | D14: % | E14: 0.047418224 | F14: - | G14: 0.031668115 | H14: 1,6 p.p. | I14: -
B16: (1) It corresponds to the ratio between (i) Current Assets and (ii) Current Liabilities.
B17: (2) It corresponds to the ratio between (i) Current Assets net of Stocks and Anticipated Expenses and (ii) Current Liabilities.
B18: (3) It corresponds to the ratio between (i) Total Liabilities and (ii) Total Equity.
B19: (4) It corresponds to the ratio between of (i) Current Liabilities in relation to (ii) Total Liabilities
B20: (5) It corresponds to the ratio between of (i) Non-Current Liabilities in relation to (ii) Total Liabilities.
B21: (6) It corresponds to the ratio between (i) the Gross Operating Income and (ii) Net financial result of Financial Income.
B22: (7) It corresponds to the ratio between (i) the profit for the period attributable to the owners of the parent company for the twelve rolling months as of December 31, 2025, and (ii) the average between the equity attributable to the owners of the parent company at the beginning and end of the period.
B23: (8) It corresponds to the ratio between (i) the profit for the period attributable to the owners of the parent company for the twelve rolling months as of December 31, 2025, and (ii) the average of total assets at the beginning and end of the period.

Sheet Property, plant and equipment
B3: PROPERTY, PLANTS AND EQUIPMENT INFORMATION BY COMPANY
B4: (in millions of US$)
B5: Company | C5: Payments for additions of Property, plant and equipment | G5: Depreciation
C6: September 2026 | D6: September 2025 | E6: % Change | G6: September 2026 | H6: September 2025 | I6: % Change
B8: Enel Colombia Segmento de Generación | C8: 216 | D8: 558 | E8: -0.61290323 | G8: 88 | H8: 66 | I8: 0.33333333
B9: EGP Cachoeira Dourada S.A. | C9: 1 | D9: 1 | E9: 0 | G9: 8 | H9: 8 | I9: 0
B10: EGP Volta Grande | C10: 1 | D10: 0 | E10: n.a. | G10: 1 | H10: 0 | I10: n.a.
B11: Enel Distribución Sao Paulo S.A. (Eletropaulo) (*) | C11: 460 | D11: 329 | E11: 0.39817629 | G11: 194 | H11: 188 | I11: 0.031914894
B12: Edesur S.A. | C12: 169 | D12: 106 | E12: 0.59433962 | G12: 150 | H12: 118 | I12: 0.27118644
B13: Enel Distribución Rio (Ampla) (*) | C13: 278 | D13: 189 | E13: 0.47089947 | G13: 95 | H13: 127 | I13: -0.2519685
B14: Enel Distribución Ceara (Coelce) (*) | C14: 305 | D14: 230 | E14: 0.32608696 | G14: 86 | H14: 97 | I14: -0.11340206
B15: Enel Colombia Segmento de Distribución | C15: 334 | D15: 0 | E15: n.a. | G15: 129 | H15: 103 | I15: 0.25242718
B16: Enel Generación Piura S.A. | C16: 4 | D16: 0 | E16: n.a. | G16: 7 | H16: 7 | I16: 0
B17: Enel X Brasil | C17: 3 | D17: 1 | E17: 2 | G17: 5 | H17: 5 | I17: 0
B18: Enel Green Power Brasil | C18: 48 | D18: 104 | E18: -0.53846154 | G18: 179 | H18: 159 | I18: 0.12578616
B19: Enel Green Power Centroamérica | C19: 9 | D19: 21 | E19: -0.57142857 | G19: 42 | H19: 38 | I19: 0.10526316
B21: Total | C21: 1828 | D21: 1539 | E21: 0.18778428 | G21: 984 | H21: 916 | I21: 0.074235808
B23: (*) Includes intangible assets by concessions

Sheet Debt Maturity
B3: Debt Maturity
B4: US$ mn | C4: 2026 | D4: 2027 | E4: 2028 | F4: 2029 | G4: 2030 | H4: Balance | I4: Total
B5: Chile | C5: 600.858 | D5: 0 | E5: 0 | F5: 0 | G5: 0 | H5: 0 | I5: 600.858
B6: Enel Americas | C6: 600.858 | D6: 0 | E6: 0 | F6: 0 | G6: 0 | H6: 0 | I6: 600.858
B7: Argentina | C7: 43.386068 | D7: 93.351223 | E7: 109.91219 | F7: 91.958998 | G7: 3.100557 | H7: 0.49 | I7: 342.2
B8: Edesur | C8: 43.386068 | D8: 93.351223 | E8: 109.91219 | F8: 91.958998 | G8: 3.100557 | H8: 0.49224967 | I8: 342.20128
B9: Enel Gx Costanera | C9: 0 | D9: 0 | E9: 0 | F9: 0 | G9: 0 | H9: 0 | I9: 0
B10: Enel Argentina | C10: 0 | D10: 0 | E10: 0 | F10: 0 | G10: 0 | H10: 0 | I10: 0
B11: Docksud | C11: 0 | D11: 0 | E11: 0 | F11: 0 | G11: 0 | H11: 0 | I11: 0
B12: Cemsa | C12: 0 | D12: 0 | E12: 0 | F12: 0 | G12: 0 | H12: 0 | I12: 0
B13: Enel Gx Chocon | C13: 0 | D13: 0 | E13: 0 | F13: 0 | G13: 0 | H13: 0 | I13: 0
B14: Hidroinvest | C14: 0 | D14: 0 | E14: 0 | F14: 0 | G14: 0 | H14: 0 | I14: 0
B15: Peru | C15: =SUM(C16) -> 0 | D15: =SUM(D16) -> 0 | E15: =SUM(E16) -> 0 | F15: =SUM(F16) -> 0 | G15: =SUM(G16) -> 0 | H15: =SUM(H16) -> 0 | I15: =SUM(C15:H15) -> 0
B16: Enel Peru | C16: 0 | D16: 0 | E16: 0 | F16: 0 | G16: 0 | H16: 0 | I16: =SUM(C16:H16) -> 0
B17: Brazil | C17: 499.23992 | D17: 1286.2053 | E17: 655.76634 | F17: 359.54685 | G17: 347.91838 | H17: 984.47 | I17: 4133.15
B18: Enel Brasil | C18: 13.797482 | D18: 57.111777 | E18: 58.757907 | F18: 65.230489 | G18: 62.976007 | H18: 399.82018 | I18: 657.69384
B19: Enel Dx Ceara | C19: 9.2122648 | D19: 261.20834 | E19: 114.8697 | F19: 100.79984 | G19: 139.61 | H19: 101.58412 | I19: 727.28426
B20: Enel Dx Rio | C20: 393.138 | D20: 427.51109 | E20: 143.94037 | F20: 1.9881556 | G20: 0.52408274 | H20: 0.40423179 | I20: 967.50593
B21: EGP Cachoeira | C21: 0.022569278 | D21: 0.098436652 | E21: 0.11228805 | F21: 0.073377674 | G21: 0.0074206158 | H21: 0.0029795438 | I21: 0.31707181
B22: Enel Cien | C22: 0 | D22: 0 | E22: 0 | F22: 0 | G22: 0 | H22: 0 | I22: 0
B23: Enel Gx Fortaleza | C23: 0 | D23: 0 | E23: 0 | F23: 0 | G23: 0 | H23: 0 | I23: 0
B24: Enel Dx Goias | C24: 0 | D24: 0 | E24: 0 | F24: 0 | G24: 0 | H24: 0 | I24: 0
B25: Tesa | C25: 0 | D25: 0 | E25: 0 | F25: 0 | G25: 0 | H25: 0 | I25: 0
B26: Ctm | C26: 0.037489538 | D26: 0.16393543 | E26: 0.18760807 | F26: 0.051451045 | G26: 0 | H26: 0 | I26: 0.44048409
B27: Enel Dx Sao Paulo | C27: 60.369157 | D27: 517.2591 | E27: 315.07599 | F27: 168.71955 | G27: 144.71661 | H27: 478.67744 | I27: 1684.8179
B28: Sao Francisco | C28: 0.0046063753 | D28: 0.020113483 | E28: 0.023023084 | F28: 0.026608562 | G28: 0.030760555 | H28: 3.6604253 | I28: 3.7655374
... B37: EGP Panama | C37: 1.4527741 | D37: 0.37217019 | E37: 0.37217019 | F37: 0.31993297 | G37: 0.31993297 | H37: 4.0113494 | I37: 6.8483298
B38: Peru | C38: =SUM(C39) -> 0.013338693 | D38: =SUM(D39) -> 62.608409 | E38: =SUM(E39) -> 0.023065788 | F38: =SUM(F39) -> 0 | G38: =SUM(G39) -> 0 | H38: =SUM(H39) -> 0 | I38: =SUM(C38:H38) -> 62.644813
B39: Enel Gx Piura | C39: 0.013338693 | D39: 62.608409 | E39: 0.023065788 | F39: 0 | G39: 0 | H39: 0 | I39: =SUM(C39:H39) -> 62.644813
B40: Total - Continuing operations | C40: =C5+C7+C15+C17+C32+C34+C38 -> 1251.2475 | D40: =D5+D7+D15+D17+D32+D34+D38 -> 1821.4945 | E40: =E5+E7+E15+E17+E32+E34+E38 -> 1159.209 | F40: =F5+F7+F15+F17+F32+F34+F38 -> 663.49132 | G40: =G5+G7+G15+G17+G32+G34+G38 -> 816.62816 | H40: =H5+H7+H15+H17+H32+H34+H38 -> 2165.19 | I40: =I5+I7+I15+I17+I32+I34+I38 -> 7877.2628

Sheet Dx physical data
B2: COMPANY | C2: Energy Sales (TWh) | G2: Grid customers (mn) | I2: Energy Losses (%) | K2: SAIDI (hours) | M2: SAIFI (times)
C3: Accumulated figures | E3: Quarterly figures
C4: September 2026 | D4: September 2025 | E4: Q4 2023 | F4: Q4 2022 | G4: September 2026 | H4: September 2025 | I4: September 2026 | J4: September 2025 | K4: September 2026 | L4: September 2025 | M4: September 2026 | N4: September 2025
B5: Edesur | C5: 13.540456 | D5: 13.458521 | E5: 4.6251539 | F5: 4.6839165 | G5: 2.751987 | H5: 2.755593 | I5: 0.194069 | J5: 0.1747 | K5: 14.814395 | L5: 17.706667 | M5: 8.5303345 | N5: 8.49
B6: Enel Dx Río | C6: 8.7797622 | D6: 8.7769385 | E6: 2.6605 | F6: 2.5863263 | G6: 3.160162 | H6: 3.147069 | I6: 0.20780825 | J6: 0.20675618 | K6: 8.014 | L6: 7.71 | M6: 4 | N6: 4.29
B7: Enel Dx Sao Paulo | C7: 33.764425 | D7: 33.443477 | E7: 3.6255772 | F7: 3.4332729 | G7: 8.800608 | H7: 8.646945 | I7: 0.11243482 | J7: 0.1080567 | K7: 6.64 | L7: 6.8811667 | M7: 4.34 | N7: 3.57
B8: Enel Dx Ceará | C8: 10.598031 | D8: 10.290801 | E8: 11.071907 | F8: 10.741554 | G8: 4.404627 | H8: 4.317884 | I8: 0.174707 | J8: 0.17897656 | K8: 8.236 | L8: 8.4015 | M8: 4 | N8: 4.48
B9: Enel Colombia - Distribution | C9: 11.90842 | D9: 11.530506 | E9: 4.0767174 | F9: 3.915219 | G9: 4.129353 | H9: 4.030461 | I9: 0.0762 | J9: 0.075340862 | K9: 7.2281667 | L9: 7.6555 | M9: 7.4 | N9: 7.65
B11: Total | C11: =SUM(C5:C9) -> 78.591094 | D11: =SUM(D5:D9) -> 77.500243 | E11: =SUM(E5:E9) -> 26.059856 | F11: =SUM(F5:F9) -> 25.360288 | G11: =SUM(G5:G9) -> 23.246737 | H11: =SUM(H5:H9) -> 22.897952 | I11: 0.14626492 | J11: 0.13535715 | K11: =(SUMPRODUCT(G5:G9,K5:K9)/SUM(G5:G9)) -> 8.2013556 | L11: =(SUMPRODUCT(H5:H9,L5:L9)/SUM(H5:H9)) -> 8.7208339 | M11: =(SUMPRODUCT(G5:G9,M5:M9)/SUM(G5:G9)) -> 5.2689707 | N11: =(SUMPRODUCT(H5:H9,N5:N9)/SUM(H5:H9)) -> 5.1507948
C13: 0
B16: Energy distributed (TWh) - Accumulated figures
B17: Type of client | C17: Argentina | E17: Brazil | K17: Colombia | M17: Total Continued operations
C18: Edesur | E18: Enel Dx Río | G18: Enel Dx Sao Paulo | I18: Enel Dx Ceará | K18: Enel Colombia - Distribution
C19: September 2026 | D19: September 2025 | E19: September 2026 | F19: September 2025 | G19: September 2026 | H19: September 2025 | I19: September 2026 | J19: September 2025 | K19: September 2026 | L19: September 2025 | M19: September 2026 | N19: September 2025
B20: Residential | C20: 5.5888998 | D20: 5.97849 | E20: 3.7367205 | F20: 3.7693387 | G20: 13.686703 | H20: 13.649172 | I20: 4.6072534 | J20: 4.4456968 | K20: 4.2542453 | L20: 4.0743085 | M20: =(C20+E20+G20+I20+K20) -> 31.873822 | N20: =(D20+F20+H20+J20+L20) -> 31.917006
B21: Commercial | C21: 2.2776276 | D21: 2.9168031 | E21: 0.75505141 | F21: 0.80990759 | G21: 5.4145323 | H21: 5.4723048 | I21: 0.76919845 | J21: 0.84095846 | K21: 1.8421599 | L21: 1.8251969 | M21: =(C21+E21+G21+I21+K21) -> 11.05857 | N21: =(D21+F21+H21+J21+L21) -> 11.865171
B22: Industrial | C22: 2.2622861 | D22: 0.90061877 | E22: 0.051756778 | F22: 0.06911998 | G22: 0.7431881 | H22: 0.86579294 | I22: 0.16716918 | J22: 0.18884087 | K22: 0.81768369 | L22: 0.80707704 | M22: =(C22+E22+G22+I22+K22) -> 4.0420838 | N22: =(D22+F22+H22+J22+L22) -> 2.8314496
B23: Others | C23: 3.4116424 | D23: 3.6626091 | E23: 4.2362335 | F23: 4.1285722 | G23: 13.920002 | H23: 13.456207 | I23: 5.0544098 | J23: 4.8153051 | K23: 4.9943313 | L23: 4.8239235 | M23: =(C23+E23+G23+I23+K23) -> 31.616619 | N23: =(D23+F23+H23+J23+L23) -> 30.886617
B24: Total | C24: 13.540456 | D24: 13.458521 | E24: 8.7797622 | F24: 8.7769385 | G24: 33.764425 | H24: 33.443477 | I24: 10.598031 | J24: 10.290801 | K24: 11.90842 | L24: 11.530506 | M24: =(C24+E24+G24+I24+K24) -> 78.591094 | N24: =(D24+F24+H24+J24+L24) -> 77.500243
B26: Residential | C26: =C20/C$24 -> 0.41275566 | D26: =D20/D$24 -> 0.44421597 | E26: =E20/E$24 -> 0.42560612 | F26: =F20/F$24 -> 0.4294594 | G26: =G20/G$24 -> 0.40535868 | H26: =H20/H$24 -> 0.4081266 | I26: =I20/I$24 -> 0.43472731 | J26: =J20/J$24 -> 0.43200687 | ... N26: =N20/N$24 -> 0.41183105
B27: Industrial | C27: =C21/C$24 -> 0.16820908 | D27: =D21/D$24 -> 0.21672538 | E27: =E21/E$24 -> 0.085999074 | F27: =F21/F$24 -> 0.092276776 | G27: =G21/G$24 -> 0.16036205 | H27: =H21/H$24 -> 0.16362846 | I27: =I21/I$24 -> 0.072579375 | J27: =J21/J$24 -> 0.081719434 | ... N27: =N21/N$24 -> 0.1530985
B28: Commercial | C28: =C22/C$24 -> 0.16707606 | D28: =D22/D$24 -> 0.066918108 | E28: =E22/E$24 -> 0.0058950091 | F28: =F22/F$24 -> 0.0078751811 | G28: =G22/G$24 -> 0.022010981 | H28: =H22/H$24 -> 0.025888246 | I28: =I22/I$24 -> 0.015773608 | J28: =J22/J$24 -> 0.018350453 | ... N28: =N22/N$24 -> 0.036534719
B29: Others | C29: =C23/C$24 -> 0.25195919 | D29: =D23/D$24 -> 0.27214054 | E29: =E23/E$24 -> 0.4824998 | F29: =F23/F$24 -> 0.47038865 | G29: =G23/G$24 -> 0.41226829 | H29: =H23/H$24 -> 0.40235669 | I29: =I23/I$24 -> 0.47691971 | J29: =J23/J$24 -> 0.46792325 | ... N29: =N23/N$24 -> 0.39853574
B30: Total | C30: =C24/C$24 -> 1 | D30: =D24/D$24 -> 1 | E30: =E24/E$24 -> 1 | F30: =F24/F$24 -> 1 | G30: =G24/G$24 -> 1 | H30: =H24/H$24 -> 1 | I30: =I24/I$24 -> 1 | J30: =J24/J$24 -> 1 | ... N30: =N24/N$24 -> 1
B32: Energy distributed (TWh) - Quarterly figures
B33: Type of client | C33: Argentina | E33: Brazil | K33: Colombia | M33: Total Continued operations
C34: Edesur | E34: Enel Dx Río | G34: Enel Dx Sao Paulo | I34: Enel Dx Ceará | K34: Enel Colombia - Distribution
C35: ='Reported EBITDA'!$F$5 -> Q3 2026 | D35: ='Reported EBITDA'!$G$5 -> Q3 2025 | E35: ='Reported EBITDA'!$F$5 -> Q3 2026 | F35: ='Reported EBITDA'!$G$5 -> Q3 2025 | G35: ='Reported EBITDA'!$F$5 -> Q3 2026 | H35: ='Reported EBITDA'!$G$5 -> Q3 2025 | I35: ='Reported EBITDA'!$F$5 -> Q3 2026 | J35: ='Reported EBITDA'!$G$5 -> Q3 2025 | K35: ='Reported EBITDA'!$F$5 -> Q3 2026 | L35: ='Reported EBITDA'!$G$5 -> Q3 2025 | M35: ='Reported EBITDA'!$F$5 -> Q3 2026 | N35: ='Reported EBITDA'!$G$5 -> Q3 2025
B36: Residential | C36: 1.9486442 | D36: 2.3815309 | E36: 1.0672764 | F36: 1.0336503 | G36: 4.5334932 | H36: 4.4835792 | I36: 1.5569708 | J36: 1.440015 | K36: 1.445 | L36: 1.3953632 | M36: =(C36+E36+G36+I36+K36) -> 10.551385 | N36: =(D36+F36+H36+J36+L36) -> 10.734139
B37: Commercial | C37: 0.74738943 | D37: 1.4236454 | E37: 0.2212011 | F37: 0.22177343 | G37: 1.7052824 | H37: 1.6770218 | I37: 0.25142874 | J37: 0.26383416 | K37: 0.622266 | L37: 0.62394807 | M37: =(C37+E37+G37+I37+K37) -> 3.5475677 | N37: =(D37+F37+H37+J37+L37) -> 4.2102229
B38: Industrial | C38: 0.7427665 | D38: -0.63002414 | E38: 0.017722327 | F38: 0.020896852 | G38: 0.24600424 | H38: 0.2693155 | I38: 0.056794312 | J38: 0.062701509 | K38: 0.287896 | L38: 0.27621591 | M38: =(C38+E38+G38+I38+K38) -> 1.3511834 | N38: =(D38+F38+H38+J38+L38) -> -0.00089437286
B39: Others | C39: 1.1863536 | D39: 1.5087644 | E39: 1.3543002 | F39: 1.3100057 | G39: 4.5871272 | H39: 4.3116372 | I39: 1.7603834 | J39: 1.6667222 | K39: 1.7215582 | L39: 1.6196887 | M39: =(C39+E39+G39+I39+K39) -> 10.609723 | N39: =(D39+F39+H39+J39+L39) -> 10.416818
B40: Total | C40: 4.6251538 | D40: 4.6839165 | E40: 2.6605 | F40: 2.5863263 | G40: 11.071907 | H40: 10.741554 | I40: 3.6255772 | J40: 3.4332729 | K40: 4.0767202 | L40: 3.9152159 | M40: =(C40+E40+G40+I40+K40) -> 26.059858 | N40: =(D40+F40+H40+J40+L40) -> 25.360285
B42: Residential | C42: =C36/C$40 -> 0.42131447 | D42: =D36/D$40 -> 0.50844862 | E42: =E36/E$40 -> 0.40115632 | F42: =F36/F$40 -> 0.39965966 | G42: =G36/G$40 -> 0.40945911 | H42: =H36/H$40 -> 0.41740509 | I42: =I36/I$40 -> 0.42944081 | J42: =J36/J$40 -> 0.41942923 | ... L42: =L36/L$40 -> 0.35639497 | M42: =M36/M$24 -> 0.13425675 | N42: =N36/N$24 -> 0.13850458
B43: Industrial | C43: =C37/C$40 -> 0.16159234 | D43: =D37/D$40 -> 0.30394337 | E43: =E37/E$40 -> 0.083142678 | F43: =F37/F$40 -> 0.085748437 | G43: =G37/G$40 -> 0.15401885 | H43: =H37/H$40 -> 0.1561247 | I43: =I37/I$40 -> 0.06934861 | J43: =J37/J$40 -> 0.076846255 | ... L43: =L37/L$40 -> 0.15936492 | M43: =M37/M$24 -> 0.045139563 | N43: =N37/N$24 -> 0.054325285
B44: Commercial | C44: =C38/C$40 -> 0.16059282 | D44: =D38/D$40 -> -0.13450798 | E44: =E38/E$40 -> 0.0066612769 | F44: =F38/F$40 -> 0.0080797433 | G44: =G38/G$40 -> 0.022218777 | H44: =H38/H$40 -> 0.025072304 | I44: =I38/I$40 -> 0.015664902 | J44: =J38/J$40 -> 0.018262897 | ... L44: =L38/L$40 -> 0.070549342 | M44: =M38/M$24 -> 0.017192576 | N44: =N38/N$24 -> -1.1540259e-05
B45: Others | C45: =C39/C$40 -> 0.25650037 | D45: =D39/D$40 -> 0.32211598 | E45: =E39/E$40 -> 0.50903973 | F45: =F39/F$40 -> 0.50651216 | G45: =G39/G$40 -> 0.41430326 | H45: =H39/H$40 -> 0.40139791 | I45: =I39/I$40 -> 0.48554568 | J45: =J39/J$40 -> 0.48546162 | ... L45: =L39/L$40 -> 0.41369077 | M45: =M39/M$24 -> 0.13499904 | N45: =N39/N$24 -> 0.13441013
B46: Total | C46: =C40/C$40 -> 1 | D46: =D40/D$40 -> 1 | E46: =E40/E$40 -> 1 | F46: =F40/F$40 -> 1 | G46: =G40/G$40 -> 1 | H46: =H40/H$40 -> 1 | I46: =I40/I$40 -> 1 | J46: =J40/J$40 -> 1 | ... L46: =L40/L$40 -> 1 | M46: =M40/M$24 -> 0.33158793 | N46: =N40/N$24 -> 0.32722846

Sheet Gx physical data
A3: Operational figures | B3: ARGENTINA | D3: BRAZIL | F3: COLOMBIA | H3: CENTRAL AMERICA | J3: ENEL GENERACIÓN PIURA | L3: Total
B4: September 2026 | C4: September 2025 | D4: September 2026 | E4: September 2025 | F4: September 2026 | G4: September 2025 | H4: September 2026 | I4: September 2025 | J4: September 2026 | K4: September 2025 | L4: =B4 -> September 2026 | M4: =C4 -> September 2025
A5: TWh
A6: Total generation | B6: 0 | C6: 1.8895 | D6: 15.170478 | E6: 15.792712 | F6: 13.724359 | G6: 12.68794 | H6: 1.9098291 | I6: 1.9662113 | J6: 0.29525 | K6: 0.20784 | L6: =B6+D6+F6+H6+J6 -> 31.099916 | M6: =C6+E6+G6+I6+K6 -> 32.544203
A7: Hydroelectric generation | B7: 0 | C7: 1.8895 | D7: 3.815317 | E7: 3.8246786 | F7: 11.470491 | G7: 11.385738 | H7: 1.7440072 | I7: 1.8089939 | J7: 0 | K7: 0 | L7: =B7+D7+F7+H7+J7 -> 17.029815 | M7: =C7+E7+G7+I7+K7 -> 18.90891
A8: Thermal electric generation | B8: 0 | C8: 0 | D8: 0 | E8: 0 | F8: 0.52987879 | G8: 0.16919172 | H8: 0 | I8: 0 | J8: 0.29524793 | K8: 0.20784205 | L8: =B8+D8+F8+H8+J8 -> 0.82512672 | M8: =C8+E8+G8+I8+K8 -> 0.37703378
A9: Wind electric generation | B9: 0 | C9: 0 | D9: 9.3911486 | E9: 9.9985065 | F9: 0 | G9: 0 | H9: 0 | I9: 0 | J9: 0 | K9: 0 | L9: =B9+D9+F9+H9+J9 -> 9.3911486 | M9: =C9+E9+G9+I9+K9 -> 9.9985065
A10: Solar electric generation | B10: 0 | C10: 0 | D10: 1.9640127 | E10: 1.9695268 | F10: 1.7239926 | G10: 1.13302 | H10: 0.16582199 | I10: 0.1572174 | J10: 0 | K10: 0 | L10: =B10+D10+F10+H10+J10 -> 3.8538272 | M10: =C10+E10+G10+I10+K10 -> 3.2597642
A11: Total Purchases (a+b+c) | B11: =SUM(B13:B15) -> 0 | C11: =SUM(C13:C15) -> 0.00147 | D11: =SUM(D13:D15) -> 10.142921 | E11: =SUM(E13:E15) -> 14.373288 | F11: =SUM(F13:F15) -> 3.7037758 | G11: =SUM(G13:G15) -> 4.0306281 | H11: 0.53110971 | I11: 0.63352571 | J11: =SUM(J13:J15) -> 0 | K11: =SUM(K13:K15) -> 0.099599098 | L11: =SUM(L13:L15) -> 14.377806 | M11: =SUM(M13:M15) -> 19.138511
A12: Total purchases from third parties (b+c) | B12: =SUM(B14:B15) -> 0 | C12: =SUM(C14:C15) -> 0.00147 | D12: =SUM(D14:D15) -> 10.142921 | E12: =SUM(E14:E15) -> 14.373288 | F12: =SUM(F14:F15) -> 3.7037758 | G12: =SUM(G14:G15) -> 4.0306281 | H12: 0.53110971 | I12: 0.63352571 | J12: =SUM(J14:J15) -> 0 | K12: =SUM(K14:K15) -> 0.099599098 | L12: =SUM(L14:L15) -> 14.377806 | M12: =SUM(M14:M15) -> 19.138511
A13: a) Purchases to related companies - generators | H13: 0 | I13: 0 | L13: =B13+D13+F13+H13+J13 -> 0 | M13: =C13+E13+G13+I13+K13 -> 0
A14: b) Purchases to others generators | B14: 0 | C14: 0 | D14: 4.6525261 | E14: 5.9893597 | F14: 1.5442381 | G14: 1.6627816 | H14: 0.113166 | I14: 0.053758459 | J14: 0 | K14: 0 | L14: =B14+D14+F14+H14+J14 -> 6.3099303 | M14: =C14+E14+G14+I14+K14 -> 7.7058998
A15: c) Purchases at spot | B15: 0 | C15: 0.00147 | D15: 5.4903946 | E15: 8.383928 | F15: 2.1595377 | G15: 2.3678465 | H15: 0.41794371 | I15: 0.57976725 | J15: 0 | K15: 0.099599098 | L15: =B15+D15+F15+H15+J15 -> 8.067876 | M15: =C15+E15+G15+I15+K15 -> 11.432611
A16: Transmission losses, pump and other consumption | H16: 0 | I16: 0 | L16: =B16+D16+F16+H16+J16 -> 0 | M16: =C16+E16+G16+I16+K16 -> 0
A17: Total electricity sales (a+b+c+d) | B17: =SUM(B19:B22) -> 0 | C17: =SUM(C19:C22) -> 1.89096 | D17: =SUM(D19:D22) -> 25.313399 | E17: =SUM(E19:E22) -> 30.166 | F17: =SUM(F19:F22) -> 17.428138 | G17: =SUM(G19:G22) -> 16.718569 | H17: 2.4409388 | I17: 2.599737 | J17: =SUM(J19:J22) -> 0.29524793 | K17: =SUM(K19:K22) -> 0.30744115 | L17: =SUM(L19:L22) -> 45.477724 | M17: =SUM(M19:M22) -> 51.682707
A18: Total sales to third parties (a+b+c) | B18: =SUM(B19:B21) -> 0 | C18: =SUM(C19:C21) -> 1.89096 | D18: =SUM(D19:D21) -> 25.313399 | E18: =SUM(E19:E21) -> 30.166 | F18: =SUM(F19:F21) -> 17.428138 | G18: =SUM(G19:G21) -> 16.718569 | H18: 2.4409388 | I18: 2.599737 | J18: =SUM(J19:J21) -> 0.29524793 | K18: =SUM(K19:K21) -> 0.30744115 | L18: =SUM(L19:L21) -> 45.477724 | M18: =SUM(M19:M21) -> 51.682707
A19: a) Sales at regulated prices | B19: 0 | C19: 1.89096 | D19: 7.2864374 | E19: 6.2255091 | F19: 11.059815 | G19: 9.6431907 | H19: 1.344448 | I19: 1.3051255 | J19: 0.26158689 | K19: 0.30744115 | L19: =B19+D19+F19+H19+J19 -> 19.952287 | M19: =C19+E19+G19+I19+K19 -> 19.372226
A20: b) Sales at unregulated prices | B20: 0 | C20: 0 | D20: 12.193828 | E20: 15.874403 | F20: 2.7727283 | G20: 3.4054267 | H20: 0.53901547 | I20: 0.61543492 | J20: 0 | K20: 0 | L20: =B20+D20+F20+H20+J20 -> 15.505571 | M20: =C20+E20+G20+I20+K20 -> 19.895265
A21: c) Sales at spot marginal cost | B21: 0 | C21: 0 | D21: 5.8331341 | E21: 8.0660873 | F21: 3.5955956 | G21: 3.6699514 | H21: 0.55747537 | I21: 0.67917661 | J21: 0.033661041 | K21: 0 | L21: =B21+D21+F21+H21+J21 -> 10.019866 | M21: =C21+E21+G21+I21+K21 -> 12.415215
A22: d) Sales to related companies generators | H22: 0 | I22: 0 | L22: =B22+D22+F22+H22+J22 -> 0 | M22: =C22+E22+G22+I22+K22 -> 0
A23: TOTAL SALES IN THE SYSTEM | B23: 0 | C23: 114.202 | D23: 432.10575 | E23: 420.74887 | F23: 66.501988 | G23: 62.923811 | J23: 49.89624 | K23: 46.063505
A24: Market Share on total sales (%) | B24: 0 | C24: 0.016558029 | D24: 0.058581491 | E24: 0.071695972 | F24: 0.26206946 | G24: 0.26569513 | J24: 0.0059180812 | K24: 0.0066742641
A27: Operational figures | B27: ARGENTINA | D27: BRAZIL | F27: COLOMBIA | H27: CENTRAL AMERICA | J27: ENEL GENERACIÓN PIURA | L27: Total
B28: ='Dx physical data'!$C$35 -> Q3 2026 | C28: ='Dx physical data'!$D$35 -> Q3 2025 | D28: ='Dx physical data'!$C$35 -> Q3 2026 | E28: ='Dx physical data'!$D$35 -> Q3 2025 | F28: ='Dx physical data'!$C$35 -> Q3 2026 | G28: ='Dx physical data'!$D$35 -> Q3 2025 | H28: Q3 2026 | I28: Q3 2025 | J28: ='Dx physical data'!$C$35 -> Q3 2026 | K28: ='Dx physical data'!$D$35 -> Q3 2025 | L28: ='Dx physical data'!$C$35 -> Q3 2026 | M28: ='Dx physical data'!$D$35 -> Q3 2025
A29: TWh
A30: Total generation | B30: 0 | C30: 0.54513 | D30: 5.2952634 | E30: 5.6225547 | F30: 5.4435141 | G30: 4.5350083 | H30: 0.54591229 | I30: 0.71613062 | J30: 0.13498462 | K30: 0.075371474 | L30: =B30+D30+F30+H30+J30 -> 11.419674 | M30: =C30+E30+G30+I30+K30 -> 11.494195
A31: Hydroelectric generation | B31: 0 | C31: 0.54513 | D31: 0.7991605 | E31: 0.98375276 | F31: 4.5015124 | G31: 4.1077376 | H31: 0.49545607 | I31: 0.66670102 | J31: 0 | K31: 0 | L31: =B31+D31+F31+H31+J31 -> 5.7961289 | M31: =C31+E31+G31+I31+K31 -> 6.3033213
A32: Thermal electric generation | B32: 0 | C32: 0 | D32: 0 | E32: 0 | F32: 0.3327374 | G32: 0.022191725 | H32: 0 | I32: 0 | J32: 0.13498462 | K32: 0.075371474 | L32: =B32+D32+F32+H32+J32 -> 0.46772202 | M32: =C32+E32+G32+I32+K32 -> 0.097563199
A33: Wind electric generation | B33: 0 | C33: 0 | D33: 3.8237392 | E33: 3.999429 | F33: 0 | G33: 0 | H33: 0 | I33: 0 | J33: 0 | K33: 0 | L33: =B33+D33+F33+H33+J33 -> 3.8237392 | M33: =C33+E33+G33+I33+K33 -> 3.999429
A34: Solar electric generation | B34: 0 | C34: 0 | D34: 0.67236377 | E34: 0.63937299 | F34: 0.60926431 | G34: 0.40507897 | H34: 0.050456223 | I34: 0.049429606 | J34: 0 | K34: 0 | L34: =B34+D34+F34+H34+J34 -> 1.3320843 | M34: =C34+E34+G34+I34+K34 -> 1.0938816
A35: Total Purchases (a+b+c) | B35: =SUM(B37:B39) -> 0 | C35: =SUM(C37:C39) -> 0.00057 | D35: =SUM(D37:D39) -> 2.6066836 | E35: =SUM(E37:E39) -> 4.349464 | F35: =SUM(F37:F39) -> 0.9969283 | G35: =SUM(G37:G39) -> 1.3571153 | H35: 0.2632956 | I35: 0.20038313 | J35: =SUM(J37:J39) -> -0.016507367 | K35: =SUM(K37:K39) -> 0.023969745 | L35: =SUM(L37:L39) -> 3.8504002 | M35: =SUM(M37:M39) -> 5.9315022
A36: Total purchases from third parties (b+c) | B36: =SUM(B38:B39) -> 0 | C36: =SUM(C38:C39) -> 0.00057 | D36: =SUM(D38:D39) -> 2.6066836 | E36: =SUM(E38:E39) -> 4.349464 | F36: =SUM(F38:F39) -> 0.9969283 | G36: =SUM(G38:G39) -> 1.3571153 | H36: 0.2632956 | I36: 0.20038313 | J36: =SUM(J38:J39) -> -0.016507367 | K36: =SUM(K38:K39) -> 0.023969745 | L36: =SUM(L38:L39) -> 3.8504002 | M36: =SUM(M38:M39) -> 5.9315022
A37: a) Purchases to related companies - generators | H37: 0 | I37: 0 | L37: =B37+D37+F37+H37+J37 -> 0 | M37: =C37+E37+G37+I37+K37 -> 0
A38: b) Purchases to others generators | B38: 0 | C38: 0 | D38: 1.494047 | E38: 2.2750434 | F38: 0.53611542 | G38: 0.57157863 | H38: 0.029423 | I38: 0.030632403 | J38: 0 | K38: 0 | L38: =B38+D38+F38+H38+J38 -> 2.0595854 | M38: =C38+E38+G38+I38+K38 -> 2.8772544
A39: c) Purchases at spot | B39: 0 | C39: 0.00057 | D39: 1.1126367 | E39: 2.0744206 | F39: 0.46081287 | G39: 0.7855367 | H39: 0.2338726 | I39: 0.16975073 | J39: -0.016507367 | K39: 0.023969745 | L39: =B39+D39+F39+H39+J39 -> 1.7908148 | M39: =C39+E39+G39+I39+K39 -> 3.0542477
A40: Transmission losses, pump and other consumption | H40: 0 | I40: 0 | L40: =B40+D40+F40+H40+J40 -> 0 | M40: =C40+E40+G40+I40+K40 -> 0
A41: Total electricity sales (a+b+c+d) | B41: =SUM(B43:B46) -> 0 | C41: =SUM(C43:C46) -> 0.54571 | D41: =SUM(D43:D46) -> 7.9019471 | E41: =SUM(E43:E46) -> 9.9720187 | F41: =SUM(F43:F46) -> 6.4404389 | G41: =SUM(G43:G46) -> 5.8920778 | H41: 0.80920789 | I41: 0.91651375 | J41: =SUM(J43:J46) -> 0.11847725 | K41: =SUM(K43:K46) -> 0.099341219 | L41: =SUM(L43:L46) -> 15.270071 | M41: =SUM(M43:M46) -> 17.425662
A42: Total sales to third parties (a+b+c) | B42: =SUM(B43:B45) -> 0 | C42: =SUM(C43:C45) -> 0.54571 | D42: =SUM(D43:D45) -> 7.9019471 | E42: =SUM(E43:E45) -> 9.9720187 | F42: =SUM(F43:F45) -> 6.4404389 | G42: =SUM(G43:G45) -> 5.8920778 | H42: 0.80920789 | I42: 0.91651375 | J42: =SUM(J43:J45) -> 0.11847725 | K42: =SUM(K43:K45) -> 0.099341219 | L42: =SUM(L43:L45) -> 15.270071 | M42: =SUM(M43:M45) -> 17.425662
A43: a) Sales at regulated prices | B43: 0 | C43: 0.54571 | D43: 2.5090163 | E43: 2.2601485 | F43: 4.0404265 | G43: 3.3966667 | H43: 0.50148227 | I43: 0.44573845 | J43: 0.084816213 | K43: 0.099341219 | L43: =B43+D43+F43+H43+J43 -> 7.1357412 | M43: =C43+E43+G43+I43+K43 -> 6.7476049
A44: b) Sales at unregulated prices | B44: 0 | C44: 0 | D44: 4.025654 | E44: 5.5320763 | F44: 0.90794832 | G44: 1.1479277 | H44: 0.21663535 | I44: 0.22465685 | J44: 0 | K44: 0 | L44: =B44+D44+F44+H44+J44 -> 5.1502377 | M44: =C44+E44+G44+I44+K44 -> 6.9046609
A45: c) Sales at spot marginal cost | B45: 0 | C45: 0 | D45: 1.3672768 | E45: 2.1797939 | F45: 1.4920641 | G45: 1.3474834 | H45: 0.091090276 | I45: 0.24611846 | J45: 0.033661041 | K45: 0 | L45: =B45+D45+F45+H45+J45 -> 2.9840923 | M45: =C45+E45+G45+I45+K45 -> 3.7733957
A46: d) Sales to related companies generators | H46: 0 | I46: 0 | L46: =B46+D46+F46+H46+J46 -> 0 | M46: =C46+E46+G46+I46+K46 -> 0
A47: TOTAL SALES IN THE SYSTEM | B47: 0 | C47: 37.447 | D47: 140.35575 | E47: 135.40447 | F47: 17.008988 | G47: 21.782754 | J47: 16.268195 | K47: 15.357448
A48: Market Share on total sales (%) | B48: 0 | C48: 0.014572863 | D48: 0.056299418 | E48: 0.073646153 | F48: 0.37864916 | G48: 0.27049279 | J48: 0.0072827533 | K48: 0.0064686018

Sheet Subsidiaries
C3: Current Assets | D3: Non Current Assets | E3: Total Assets | F3: Current Liabilities | G3: Non Current Liabilities | H3: Equity | I3: Total Liabilities and Equity | J3: Revenues | L3: Procurement and Services | N3: Contribution Margin | P3: EBITDA | R3: EBIT | T3: Financial Result | V3: Net Income before taxes | X3: Income Tax | Z3: Net income | AB3: Other Integrated Results | AD3: Total Integrated Results
C4: September 30 2026 | D4: September 30 2026 | E4: September 30 2026 | F4: September 30 2026 | G4: September 30 2026 | H4: September 30 2026 | I4: September 30 2026 | J4: Q3 2026 | K4: 9M 2026 | L4: Q3 2026 | M4: 9M 2026 | N4: Q3 2026 | O4: 9M 2026 | P4: Q3 2026 | Q4: 9M 2026 | R4: Q3 2026 | S4: 9M 2026 | T4: Q3 2026 | U4: 9M 2026 | V4: Q3 2026 | W4: 9M 2026 | X4: Q3 2026 | Y4: 9M 2026 | Z4: Q3 2026 | AA4: 9M 2026 | AB4: Q3 2026 | AC4: 9M 2026 | AD4: Q3 2026 | AE4: 9M 2026
B5: 1000 | C5: US$ mn | D5: US$ mn | E5: US$ mn | F5: US$ mn | G5: US$ mn | H5: US$ mn | I5: US$ mn | J5: US$ mn | K5: US$ mn | L5: US$ mn | M5: US$ mn | N5: US$ mn | O5: US$ mn | P5: US$ mn | Q5: US$ mn | R5: US$ mn | S5: US$ mn | T5: US$ mn | U5: US$ mn | V5: US$ mn | W5: US$ mn | X5: US$ mn | Y5: US$ mn | Z5: US$ mn | AA5: US$ mn | AB5: US$ mn | AC5: US$ mn | AD5: US$ mn | AE5: US$ mn
A7: Enel Argentina S.A. | B7: Enel Argentina S.A. | C7: 24.419 | D7: 421.098 | E7: 445.517 | F7: 2.65 | G7: 0 | H7: 442.867 | I7: 445.517 | J7: 0 | K7: 0 | L7: 0 | M7: 0 | N7: 0 | O7: 0 | P7: -0.259 | Q7: -1.227 | R7: -0.271 | S7: -1.261 | T7: -1.321 | U7: -3.385 | V7: -1.58 | W7: -4.634 | X7: 0.011 | Y7: -0.378 | Z7: -1.569 | AA7: -5.012 | AB7: -10.563 | AC7: -18.318 | AD7: -12.132 | AE7: -23.33
B8: Enel Generación El Chocón S.A. | C8: 47.668 | D8: 42.908 | E8: 90.576 | F8: 11.873 | G8: 13.709 | H8: 64.994 | I8: 90.576 | J8: -0.037 | K8: 1.064 | L8: 0.002 | M8: -0.243 | N8: -0.035 | O8: 0.821 | P8: -0.24 | Q8: -1.516 | R8: -0.241 | S8: -1.527 | T8: 0.017 | U8: -11.511 | V8: -0.266 | W8: -11.554 | X8: -0.33 | Y8: 3.086 | Z8: -0.596 | AA8: -8.468 | AB8: -1.899 | AC8: 3.886 | AD8: -2.495 | AE8: -4.582
A9: Empresa Distribuidora Sur S.A. | B9: Empresa Distribuidora Sur S.A. | C9: 473.316 | D9: 2997.218 | E9: 3470.534 | F9: 1051.086 | G9: 949.719 | H9: 1469.729 | I9: 3470.534 | J9: 534.99 | K9: 1403.94 | L9: -388.714 | M9: -963.237 | N9: 146.276 | O9: 440.703 | P9: 47.974 | Q9: 160.862 | R9: -24.813 | S9: -42.538 | T9: 7.897 | U9: 83.273 | V9: -16.914 | W9: 40.874 | X9: 16.632 | Y9: -0.918 | Z9: -0.282 | AA9: 39.956 | AB9: -33.742 | AC9: -58.515 | AD9: -34.024 | AE9: -18.559
A10: Enel Trading Argentina S.R.L | B10: Enel Trading Argentina S.R.L | C10: 35.126 | D10: 0.451 | E10: 35.577 | F10: 34.988 | G10: 0.074 | H10: 0.515 | I10: 35.577 | J10: 0.003 | K10: 0.079 | L10: -0.001 | M10: -0.002 | N10: 0.002 | O10: 0.077 | P10: -0.139 | Q10: -0.354 | R10: -0.174 | S10: -0.458 | T10: -0.033 | U10: -0.065 | V10: -0.208 | W10: -0.524 | X10: 0 | Y10: 0 | Z10: -0.208 | AA10: -0.524 | AB10: -0.011 | AC10: -0.019 | AD10: -0.219 | AE10: -0.543
A11: Grupo Enel Argentina | B11: Grupo Enel Argentina | C11: 207.275 | D11: 681.758 | E11: 889.033 | F11: 15.904 | G11: 13.709 | H11: 859.42 | I11: 889.033 | J11: -0.037 | K11: 1.064 | L11: 0.002 | M11: -0.243 | N11: -0.035 | O11: 0.821 | P11: -0.311 | Q11: -2.772 | R11: -0.322 | S11: -2.816 | T11: -3.484 | U11: -32.984 | V11: -4.053 | W11: -17.321 | X11: -0.207 | Y11: -1.148 | Z11: -4.26 | AA11: -18.469 | AB11: -20.671 | AC11: -32.965 | AD11: -24.931 | AE11: -51.434
A12: Grupo Enel Green Power Brasil | B12: Grupo Enel Green Power Brasil | C12: 512.042 | D12: 5693.331 | E12: 6205.373 | F12: 864.127 | G12: 719.172 | H12: 4622.074 | I12: 6205.373 | J12: 243.112 | K12: 803.104 | L12: -98.784 | M12: -400.561 | N12: 144.328 | O12: 402.543 | P12: 130.485 | Q12: 362.838 | R12: 79.932 | S12: 207.747 | T12: 18.945 | U12: -10.081 | V12: 98.88 | W12: 197.897 | X12: -13.95 | Y12: -41.446 | Z12: 84.93 | AA12: 156.451 | AB12: 6.091 | AC12: 659.353 | AD12: 91.021 | AE12: 815.804
A13: EGP Cachoeira Dourada S.A. | B13: EGP Cachoeira Dourada S.A. | C13: 63.244 | D13: 75.424 | E13: 138.668 | F13: 34.456 | G13: 8.57 | H13: 95.642 | I13: 138.668 | J13: 23.455 | K13: 124.822 | L13: -9.844 | M13: -45.837 | N13: 13.611 | O13: 78.985 | P13: 11.59 | Q13: 74.41 | R13: 8.901 | S13: 66.148 | T13: -0.165 | U13: 0.598 | V13: 8.734 | W13: 66.745 | X13: -3.008 | Y13: -22.807 | Z13: 5.726 | AA13: 43.938 | AB13: -0.716 | AC13: 1.878 | AD13: 5.01 | AE13: 45.816
A14: EGP Volta Grande | B14: EGP Volta Grande | C14: 40.573 | D14: 313.189 | E14: 353.762 | F14: 61.802 | G14: 104.49 | H14: 187.47 | I14: 353.762 | J14: 15.035 | K14: 66.446 | L14: -8.102 | M14: -18.647 | N14: 6.933 | O14: 47.799 | P14: 6.087 | Q14: 44.974 | R14: 5.776 | S14: 44.301 | T14: -0.058 | U14: -4.881 | V14: 5.718 | W14: 39.42 | X14: -1.933 | Y14: -13.368 | Z14: 3.785 | AA14: 26.052 | AB14: 0.061 | AC14: 8.442 | AD14: 3.846 | AE14: 34.494
A15: Enel Cien S.A. | B15: Enel Cien S.A. | C15: 217.69 | D15: 69.141 | E15: 286.831 | F15: 83.906 | G15: 0.208 | H15: 202.717 | I15: 286.831 | J15: 0.002 | K15: 0.004 | L15: 0 | M15: 0 | N15: 0.002 | O15: 0.004 | P15: -0.271 | Q15: -0.554 | R15: -0.271 | S15: -0.554 | T15: 7.244 | U15: 21.321 | V15: 6.973 | W15: 20.767 | X15: -2.37 | Y15: -7.044 | Z15: 4.603 | AA15: 13.723 | AB15: 0.076 | AC15: 10.437 | AD15: 4.679 | AE15: 24.16
A16: Enel Distribución Ceará S.A. | B16: Enel Distribución Ceará S.A. | C16: 978.041 | D16: 2806.755 | E16: 3784.796 | F16: 1380.308 | G16: 1250.658 | H16: 1153.83 | I16: 3784.796 | J16: 515.481 | K16: 1442.917 | L16: -343.678 | M16: -908.887 | N16: 171.803 | O16: 534.03 | P16: 125.354 | Q16: 371.229 | R16: 115.55 | S16: 281.333 | T16: -54.568 | U16: -176.012 | V16: 60.983 | W16: 105.322 | X16: -16.276 | Y16: -30.425 | Z16: 44.707 | AA16: 74.897 | AB16: 0.343 | AC16: 50.736 | AD16: 45.05 | AE16: 125.633
A17: Enel Trading Brasil S.A. | B17: Enel Trading Brasil S.A. | C17: 289.535 | D17: 46.339 | E17: 335.874 | F17: 230.549 | G17: 81.872 | H17: 23.453 | I17: 335.874 | J17: 256.446 | K17: 936.997 | L17: -244.848 | M17: -935.379 | N17: 11.598 | O17: 1.618 | P17: 8.44 | Q17: -5.914 | R17: 8.509 | S17: -6.167 | T17: 0.868 | U17: 1.776 | V17: 9.376 | W17: -4.391 | X17: -3.194 | Y17: 1.471 | Z17: 6.182 | AA17: -2.92 | AB17: -0.047 | AC17: -0.638 | AD17: 6.135 | AE17: -3.558
A18: Enel Distribución Rio S.A. | B18: Enel Distribución Rio S.A. | C18: 957.345 | D18: 3506.967 | E18: 4464.312 | F18: 1507.489 | G18: 1006.402 | H18: 1950.421 | I18: 4464.312 | J18: 474.055 | K18: 1492.83 | L18: -341.012 | M18: -1017.367 | N18: 133.043 | O18: 475.463 | P18: 71.565 | Q18: 294.111 | R18: 60.292 | S18: 168.587 | T18: -43.999 | U18: -147.856 | V18: 16.294 | W18: 20.732 | X18: -3.231 | Y18: 1.605 | Z18: 13.063 | AA18: 22.337 | AB18: 0.982 | AC18: 101.123 | AD18: 14.045 | AE18: 123.46
A19: Enel X Brasil S.A. | B19: Grupo Enel X Brasil | C19: 82.717 | D19: 197.745 | E19: 280.462 | F19: 120.021 | G19: 7.338 | H19: 153.103 | I19: 280.462 | J19: 10.783 | K19: 39.609 | L19: -5.481 | M19: -19.432 | N19: 5.302 | O19: 20.177 | P19: 2.543 | Q19: 8.085 | R19: -4.614 | S19: 30.838 | T19: 1.089 | U19: -1.546 | V19: -3.525 | W19: 29.292 | X19: -1.453 | Y19: -5.064 | Z19: -4.978 | AA19: 24.228 | AB19: 0.084 | AC19: 6.985 | AD19: -4.894 | AE19: 31.213
A20: Enel Distribuicao Sao Paulo S.A. | B20: Enel Distribuicao Sao Paulo S.A. | C20: 1931.153 | D20: 5630.154 | E20: 7561.307 | F20: 2121.096 | G20: 3242.913 | H20: 2197.298 | I20: 7561.307 | J20: 1150.778 | K20: 3374.089 | L20: -822.184 | M20: -2341.098 | N20: 328.594 | O20: 1032.991 | P20: 225.94 | Q20: 718.707 | R20: 177.648 | S20: 477.027 | T20: -88.799 | U20: -275.6 | V20: 88.849 | W20: 201.427 | X20: -25.81 | Y20: -55.767 | Z20: 63.039 | AA20: 145.66 | AB20: 4.466 | AC20: 134.586 | AD20: 67.505 | AE20: 280.246
... A33: Enel Perú S.A.C. | B33: Enel Perú S.A.C. | C33: 39.503 | D33: 61.541 | E33: 101.044 | F33: 14.002 | G33: 0 | H33: 87.042 | I33: 101.044 | J33: 0.171 | K33: 0.171 | L33: 0 | M33: 0 | N33: 0.171 | O33: 0.171 | P33: 0.119 | Q33: -0.102 | R33: 0.119 | S33: -0.102 | T33: -0.039 | U33: 1.848 | V33: 0.09 | W33: 5.278 | X33: -0.024 | Y33: -0.515 | Z33: 0.066 | AA33: 4.763 | AB33: -0.478 | AC33: -4.355 | AD33: -0.412 | AE33: 0.408
A34: Enel Generación Piura S.A. | B34: Enel Generación Piura S.A. | C34: 61.478 | D34: 145.718 | E34: 207.196 | F34: 87.246 | G34: 30.805 | H34: 89.145 | I34: 207.196 | K34: 72.05 | M34: -36.529 | O34: 35.521 | Q34: 28.676 | S34: 21.193 | U34: -3.064 | W34: 18.129 | Y34: -5.181 | AA34: 12.948 | AC34: -1.727 | AE34: 11.221
A35: Grupo Enel Perú | B35: Grupo Enel Perú | C35: 93.895 | D35: 151.934 | E35: 245.829 | F35: 94.163 | G35: 30.805 | H35: 120.861 | I35: 245.829 | K35: 72.221 | M35: -36.529 | O35: 35.692 | Q35: 28.573 | S35: 21.09 | U35: -1.216 | W35: 19.875 | Y35: -5.696 | AA35: 14.179 | AC35: -4.849 | AE35: 9.33
C43: Current Assets | D43: Non Current Assets | E43: Total Assets | F43: Current Liabilities | G43: Non Current Liabilities | H43: Equity | I43: Total Liabilities and Equity | J43: Revenues | L43: Procurement and Services | N43: Contribution Margin | P43: EBITDA | R43: EBIT | T43: Financial Result | V43: Net Income before taxes | X43: Income Tax | Z43: Net income | AB43: Other Integrated Results | AC43: 0 | AD43: Total Integrated Results | AE43: 0
C44: December 31 2025 | D44: December 31 2025 | E44: December 31 2025 | F44: December 31 2025 | G44: December 31 2025 | H44: December 31 2025 | I44: December 31 2025 | J44: Q3 2025 | K44: 9M 2025 | L44: Q3 2025 | M44: 9M 2025 | N44: Q3 2025 | O44: 9M 2025 | P44: Q3 2025 | Q44: 9M 2025 | R44: Q3 2025 | S44: 9M 2025 | T44: Q3 2025 | U44: 9M 2025 | V44: Q3 2025 | W44: 9M 2025 | X44: Q3 2025 | Y44: 9M 2025 | Z44: Q3 2025 | AA44: 9M 2025 | AB44: Q3 2025 | AC44: 9M 2025 | AD44: Q3 2025 | AE44: 9M 2025
C45: US$ mn | D45: US$ mn | E45: US$ mn | F45: US$ mn | G45: US$ mn | H45: US$ mn | I45: US$ mn | J45: US$ mn | K45: US$ mn | L45: US$ mn | M45: US$ mn | N45: US$ mn | O45: US$ mn | P45: US$ mn | Q45: US$ mn | R45: US$ mn | S45: US$ mn | T45: US$ mn | U45: US$ mn | V45: US$ mn | W45: US$ mn | X45: US$ mn | Y45: US$ mn | Z45: US$ mn | AA45: US$ mn | AB45: US$ mn | AC45: US$ mn | AD45: US$ mn | AE45: US$ mn
A47: Enel Argentina S.A. | B47: Enel Argentina S.A. | C47: 25.972 | D47: 359.11 | E47: 385.082 | F47: 4.292 | G47: 0 | H47: 380.79 | I47: 385.082 | J47: 0 | K47: 0 | L47: 0 | M47: 0 | N47: 0 | O47: 0 | P47: -0.428 | Q47: -1.059 | R47: -0.443 | S47: -1.114 | T47: 1.365 | U47: 1.373 | V47: 1.069 | W47: 0.405 | X47: 0.136 | Y47: -0.894 | Z47: 1.205 | AA47: -0.489 | AB47: -46.84 | AC47: -101.509 | AD47: -45.635 | AE47: -101.998
A48: Enel Generación El Chocón S.A. | B48: Enel Generación El Chocón S.A. | C48: 41.137 | D48: 57.166 | E48: 98.303 | F48: 18.955 | G48: 18.066 | H48: 61.282 | I48: 98.303 | J48: 8.892 | K48: 34.243 | L48: -0.533 | M48: -3.133 | N48: 8.359 | O48: 31.11 | P48: 8.861 | Q48: 25.973 | R48: 8.595 | S48: 25.504 | T48: 9.92 | U48: 5.24 | V48: 18.515 | W48: 30.744 | X48: -6.485 | Y48: -14.724 | Z48: 12.03 | AA48: 16.02 | AB48: -11.759 | AC48: -18.666 | AD48: 0.271 | AE48: -2.646
A49: Empresa Distribuidora Sur S.A. | B49: Empresa Distribuidora Sur S.A. | C49: 369.155 | D49: 2531.166 | E49: 2900.321 | F49: 906.53 | G49: 777.366 | H49: 1216.425 | I49: 2900.321 | J49: 275.085 | K49: 1133.674 | L49: -221.865 | M49: -731.51 | N49: 53.22 | O49: 402.164 | P49: -6.402 | Q49: 145.156 | R49: -52.774 | S49: -15.204 | T49: -31.223 | U49: -2.625 | V49: -83.992 | W49: -17.879 | X49: 27.293 | Y49: 13.382 | Z49: -56.699 | AA49: -4.497 | AB49: -147.013 | AC49: -318.594 | AD49: -203.712 | AE49: -323.091
A50: Enel Trading Argentina S.R.L | B50: Enel Trading Argentina S.R.L | C50: 36.898 | D50: 0.497 | E50: 37.395 | F50: 36.929 | G50: 0.078 | H50: 0.388 | I50: 37.395 | J50: -0.004 | K50: 0.061 | L50: -0.001 | M50: -0.001 | N50: -0.005 | O50: 0.06 | P50: -0.09 | Q50: -0.354 | R50: -0.123 | S50: -0.477 | T50: 0.054 | U50: 0.098 | V50: -0.069 | W50: -0.379 | X50: 0 | Y50: 0 | Z50: -0.069 | AA50: -0.379 | AB50: -0.137 | AC50: -0.296 | AD50: -0.206 | AE50: -0.675
A51: Grupo Enel Argentina | B51: Grupo Enel Argentina | C51: 197.165 | D51: 591.53 | E51: 788.695 | F51: 25.437 | G51: 18.066 | H51: 745.192 | I51: 788.695 | J51: 8.892 | K51: 34.243 | L51: -0.533 | M51: -3.133 | N51: 8.359 | O51: 31.11 | P51: 8.43 | Q51: 24.892 | R51: 8.15 | S51: 24.368 | T51: 17.749 | U51: 12.208 | V51: 1.578 | W51: 34.613 | X51: -5.154 | Y51: -23.437 | Z51: -3.576 | AA51: 11.176 | AB51: -88.661 | AC51: -189.346 | AD51: -92.237 | AE51: -178.17
A52: Grupo Enel Green Power Brasil | B52: Grupo Enel Green Power Brasil | C52: 575.846 | D52: 5472.204 | E52: 6048.05 | F52: 912.413 | G52: 680.481 | H52: 4455.156 | I52: 6048.05 | J52: 267.908 | K52: 683.706 | L52: -133.753 | M52: -263.591 | N52: 134.155 | O52: 420.115 | P52: 142.015 | Q52: 395.035 | R52: 97.541 | S52: 256.002 | T52: -16.32 | U52: -49.724 | V52: 81.227 | W52: 206.448 | X52: -11.978 | Y52: -31.464 | Z52: 69.249 | AA52: 174.984 | AB52: 277.567 | AC52: 1569.06 | AD52: 346.816 | AE52: 1744.044
A53: EGP Cachoeira Dourada S.A. | B53: EGP Cachoeira Dourada S.A. | C53: 52.756 | D53: 77.518 | E53: 130.274 | F53: 27.507 | G53: 9.06 | H53: 93.707 | I53: 130.274 | J53: 27.182 | K53: 104.199 | L53: -12.68 | M53: -52.336 | N53: 14.502 | O53: 51.863 | P53: 10.9 | Q53: 42.891 | R53: 7.759 | S53: 34.796 | T53: 0.799 | U53: 2.412 | V53: 8.557 | W53: 37.208 | X53: -3.1 | Y53: -12.909 | Z53: 5.457 | AA53: 24.299 | AB53: 2.341 | AC53: 14.293 | AD53: 7.798 | AE53: 38.592
A54: EGP Volta Grande | B54: EGP Volta Grande | C54: 25.138 | D54: 295.143 | E54: 320.281 | F54: 47.462 | G54: 94.322 | H54: 178.497 | I54: 320.281 | J54: 18.201 | K54: 54.731 | L54: -4.692 | M54: -10.805 | N54: 13.509 | O54: 43.926 | P54: 12.02 | Q54: 40.212 | R54: 11.825 | S54: 39.853 | T54: -0.876 | U54: -5.753 | V54: 10.949 | W54: 34.1 | X54: -3.723 | Y54: -11.596 | Z54: 7.226 | AA54: 22.504 | AB54: 4.214 | AC54: 25.298 | AD54: 11.44 | AE54: 47.802
A55: Enel Cien S.A. | B55: Enel Cien S.A. | C55: 47.414 | D55: 210.547 | E55: 257.961 | F55: 75.184 | G55: 0.318 | H55: 182.459 | I55: 257.961 | J55: 0.002 | K55: 0.028 | L55: 0 | M55: 0 | N55: 0.002 | O55: 0.028 | P55: -0.087 | Q55: -0.176 | R55: -0.087 | S55: -0.176 | T55: 7.13 | U55: 18.589 | V55: 7.044 | W55: 18.413 | X55: -2.394 | Y55: -6.257 | Z55: 4.65 | AA55: 12.156 | AB55: 4.448 | AC55: 24.615 | AD55: 9.098 | AE55: 36.771
A56: Enel Distribución Ceará S.A. | B56: Enel Distribución Ceará S.A. | C56: 729.781 | D56: 2354.877 | E56: 3084.658 | F56: 1142.929 | G56: 910.147 | H56: 1031.582 | I56: 3084.658 | J56: 435.683 | K56: 1173.094 | L56: -298.095 | M56: -768.746 | N56: 137.588 | O56: 404.348 | P56: 92.289 | Q56: 277.543 | R56: 50.378 | S56: 158.802 | T56: -55.494 | U56: -133.539 | V56: -5.116 | W56: 25.263 | X56: 0.902 | Y56: -9.182 | Z56: -4.214 | AA56: 16.081 | AB56: 22.196 | AC56: 136.207 | AD56: 17.982 | AE56: 152.288
A57: Enel Distribución Rio S.A. | B57: Enel Distribución Rio S.A. | C57: 952.496 | D57: 3032.681 | E57: 3985.177 | F57: 1316.514 | G57: 850.838 | H57: 1817.825 | I57: 3985.177 | J57: 440.081 | K57: 1241.892 | L57: -317.843 | M57: -852.171 | N57: 122.238 | O57: 389.721 | P57: 73.301 | Q57: 255.358 | R57: 5.529 | S57: 67.509 | T57: -47.156 | U57: -123.438 | V57: -41.626 | W57: -55.928 | X57: 13.959 | Y57: 25.114 | Z57: -27.667 | AA57: -30.814 | AB57: 37.091 | AC57: 220.836 | AD57: 9.424 | AE57: 190.022
A58: Enel X Brasil S.A. | B58: Enel X Brasil S.A. | C58: 69.685 | D58: 167.155 | E58: 236.84 | F58: 80.886 | G58: 35.828 | H58: 120.126 | I58: 236.84 | J58: 10.786 | K58: 31.528 | L58: -7.353 | M58: -15.133 | N58: 3.433 | O58: 16.395 | P58: -0.645 | Q58: 2.273 | R58: -2.869 | S58: -3.516 | T58: -0.898 | U58: 0.006 | V58: -3.767 | W58: -3.51 | X58: -0.163 | Y58: -0.775 | Z58: -3.93 | AA58: -4.285 | AB58: 3.015 | AC58: 18.264 | AD58: -0.915 | AE58: 13.979
... A78: Grupo Enel Perú | B78: Grupo Enel Perú | C78: 128.05 | D78: 160.763 | E78: 288.813 | F78: 98.286 | G78: 33.203 | H78: 157.324 | I78: 288.813 | J78: 16.085 | K78: 52.947 | L78: -6.507 | M78: -22.563 | N78: 9.578 | O78: 30.384 | P78: -5.686 | Q78: 9.892 | R78: -8.088 | S78: 2.84 | T78: -0.922 | U78: 4.535 | V78: -9.221 | W78: 7.127 | X78: -1.108 | Y78: -5.55 | Z78: -10.329 | AA78: 1.577 | AB78: 2.986 | AC78: 11.192 | AD78: -7.343 | AE78: 12.769
A79: 0 | B79: 0 | C79: 0 | D79: 0 | E79: 0 | F79: 0 | G79: 0 | H79: 0 | I79: 0 | J79: 0 | K79: 0 | L79: 0 | M79: 0 | N79: 0 | O79: 0 | P79: 0 | Q79: 0 | R79: 0 | S79: 0 | T79: 0 | U79: 0 | V79: 0 | W79: 0 | X79: 0 | Y79: 0 | Z79: 0 | AA79: 0 | AB79: 0 | AC79: 0 | AD79: 0 | AE79: 0

Sheet Segment by country
B1: al 30.09.2026
A2: Country | C2: Chile ( Holdings y Others) | E2: Argentina | G2: Brazil | I2: Colombia | K2: Peru | M2: Central America | O2: Adjustments | Q2: Total
A3: ASSETS | C3: September 30 2026 | D3: December 31 2025 | E3: September 30 2026 | F3: December 31 2025 | G3: September 30 2026 | H3: December 31 2025 | I3: September 30 2026 | J3: December 31 2025 | K3: September 30 2026 | L3: December 31 2025 | M3: September 30 2026 | N3: December 31 2025 | O3: September 30 2026 | P3: December 31 2025 | Q3: September 30 2026 | R3: December 31 2025
C4: US$ mn | D4: US$ mn | E4: US$ mn | F4: US$ mn | G4: US$ mn | H4: US$ mn | I4: US$ mn | J4: US$ mn | K4: US$ mn | L4: US$ mn | M4: US$ mn | N4: US$ mn | O4: US$ mn | P4: US$ mn | Q4: US$ mn | R4: US$ mn
A5: CURRENT ASSETS | C5: 0 | D5: 0 | E5: 575.899 | F5: 456.053 | G5: 4703.315 | H5: 4410.908 | I5: 1403.102 | J5: 833.338 | K5: 0 | L5: 0 | M5: 208.898 | N5: 195.789 | O5: 260.57 | P5: 799.736 | Q5: 7151.784 | R5: 6695.824
B6: Cash and cash equivalents | C6: 0 | D6: 0 | E6: 25.557 | F6: 21.277 | G6: 426.128 | H6: 844.049 | I6: 508.548 | J6: 208.48 | K6: 0 | L6: 0 | M6: 114.298 | N6: 96.655 | O6: 174.711 | P6: 733.942 | Q6: 1249.242 | R6: 1904.403
B7: Current other financial assets | C7: 0 | D7: 0 | E7: 89.811 | F7: 9.992 | G7: 109.4 | H7: 126.701 | I7: 19.703 | J7: 21.587 | K7: 0 | L7: 0 | M7: 0 | N7: 0.1 | O7: 0.133 | P7: 0.578 | Q7: 219.047 | R7: 158.958
B8: Current other non-financial assets | C8: 0 | D8: 0 | E8: 19.761 | F8: 19.717 | G8: 394.284 | H8: 386.145 | I8: 41.108 | J8: 29.676 | K8: 0 | L8: 0 | M8: 9.102 | N8: 10.609 | O8: 50.097 | P8: 0 | Q8: 514.352 | R8: 488.443
B9: Current commercial accounts receivable and other accounts receivable | C9: 0 | D9: 0 | E9: 378.856 | F9: 346.7 | G9: 3105.187 | H9: 2486.705 | I9: 687.987 | J9: 460.89 | K9: 0 | L9: 0 | M9: 49.368 | N9: 50.377 | O9: 15.25 | P9: 9.463 | Q9: 4236.648 | R9: 3352.854
B10: Current accounts receivable from related companies | C10: 0 | D10: 0 | E10: 1.019 | F10: 4.504 | G10: 16.261 | H10: 15.527 | I10: 1.627 | J10: 1.709 | K10: 0 | L10: 0 | M10: 2.324 | N10: 2.19 | O10: -2.539 | P10: 0.151 | Q10: 18.692 | R10: 17.558
B11: Current Inventories | C11: 0 | D11: 0 | E11: 55.292 | F11: 46.593 | G11: 442.223 | H11: 357.907 | I11: 136.831 | J11: 105.281 | K11: 0 | L11: 0 | M11: 8.379 | N11: 9.205 | O11: 22.813 | P11: 0 | Q11: 665.538 | R11: 536.483
B12: Current tax assets | C12: 0 | D12: 0 | E12: 5.603 | F12: 7.27 | G12: 208.956 | H12: 193.874 | I12: 3.773 | J12: 3.056 | K12: 0 | L12: 0 | M12: 25.427 | N12: 26.653 | O12: 0.105 | P12: 2.554 | Q12: 243.864 | R12: 234.466
B14: Non-current assets or groups of assets for disposal classified as held for sale or as held for distribution to owners | C14: 0 | D14: 0 | E14: 0 | F14: 0 | G14: 0.876 | H14: 0 | I14: 3.525 | J14: 2.659 | K14: 0 | L14: 0 | M14: 0 | N14: 0 | O14: 0 | P14: 148.601 | Q14: 4.401 | R14: 2.659
A16: NON-CURRENT ASSETS | C16: 0 | D16: 0 | E16: 3684.671 | F16: 3127.563 | G16: 18962.69 | H16: 17267.107 | I16: 7313.87 | J16: 6317.966 | K16: 0 | L16: 0 | M16: 0 | N16: 0 | O16: -1.209 | P16: 0 | Q16: 31330.41 | R16: 28175.257
B17: Non-current other financial assets | C17: 0 | D17: 0 | E17: 24.107 | F17: 18.134 | G17: 7100.411 | H17: 5799.218 | I17: 0.135 | J17: 0.012 | K17: 0 | L17: 0 | M17: 80.686 | N17: 83.493 | O17: 0 | P17: 0 | Q17: 7205.339 | R17: 5900.857
B18: Non-current other non-financial assets | C18: 0 | D18: 0 | E18: 0.143 | F18: 0.068 | G18: 2023.505 | H18: 1887.053 | I18: 53.586 | J18: 60.541 | K18: 0 | L18: 0 | M18: 14.237 | N18: 11.935 | O18: 10.158 | P18: 9.463 | Q18: 2101.629 | R18: 1969.06
B19: Non-current commercial accounts receivable and other accounts receivable | C19: 0 | D19: 0 | E19: 17.959 | F19: 38.807 | G19: 287.957 | H19: 290.495 | I19: 23.296 | J19: 48.631 | K19: 0 | L19: 0 | M19: 0.51 | N19: 0.51 | O19: 0.15 | P19: 0.151 | Q19: 329.872 | R19: 378.594
B20: Non-current accounts receivable from related companies | C20: 0 | D20: 0 | E20: 0.002 | F20: 0.002 | G20: 0 | H20: 0 | I20: 0 | J20: 0 | K20: 0 | L20: 0 | M20: 0 | N20: 0 | O20: 0 | P20: 0 | Q20: 0.002 | R20: 0.002
B21: Investments accounted for using the equity method | C21: 0 | D21: 0 | E21: 638.847 | F21: 528.333 | G21: -0.086 | H21: 0.291 | I21: 1.287 | J21: 1.533 | K21: 0 | L21: 0 | M21: 356.203 | N21: 356.224 | O21: -990.605 | P21: -881.179 | Q21: 5.646 | R21: 5.202
B22: Intangible assets other than goodwill | C22: 0 | D22: 0 | E22: 145.364 | F22: 125.515 | G22: 2729.378 | H22: 2666.021 | I22: 156.124 | J22: 148.482 | K22: 0 | L22: 0 | M22: 140.99 | N22: 152.941 | O22: 2.503 | P22: 2.554 | Q22: 3174.359 | R22: 3095.513
B23: Goodwill | C23: 0 | D23: 0 | E23: 0 | F23: 0 | G23: 496.143 | H23: 468.381 | I23: 27.057 | J23: 27.057 | K23: 0 | L23: 0 | M23: 1.158 | N23: 1.158 | O23: 777.951 | P23: 728.844 | Q23: 1302.309 | R23: 1225.44
B24: Property, plant and equipment | C24: 0 | D24: 0 | E24: 2835.396 | F24: 2389.156 | G24: 5557.062 | H24: 5336.852 | I24: 6968.072 | J24: 5958.979 | K24: 0 | L24: 0 | M24: 761.737 | N24: 780.658 | O24: 141 | P24: 148.601 | Q24: 16263.267 | R24: 14614.246
B25: Investment property | C25: 0 | D25: 0 | E25: 0 | F25: 0 | G25: 7.488 | H25: 7.069 | I25: 0 | J25: 0 | K25: 0 | L25: 0 | M25: 0 | N25: 0 | O25: 0 | P25: 0 | Q25: 7.488 | R25: 7.069
B26: Right of use assets | C26: 0 | D26: 0 | E26: 17.66 | F26: 17.631 | G26: 205.203 | H26: 240.353 | I26: 83.027 | J26: 71.713 | K26: 0 | L26: 0 | M26: 13.873 | N26: 14.562 | O26: 0 | P26: 42.296 | Q26: 319.763 | R26: 344.259
B27: Deferred tax assets | C27: 0 | D27: 0 | E27: 5.193 | F27: 9.917 | G27: 555.629 | H27: 571.374 | I27: 1.286 | J27: 1.018 | K27: 0 | L27: 0 | M27: 0.994 | N27: 0.666 | O27: 57.634 | P27: 8.182 | Q27: 620.736 | R27: 635.015
A29: TOTAL ASSETS | C29: 0 | D29: 0 | E29: 4260.57 | F29: 3583.616 | G29: 23666.005 | H29: 21678.015 | I29: 8716.972 | J29: 7151.304 | K29: 0 | L29: 0 | M29: 208.898 | N29: 195.789 | O29: 259.361 | P29: 17.497 | Q29: 38482.194 | R29: 34871.081
N32: 1000
A34: Country | C34: Chile ( Holdings y Others) | E34: Argentina | G34: Brazil | I34: Colombia | K34: Peru | M34: Central America | O34: Adjustments | Q34: Total
A35: LIABILITIES AND EQUITY | C35: September 30 2026 | D35: December 31 2025 | E35: September 30 2026 | F35: December 31 2025 | G35: September 30 2026 | H35: December 31 2025 | I35: September 30 2026 | J35: December 31 2025 | K35: September 30 2026 | L35: December 31 2025 | M35: September 30 2026 | N35: December 31 2025 | O35: September 30 2026 | P35: December 31 2025 | Q35: September 30 2026 | R35: December 31 2025
C36: US$ mn | D36: US$ mn | E36: US$ mn | F36: US$ mn | G36: US$ mn | H36: US$ mn | I36: US$ mn | J36: US$ mn | K36: US$ mn | L36: US$ mn | M36: US$ mn | N36: US$ mn | O36: US$ mn | P36: US$ mn | Q36: US$ mn | R36: US$ mn
A37: CURRENT LIABILITIES | C37: 0 | D37: 0 | E37: 996.554 | F37: 859.865 | G37: 5018.837 | H37: 4669.626 | I37: 1905.399 | J37: 1231.202 | K37: 0 | L37: 0 | M37: 111.428 | N37: 89.908 | O37: 450.211 | P37: 886.433 | Q37: 8482.429 | R37: 7737.034
B38: Current other financial liabilities | C38: 0 | D38: 0 | E38: 106.749 | F38: 63.934 | G38: 1496.225 | H38: 1137.521 | I38: 299.599 | J38: 372.79 | K38: 0 | L38: 0 | M38: 0 | N38: 0 | O38: 715.241 | P38: 672.965 | Q38: 2617.814 | R38: 2247.21
B39: Current liabilities for leases | C39: 0 | D39: 0 | E39: 5.34 | F39: 0.783 | G39: 59.666 | H39: 58.318 | I39: 10.01 | J39: 9.153 | K39: 0 | L39: 0 | M39: 3.167 | N39: 3.034 | O39: 0.053 | P39: 1.711 | Q39: 78.236 | R39: 72.999
B40: Current commercial accounts payable and other accounts payable | C40: 0 | D40: 0 | E40: 702.174 | F40: 657.282 | G40: 2810.327 | H40: 2705.693 | I40: 915.772 | J40: 605.597 | K40: 0 | L40: 0 | M40: 54.729 | N40: 33.411 | O40: 20.042 | P40: 59.969 | Q40: 4503.044 | R40: 4061.952
B41: Current accounts payable to related companies | C41: 0 | D41: 0 | E41: 32.786 | F41: 30.526 | G41: 386.393 | H41: 465.545 | I41: 343.355 | J41: 26.02 | K41: 0 | L41: 0 | M41: 23.791 | N41: 19.941 | O41: -307.077 | P41: 133.884 | Q41: 479.248 | R41: 675.916
B42: Current other provisions | C42: 0 | D42: 0 | E42: 70.931 | F42: 31.78 | G42: 67.082 | H42: 78.531 | I42: 73.602 | J42: 90.648 | K42: 0 | L42: 0 | M42: 0.123 | N42: 0 | O42: 13.304 | P42: 13.562 | Q42: 225.042 | R42: 214.521
B43: Current tax liabilities | C43: 0 | D43: 0 | E43: 33.811 | F43: 28.211 | G43: 32.855 | H43: 42.604 | I43: 168.292 | J43: 32.4 | K43: 0 | L43: 0 | M43: 29.047 | N43: 32.452 | O43: 0.149 | P43: 1.664 | Q43: 264.154 | R43: 137.331
B44: Current provisions for employee benefits | C44: 0 | D44: 0 | E44: 0 | F44: 0 | G44: 0 | H44: 0 | I44: 0 | J44: 0 | K44: 0 | L44: 0 | M44: 0 | N44: 0 | O44: 0 | P44: 0 | Q44: 0 | R44: 0
B45: Current other non-financial liabilities | C45: 0 | D45: 0 | E45: 44.763 | F45: 47.349 | G45: 166.289 | H45: 181.414 | I45: 94.769 | J45: 94.594 | K45: 0 | L45: 0 | M45: 0.571 | N45: 1.07 | O45: 8.499 | P45: 2.678 | Q45: 314.891 | R45: 327.105
B47: Liabilities included in disposal groups classified as held for sale | C47: 0 | D47: 0 | E47: 0 | F47: 0 | G47: 0 | H47: 0 | I47: 0 | J47: 0 | K47: 0 | L47: 0 | M47: 0 | N47: 0 | O47: 0 | P47: 0 | Q47: 0 | R47: 0
A49: NON-CURRENT LIABILITIES | C49: 0 | D49: 0 | E49: 921.199 | F49: 751 | G49: 5295.484 | H49: 4839.014 | I49: 3177.657 | J49: 2807.787 | K49: 0 | L49: 0 | M49: 103.737 | N49: 125.147 | O49: 31.673 | P49: 34.385 | Q49: 9529.75 | R49: 8557.333
B50: Non-current other financial liabilities | C50: 0 | D50: 0 | E50: 214.379 | F50: 52.572 | G50: 2776.515 | H50: 2326.694 | I50: 2412.739 | J50: 2196.295 | K50: 0 | L50: 0 | M50: 0 | N50: 0 | O50: 0 | P50: 0 | Q50: 5403.633 | R50: 4575.561
B51: Non-current liabilities for leases | C51: 0 | D51: 0 | E51: 14.659 | F51: 19.265 | G51: 179.935 | H51: 195.228 | I51: 71.594 | J51: 61.36 | K51: 0 | L51: 0 | M51: 13.261 | N51: 13.836 | O51: 0.037 | P51: 0.084 | Q51: 279.486 | R51: 289.773
B52: Non-current commercial accounts payable and other accounts payable | C52: 0 | D52: 0 | E52: 273.578 | F52: 268.43 | G52: 1216.105 | H52: 1148.958 | I52: 90.164 | J52: 66.644 | K52: 0 | L52: 0 | M52: 22.919 | N52: 40.058 | O52: 0 | P52: 0 | Q52: 1602.766 | R52: 1524.09
B53: Non-current accounts payable to related companies | C53: 0 | D53: 0 | E53: 0 | F53: 0 | G53: 0 | H53: 0 | I53: 0 | J53: 0 | K53: 0 | L53: 0 | M53: 19.545 | N53: 23.745 | O53: 0 | P53: 0 | Q53: 19.545 | R53: 23.745
B54: Non-current other provisions | C54: 0 | D54: 0 | E54: 7.216 | F54: 7.33 | G54: 581.966 | H54: 521.243 | I54: 277.22 | J54: 231.296 | K54: 0 | L54: 0 | M54: 4.044 | N54: 3.15 | O54: 2.278 | P54: 2.195 | Q54: 872.724 | R54: 765.214
B55: Deferred tax liabilities | C55: 0 | D55: 0 | E55: 391.38 | F55: 380.662 | G55: 178.524 | H55: 136.931 | I55: 222.522 | J55: 162.719 | K55: 0 | L55: 0 | M55: 43.704 | N55: 44.046 | O55: 28.49 | P55: 30.925 | Q55: 864.62 | R55: 755.283
B56: Non-current provisions for employee benefits | C56: 0 | D56: 0 | E56: 14.318 | F56: 13.06 | G56: 269.413 | H56: 291.899 | I56: 103.418 | J56: 89.473 | K56: 0 | L56: 0 | M56: 0.264 | N56: 0.312 | O56: 0.868 | P56: 1.181 | Q56: 388.281 | R56: 395.925
B57: Non-current other non-financial liabilities | C57: 0 | D57: 0 | E57: 5.669 | F57: 9.681 | G57: 93.026 | H57: 218.061 | I57: 0 | J57: 0 | K57: 0 | L57: 0 | M57: 0 | N57: 0 | O57: 0 | P57: 0 | Q57: 98.695 | R57: 227.742
A59: EQUITY | C59: 0 | D59: 0 | E59: 2342.817 | F59: 1972.751 | G59: 13351.684 | H59: 12169.375 | I59: 3633.916 | J59: 3112.315 | K59: 0 | L59: 0 | M59: 1364.121 | N59: 1382.881 | O59: -222.523 | P59: -60.608 | Q59: 20470.015 | R59: 18576.714
A60: Equity attributable to the owners of the parent company | C60: 0 | D60: 0 | E60: 2342.817 | F60: 1972.751 | G60: 13351.684 | H60: 12169.375 | I60: 3633.916 | J60: 3112.315 | K60: 0 | L60: 0 | M60: 1364.121 | N60: 1382.881 | O60: -222.523 | P60: -60.608 | Q60: 17602.873 | R60: 16023.472
B61: Issued capital | C61: 0 | D61: 0 | E61: 2476.654 | F61: 2107.243 | G61: 10120.732 | H61: 9567.83 | I61: 198.066 | J61: 173.448 | K61: 0 | L61: 0 | M61: 1032.451 | N61: 1032.451 | O61: 1499.38 | P61: 2918.255 | Q61: 15327.283 | R61: 15799.227
B62: Retained earnings (losses) | C62: 0 | D62: 0 | E62: -1129.132 | F62: -987.947 | G62: 720.65 | H62: 773.143 | I62: 809.048 | J62: 582.286 | K62: 0 | L62: 0 | M62: 261.267 | N62: 283.168 | O62: 9160.186 | P62: 8241.332 | Q62: 9822.019 | R62: 8891.982
B63: Issue premiums | C63: 0 | D63: 0 | E63: 0 | F63: 0 | G63: 577.673 | H63: 545.348 | I63: 34.236 | J63: 29.981 | K63: 0 | L63: 0 | M63: 0 | N63: 0 | O63: -611.909 | P63: -575.329 | Q63: 0 | R63: 0
B64: Own shares in portfolio | C64: 0 | D64: 0 | E64: 0 | F64: 0 | G64: -21.462 | H64: -20.261 | I64: 0 | J64: 0 | K64: 0 | L64: 0 | M64: 0 | N64: 0 | O64: -493.488 | P64: -451.683 | Q64: -514.95 | R64: -471.944
B65: Other equity interests | C65: 0 | D65: 0 | E65: 0 | F65: 0 | G65: 0 | H65: 0 | I65: 0 | J65: 0 | K65: 0 | L65: 0 | M65: 0 | N65: 0 | O65: 0 | P65: 0 | Q65: 0 | R65: 0
B66: Other reserves | C66: 0 | D66: 0 | E66: 995.295 | F66: 853.455 | G66: 1954.091 | H66: 1303.315 | I66: 2592.566 | J66: 2326.6 | K66: 0 | L66: 0 | M66: 70.403 | N66: 67.262 | O66: -9776.692 | P66: -10193.183 | Q66: -4164.337 | R66: -5642.551
A68: Equity Attributable to Minority Interest | C68: 0 | D68: 0 | E68: 0 | F68: 0 | G68: 0 | H68: 0 | I68: 0 | J68: 0 | K68: 0 | L68: 0 | M68: 0 | N68: 0 | O68: 0 | P68: 0 | Q68: 2867.142 | R68: 2553.242
A70: TOTAL LIABILITIES AND EQUITY | C70: 0 | D70: 0 | E70: 4260.57 | F70: 3583.616 | G70: 23666.005 | H70: 21678.015 | I70: 8716.972 | J70: 7151.304 | K70: 0 | L70: 0 | M70: 1579.286 | N70: 1597.936 | O70: 259.361 | P70: 860.21 | Q70: 38482.194 | R70: 34871.081
M72: 0
A73: Country | C73: Chile ( Holdings y Others) | G73: Argentina | K73: Brazil | O73: Colombia | S73: Peru | W73: Central America | AA73: Adjustments | AE73: Total
C74: Accumulated figures | E74: Quarterly figures | G74: Accumulated figures | I74: Quarterly figures | K74: Accumulated figures | M74: Quarterly figures | O74: Accumulated figures | Q74: Quarterly figures | S74: Accumulated figures | U74: Quarterly figures | W74: Accumulated figures | Y74: Quarterly figures | AA74: Accumulated figures | AC74: Quarterly figures | AE74: Accumulated figures | AG74: Quarterly figures
C75: 9M 2026 | D75: 9M 2025 | E75: Q3 2026 | F75: Q3 2025 | G75: 9M 2026 | H75: 9M 2025 | I75: Q3 2026 | J75: Q3 2025 | K75: 9M 2026 | L75: 9M 2025 | M75: Q3 2026 | N75: Q3 2025 | O75: 9M 2026 | P75: 9M 2025 | Q75: Q3 2026 | R75: Q3 2025 | S75: 9M 2026 | T75: 9M 2025 | U75: Q3 2026 | V75: Q3 2025 | W75: 9M 2026 | X75: 9M 2025 | Y75: Q3 2026 | Z75: Q3 2025 | AA75: 9M 2026 | AB75: 9M 2025 | AC75: Q3 2026 | AD75: Q3 2025 | AE75: 9M 2026 | AF75: 9M 2025 | AG75: Q3 2026 | AH75: Q3 2025
C76: US$ mn | D76: US$ mn | E76: US$ mn | F76: US$ mn | G76: US$ mn | H76: US$ mn | I76: US$ mn | J76: US$ mn | K76: US$ mn | L76: US$ mn | M76: US$ mn | N76: US$ mn | O76: US$ mn | P76: US$ mn | Q76: US$ mn | R76: US$ mn | S76: US$ mn | T76: US$ mn | U76: US$ mn | V76: US$ mn | W76: US$ mn | X76: US$ mn | Y76: US$ mn | Z76: US$ mn | AA76: US$ mn | AB76: US$ mn | AC76: US$ mn | AD76: US$ mn | AE76: US$ mn | AF76: US$ mn | AG76: US$ mn | AH76: US$ mn
A77: REVENUES | C77: 0 | D77: 0 | E77: 0 | F77: 0 | G77: 1407.526 | H77: 1170.413 | I77: 535.943 | J77: 284.4 | K77: 7409.935 | L77: 6278.537 | M77: 2445.414 | N77: 2335.781 | O77: 3632.582 | P77: 2687.52 | Q77: 1514.097 | R77: 929.662 | S77: 0 | T77: 0 | U77: 0 | V77: 0 | W77: 244.153 | X77: 253.054 | Y77: 85.07 | Z77: 88.46 | AA77: 72.124 | AB77: 53.106 | AC77: 33.438 | AD77: 16.097 | AE77: 12766.32 | AF77: 10442.63 | AG77: 4613.962 | AH77: 3654.4
B78: Sales | C78: 0 | D78: 0 | E78: 0 | F78: 0 | G78: 1392.237 | H78: 1062.522 | I78: 529.609 | J78: 289.901 | K78: 6037.198 | L78: 5281.484 | M78: 1990.322 | N78: 1965.21 | O78: 3598.355 | P78: 2648.483 | Q78: 1503.1 | R78: 918.798 | S78: 0 | T78: 0 | U78: 0 | V78: 0 | W78: 243.862 | X78: 252.967 | Y78: 84.886 | Z78: 88.431 | AA78: 72.062 | AB78: 52.938 | AC78: 33.32 | AD78: 16.103 | AE78: 11343.714 | AF78: 9298.394 | AG78: 4141.237 | AH78: 3278.443
B79: Energy Sales | C79: 0 | D79: 0 | E79: 0 | F79: 0 | G79: 1342.481 | H79: 1022.904 | I79: 511.52 | J79: 278.292 | K79: 5040.264 | L79: 4521.357 | M79: 1618.296 | N79: 1693.485 | O79: 2604.524 | P79: 1878.736 | Q79: 1138.039 | R79: 651.519 | S79: 0 | T79: 0 | U79: 0 | V79: 0 | W79: 243.668 | X79: 252.792 | Y79: 84.83 | Z79: 88.523 | AA79: 64.029 | AB79: 43.976 | AC79: 30.851 | AD79: 13.432 | AE79: 9294.966 | AF79: 7719.765 | AG79: 3383.536 | AH79: 2725.251
B80: Other Sales | C80: 0 | D80: 0 | E80: 0 | F80: 0 | G80: 0.533 | H80: 0.466 | I80: 0.148 | J80: 0.134 | K80: 0.563 | L80: 0.098 | M80: 0.197 | N80: 0.002 | O80: 13.225 | P80: 13.228 | Q80: 4.535 | R80: 4.592 | S80: 0 | T80: 0 | U80: 0 | V80: 0 | W80: 0.029 | X80: 0.04 | Y80: 0.003 | Z80: -0.138 | AA80: 1.73 | AB80: 2.399 | AC80: 0.438 | AD80: 0.44 | AE80: 16.08 | AF80: 16.231 | AG80: 5.321 | AH80: 5.03
B81: Other Services | C81: 0 | D81: 0 | E81: 0 | F81: 0 | G81: 49.223 | H81: 39.152 | I81: 17.941 | J81: 11.475 | K81: 996.371 | L81: 760.029 | M81: 371.829 | N81: 271.723 | O81: 980.606 | P81: 756.519 | Q81: 360.526 | R81: 262.687 | S81: 0 | T81: 0 | U81: 0 | V81: 0 | W81: 0.165 | X81: 0.135 | Y81: 0.053 | Z81: 0.046 | AA81: 6.303 | AB81: 6.563 | AC81: 2.031 | AD81: 2.231 | AE81: 2032.668 | AF81: 1562.398 | AG81: 752.38 | AH81: 548.162
B82: Other operating income | C82: 0 | D82: 0 | E82: 0 | F82: 0 | G82: 15.289 | H82: 107.891 | I82: 6.334 | J82: -5.501 | K82: 1372.737 | L82: 997.053 | M82: 455.092 | N82: 370.571 | O82: 34.227 | P82: 39.037 | Q82: 10.997 | R82: 10.864 | S82: 0 | T82: 0 | U82: 0 | V82: 0 | W82: 0.291 | X82: 0.087 | Y82: 0.184 | Z82: 0.029 | AA82: 0.062 | AB82: 0.168 | AC82: 0.118 | AD82: -0.006 | AE82: 1422.606 | AF82: 1144.236 | AG82: 472.725 | AH82: 375.957
A84: PROCUREMENTS AND SERVICES | C84: 0 | D84: 0 | E84: 0 | F84: 0 | G84: -963.481 | H84: -734.644 | I84: -388.711 | J84: -222.398 | K84: -4836.255 | L84: -4037.817 | M84: -1630.474 | N84: -1555.182 | O84: -1582.228 | P84: -1233.006 | Q84: -645.113 | R84: -416.165 | S84: 0 | T84: 0 | U84: 0 | V84: 0 | W84: -75.534 | X84: -72.654 | Y84: -38.989 | Z84: -23.647 | AA84: -36.529 | AB84: -22.538 | AC84: -20.557 | AD84: -6.506 | AE84: -7494.027 | AF84: -6100.659 | AG84: -2723.844 | AH84: -2223.898
B85: Power purchased | C85: 0 | D85: 0 | E85: 0 | F85: 0 | G85: -847.535 | H85: -629.319 | I85: -351.156 | J85: -187.075 | K85: -3021.851 | L85: -2583.54 | M85: -980.662 | N85: -1004.917 | O85: -1110.564 | P85: -814.732 | Q85: -454.315 | R85: -272.834 | S85: 0 | T85: 0 | U85: 0 | V85: 0 | W85: -57.045 | X85: -53.811 | Y85: -32.339 | Z85: -16.915 | AA85: -4.617 | AB85: -4.079 | AC85: -1.671 | AD85: -1.224 | AE85: -5041.612 | AF85: -4085.481 | AG85: -1820.143 | AH85: -1482.965
B86: Cost of fuel consumed | C86: 0 | D86: 0 | E86: 0 | F86: 0 | G86: 0 | H86: 0 | I86: 0 | J86: 0 | K86: -0.003 | L86: -0.003 | M86: -0.001 | N86: -0.001 | O86: -35.141 | P86: -15.967 | Q86: -20.033 | R86: -4.091 | S86: 0 | T86: 0 | U86: 0 | V86: 0 | W86: 0 | X86: 0 | Y86: 0 | Z86: 0 | AA86: -25.607 | AB86: -12.257 | AC86: -16.788 | AD86: -3.232 | AE86: -60.751 | AF86: -28.227 | AG86: -36.822 | AH86: -7.324
B87: Transportation expenses | C87: 0 | D87: 0 | E87: 0 | F87: 0 | G87: -57.59 | H87: -38.917 | I87: -15.312 | J87: -11.95 | K87: -705.136 | L87: -585.303 | M87: -245.165 | N87: -198.361 | O87: -281.003 | P87: -265.55 | Q87: -102.01 | R87: -91.549 | S87: 0 | T87: 0 | U87: 0 | V87: 0 | W87: -16.461 | X87: -17.387 | Y87: -5.684 | Z87: -6.3 | AA87: -4.206 | AB87: -4.337 | AC87: -1.342 | AD87: -1.454 | AE87: -1064.396 | AF87: -911.494 | AG87: -369.513 | AH87: -309.614
B88: Other variable procurements and services | C88: 0 | D88: 0 | E88: 0 | F88: 0 | G88: -58.356 | H88: -66.408 | I88: -22.243 | J88: -23.373 | K88: -1109.265 | L88: -868.971 | M88: -404.646 | N88: -351.903 | O88: -155.52 | P88: -136.757 | Q88: -68.755 | R88: -47.691 | S88: 0 | T88: 0 | U88: 0 | V88: 0 | W88: -2.028 | X88: -1.456 | Y88: -0.966 | Z88: -0.432 | AA88: -2.099 | AB88: -1.865 | AC88: -0.756 | AD88: -0.596 | AE88: -1327.268 | AF88: -1075.457 | AG88: -497.366 | AH88: -423.995
A90: CONTRIBUTION MARGIN | C90: 0 | D90: 0 | E90: 0 | F90: 0 | G90: 444.045 | H90: 435.769 | I90: 147.232 | J90: 62.002 | K90: 2573.68 | L90: 2240.72 | M90: 814.94 | N90: 780.599 | O90: 2050.354 | P90: 1454.514 | Q90: 868.984 | R90: 513.497 | S90: 0 | T90: 0 | U90: 0 | V90: 0 | W90: 168.619 | X90: 180.4 | Y90: 46.081 | Z90: 64.813 | AA90: 35.595 | AB90: 30.568 | AC90: 12.881 | AD90: 9.591 | AE90: 5272.293 | AF90: 4341.971 | AG90: 1890.118 | AH90: 1430.502
B92: Other work perfomed by the entity and capitalized | C92: 0 | D92: 0 | E92: 0 | F92: 0 | G92: 24.241 | H92: 16.038 | I92: 9.137 | J92: 4.251 | K92: 100.523 | L92: 65.627 | M92: 36.849 | N92: 24.542 | O92: 44.286 | P92: 33.59 | Q92: 16.758 | R92: 12.755 | S92: 0 | T92: 0 | U92: 0 | V92: 0 | W92: 0.017 | X92: 0.019 | Y92: 0 | Z92: 0.008 | AA92: 0.097 | AB92: 0 | AC92: 0.032 | AD92: 0 | AE92: 169.164 | AF92: 115.274 | AG92: 62.776 | AH92: 41.556
B93: Employee benefits expenses | C93: 0 | D93: 0 | E93: 0 | F93: 0 | G93: -155.592 | H93: -138.263 | I93: -53.265 | J93: -35.144 | K93: -333.648 | L93: -278.316 | M93: -110.803 | N93: -96.455 | O93: -127.323 | P93: -99.566 | Q93: -46.693 | R93: -34.029 | S93: 0 | T93: 0 | U93: 0 | V93: 0 | W93: -8.909 | X93: -9.854 | Y93: -2.709 | Z93: -3.615 | AA93: -4.735 | AB93: -4.668 | AC93: -1.571 | AD93: -1.529 | AE93: -630.207 | AF93: -530.667 | AG93: -215.041 | AH93: -170.772
B94: Other expenses | C94: 0 | D94: 0 | E94: 0 | F94: 0 | G94: -153.511 | H94: -142.692 | I94: -54.918 | J94: -28.831 | K94: -602.17 | L94: -473.399 | M94: -190.021 | N94: -165.978 | O94: -182.108 | P94: -162.228 | Q94: -66.222 | R94: -53.708 | S94: 0 | T94: 0 | U94: 0 | V94: 0 | W94: -16.705 | X94: -16.13 | Y94: -5.382 | Z94: -6.738 | AA94: -11.398 | AB94: -26.277 | AC94: -3.881 | AD94: -16.791 | AE94: -965.892 | AF94: -820.726 | AG94: -320.424 | AH94: -272.046
A96: GROSS OPERATING INCOME (EBITDA) | C96: 0 | D96: 0 | E96: 0 | F96: 0 | G96: 159.183 | H96: 170.852 | I96: 48.186 | J96: 2.278 | K96: 1738.385 | L96: 1554.632 | M96: 550.965 | N96: 542.708 | O96: 1785.209 | P96: 1226.31 | Q96: 772.827 | R96: 438.515 | S96: 0 | T96: 0 | U96: 0 | V96: 0 | W96: 143.022 | X96: 154.435 | Y96: 37.99 | Z96: 54.468 | AA96: 19.559 | AB96: -0.377 | AC96: 7.461 | AD96: -8.729 | AE96: 3845.358 | AF96: 3105.852 | AG96: 1417.429 | AH96: 1029.24
B98: Depreciation and amortization expense | C98: 0 | D98: 0 | E98: 0 | F98: 0 | G98: -149.801 | H98: -119.075 | I98: -52.336 | J98: -33.081 | K98: -567.196 | L98: -583.138 | M98: -181.893 | N98: -208.778 | O98: -217.105 | P98: -169.017 | Q98: -80.104 | R98: -59.254 | S98: 0 | T98: 0 | U98: 0 | V98: 0 | W98: -42.025 | X98: -37.974 | Y98: -14.036 | Z98: -12.631 | AA98: -7.486 | AB98: -7.041 | AC98: -2.495 | AD98: -2.402 | AE98: -983.613 | AF98: -916.245 | AG98: -330.864 | AH98: -316.146
B99: Impairment loss recognized in the period's profit or loss | C99: 0 | D99: 0 | E99: 0 | F99: 0 | G99: 0 | H99: -0.019 | I99: 0 | J99: -0.013 | K99: -6.958 | L99: 0 | M99: -6.627 | N99: 0 | O99: -0.579 | P99: 6.311 | Q99: -0.024 | R99: 0.182 | S99: 0 | T99: 0 | U99: 0 | V99: 0 | W99: 0 | X99: -0.272 | Y99: 0 | Z99: -0.272 | AA99: 0 | AB99: 0 | AC99: 0 | AD99: 0 | AE99: -7.537 | AF99: 6.02 | AG99: -6.651 | AH99: -0.103
B100: Impairment gains and reversals of impairment losses (Impairment losses) determined in accordance with IFRS 9 | C100: 0 | D100: 0 | E100: 0 | F100: 0 | G100: -53.833 | H100: -41.936 | I100: -20.56 | J100: -13.557 | K100: -48.202 | L100: -187.019 | M100: 51.021 | N100: -187.019 | O100: -40.354 | P100: -15.992 | Q100: -23.305 | R100: -5.28 | S100: 0 | T100: 0 | U100: 0 | V100: 0 | W100: -0.992 | X100: 0.019 | Y100: -0.181 | Z100: -0.073 | AA100: 0 | AB100: -0.011 | AC100: 0 | AD100: 0 | AE100: -143.381 | AF100: -244.939 | AG100: 6.975 | AH100: -73.467
A102: OPERATING INCOME | C102: 0 | D102: 0 | E102: 0 | F102: 0 | G102: -44.451 | H102: 9.822 | I102: -24.71 | J102: -44.373 | K102: 1116.029 | L102: 784.475 | M102: 413.466 | N102: 784.475 | O102: 1527.171 | P102: 1047.612 | Q102: 669.394 | R102: 374.163 | S102: 0 | T102: 0 | U102: 0 | V102: 0 | W102: 100.005 | X102: 116.208 | Y102: 23.773 | Z102: 41.492 | AA102: 12.073 | AB102: -7.429 | AC102: 4.966 | AD102: -11.131 | AE102: 2710.827 | AF102: 1950.688 | AG102: 1086.889 | AH102: 639.524
A104: NET FINANCIAL INCOME | C104: 0 | D104: 0 | E104: 0 | F104: 0 | G104: 49.385 | H104: 9.599 | I104: 4.258 | J104: -13.041 | K104: -464.113 | L104: -352.816 | M104: -141.031 | N104: -352.816 | O104: -254.552 | P104: -228.362 | Q104: -98.727 | R104: -70.936 | S104: 0 | T104: 0 | U104: 0 | V104: 0 | W104: 1.365 | X104: -6.114 | Y104: -0.376 | Z104: -1.289 | AA104: -31.698 | AB104: 4.061 | AC104: -10.806 | AD104: 0.329 | AE104: -699.613 | AF104: -573.632 | AG104: -246.682 | AH104: -206.647
B105: Financial Income | C105: 0 | D105: 0 | E105: 0 | F105: 0 | G105: 17.106 | H105: 15.217 | I105: 5.486 | J105: 7.649 | K105: 290.441 | L105: 194.832 | M105: 90.637 | N105: 194.832 | O105: 29.842 | P105: 19.98 | Q105: 11.338 | R105: 6.277 | S105: 0 | T105: 0 | U105: 0 | V105: 0 | W105: 4.331 | X105: 3.357 | Y105: 1.518 | Z105: 1.032 | AA105: 20.279 | AB105: 46.313 | AC105: 5.343 | AD105: 10.83 | AE105: 361.999 | AF105: 279.699 | AG105: 114.322 | AH105: 89.249
B106: Cash and cash equivalents | C106: 0 | D106: 0 | E106: 0 | F106: 0 | G106: 4.544 | H106: 6.391 | I106: 1.355 | J106: 3.662 | K106: 50.777 | L106: 26.549 | M106: 15.182 | N106: 26.549 | O106: 19.621 | P106: 10.655 | Q106: 8.457 | R106: 3.326 | S106: 0 | T106: 0 | U106: 0 | V106: 0 | W106: 2.051 | X106: 0.272 | Y106: 0.719 | Z106: 0.106 | AA106: 20.271 | AB106: 46.325 | AC106: 5.343 | AD106: 10.834 | AE106: 97.264 | AF106: 90.192 | AG106: 31.056 | AH106: 21.61
B107: Others financial income | C107: 0 | D107: 0 | E107: 0 | F107: 0 | G107: 12.562 | H107: 8.826 | I107: 4.131 | J107: 3.987 | K107: 239.664 | L107: 168.283 | M107: 75.455 | N107: 168.283 | O107: 10.221 | P107: 9.325 | Q107: 2.881 | R107: 2.951 | S107: 0 | T107: 0 | U107: 0 | V107: 0 | W107: 2.28 | X107: 3.085 | Y107: 0.799 | Z107: 0.926 | AA107: 0.008 | AB107: -0.012 | AC107: 0 | AD107: -0.004 | AE107: 264.735 | AF107: 189.507 | AG107: 83.266 | AH107: 67.639
B108: Financial costs | C108: 0 | D108: 0 | E108: 0 | F108: 0 | G108: -160.173 | H108: -136.762 | I108: -54.952 | J108: -54.161 | K108: -737.169 | L108: -534.829 | M108: -218.299 | N108: -534.829 | O108: -281.739 | P108: -253.871 | Q108: -108.316 | R108: -77.424 | S108: 0 | T108: 0 | U108: 0 | V108: 0 | W108: -6.138 | X108: -8.856 | Y108: -1.939 | Z108: -2.68 | AA108: -26.002 | AB108: -28.208 | AC108: -8.614 | AD108: -9.472 | AE108: -1211.221 | AF108: -962.526 | AG108: -392.12 | AH108: -330.778
B109: Bank loans | C109: 0 | D109: 0 | E109: 0 | F109: 0 | G109: -41.788 | H109: -17.492 | I109: -15.723 | J109: -14.231 | K109: -179.374 | L109: -66.945 | M109: -63.259 | N109: -66.945 | O109: -217.814 | P109: -150.314 | Q109: -82.132 | R109: -50.89 | S109: 0 | T109: 0 | U109: 0 | V109: 0 | W109: 0 | X109: 0 | Y109: 0 | Z109: 0 | AA109: -3.198 | AB109: -2.652 | AC109: -1.65 | AD109: -0.8 | AE109: -442.174 | AF109: -237.403 | AG109: -162.764 | AH109: -89.846
B110: Secured and unsecured obligations | C110: 0 | D110: 0 | E110: 0 | F110: 0 | G110: 0 | H110: 0 | I110: 0 | J110: 0 | K110: -130.159 | L110: -109.462 | M110: -28.312 | N110: -109.462 | O110: -18.958 | P110: -25.08 | Q110: -7.197 | R110: -8.008 | S110: 0 | T110: 0 | U110: 0 | V110: 0 | W110: 0 | X110: 0 | Y110: 0 | Z110: 0 | AA110: -17.976 | AB110: -17.976 | AC110: -6.015 | AD110: -6.015 | AE110: -167.093 | AF110: -152.518 | AG110: -41.524 | AH110: -53.385
B111: Others | C111: 0 | D111: 0 | E111: 0 | F111: 0 | G111: -118.385 | H111: -119.27 | I111: -39.229 | J111: -39.93 | K111: -427.636 | L111: -358.422 | M111: -126.728 | N111: -358.422 | O111: -44.967 | P111: -78.477 | Q111: -18.987 | R111: -18.526 | S111: 0 | T111: 0 | U111: 0 | V111: 0 | W111: -6.138 | X111: -8.856 | Y111: -1.939 | Z111: -2.68 | AA111: -4.828 | AB111: -7.58 | AC111: -0.949 | AD111: -2.657 | AE111: -601.954 | AF111: -572.605 | AG111: -187.832 | AH111: -187.547
B112: Income (Loss) for indexed assets and liabilities | C112: 0 | D112: 0 | E112: 0 | F112: 0 | G112: 189.849 | H112: 127.121 | I112: 53.162 | J112: 29.021 | K112: 0 | L112: 0 | M112: 0 | N112: 0 | O112: 0 | P112: 0 | Q112: 0 | R112: 0 | S112: 0 | T112: 0 | U112: 0 | V112: 0 | W112: 0 | X112: 0 | Y112: 0 | Z112: 0 | AA112: 0.012 | AB112: 0 | AC112: 0 | AD112: 0 | AE112: 189.861 | AF112: 127.121 | AG112: 53.162 | AH112: 29.021
B113: Foreign currency exchange differences | C113: 0 | D113: 0 | E113: 0 | F113: 0 | G113: 2.603 | H113: 4.023 | I113: 0.562 | J113: 4.45 | K113: -17.385 | L113: -12.819 | M113: -13.369 | N113: -12.819 | O113: -2.655 | P113: 5.529 | Q113: -1.749 | R113: 0.211 | S113: 0 | T113: 0 | U113: 0 | V113: 0 | W113: 3.172 | X113: -0.615 | Y113: 0.045 | Z113: 0.359 | AA113: -25.987 | AB113: -14.044 | AC113: -7.535 | AD113: -1.029 | AE113: -40.252 | AF113: -17.926 | AG113: -22.046 | AH113: 5.861
B115: Share of profit (loss) of associates and joint ventures accounted for using the equity method | C115: 0 | D115: 0 | E115: 0 | F115: 0 | G115: 1.498 | H115: -0.051 | I115: -0.043 | J115: 0.004 | K115: -0.397 | L115: -0.201 | M115: -0.368 | N115: -0.201 | O115: 0.353 | P115: -1.311 | Q115: 0.048 | R115: 0.016 | S115: 0 | T115: 0 | U115: 0 | V115: 0 | W115: 0 | X115: 0 | Y115: 0 | Z115: 0 | AA115: 0.509 | AB115: -0.585 | AC115: 0.042 | AD115: 0.058 | AE115: 1.963 | AF115: -2.148 | AG115: -0.321 | AH115: 0.082
B116: Other profit (losses) | C116: 0 | D116: 0 | E116: 0 | F116: 0 | G116: 0.136 | H116: 0.146 | I116: 0.014 | J116: 0.146 | K116: 0.002 | L116: 0 | M116: 0.002 | N116: 0 | O116: 0.003 | P116: 0.775 | Q116: 0.002 | R116: 0.257 | S116: 0 | T116: 0 | U116: 0 | V116: 0 | W116: 0.14 | X116: 0.001 | Y116: 0.129 | Z116: 0 | AA116: 0 | AB116: 0 | AC116: 0.001 | AD116: -0.02 | AE116: 0.281 | AF116: 0.922 | AG116: 0.148 | AH116: 0.365
B117: Other investments result | C117: 0 | D117: 0 | E117: 0 | F117: 0 | G117: 0 | H117: 0.146 | I117: 0 | J117: 0.146 | K117: 0.002 | L117: 0.018 | M117: 0.002 | N117: 0.018 | O117: 0 | P117: 0.527 | Q117: 0 | R117: 0.011 | S117: 0 | T117: 0 | U117: 0 | V117: 0 | W117: 0 | X117: 0 | Y117: 0 | Z117: 0 | AA117: 0 | AB117: 0 | AC117: 0.001 | AD117: 0 | AE117: 0.002 | AF117: 0.691 | AG117: 0.003 | AH117: 0.157
B118: Profit (Loss) from sales of assets | C118: 0 | D118: 0 | E118: 0 | F118: 0 | G118: 0.136 | H118: 0 | I118: 0.014 | J118: 0 | K118: 0 | L118: -0.018 | M118: 0 | N118: -0.018 | O118: 0.003 | P118: 0.248 | Q118: 0.002 | R118: 0.246 | S118: 0 | T118: 0 | U118: 0 | V118: 0 | W118: 0.14 | X118: 0.001 | Y118: 0.129 | Z118: 0 | AA118: 0 | AB118: 0 | AC118: 0 | AD118: -0.02 | AE118: 0.279 | AF118: 0.231 | AG118: 0.145 | AH118: 0.208
A120: Income (loss) before taxes | C120: 0 | D120: 0 | E120: 0 | F120: 0 | G120: 6.568 | H120: 19.516 | I120: -20.481 | J120: -57.264 | K120: 651.521 | L120: 431.458 | M120: 272.069 | N120: 431.458 | O120: 1272.975 | P120: 818.714 | Q120: 570.717 | R120: 303.5 | S120: 0 | T120: 0 | U120: 0 | V120: 0 | W120: 101.51 | X120: 110.095 | Y120: 23.526 | Z120: 40.203 | AA120: -19.116 | AB120: -3.953 | AC120: -5.797 | AD120: -10.764 | AE120: 2013.458 | AF120: 1375.83 | AG120: 840.034 | AH120: 433.324
B122: Income tax expenses | C122: 0 | D122: 0 | E122: 0 | F122: 0 | G122: -2.12 | H122: -10.029 | I122: 16.385 | J122: 22.135 | K122: -206.677 | L122: -112.136 | M122: -80.382 | N122: -112.136 | O122: -443.509 | P122: -274.413 | Q122: -198.359 | R122: -98.975 | S122: 0 | T122: 0 | U122: 0 | V122: 0 | W122: -36.343 | X122: -33.603 | Y122: -9.018 | Z122: -10.172 | AA122: -1.046 | AB122: -15.335 | AC122: -0.112 | AD122: 0.689 | AE122: -689.695 | AF122: -445.516 | AG122: -271.486 | AH122: -132.881
...

Sheet Segment by business
A3: Segment | C3: Generation | E3: Distribution | G3: Holdings, Adjustments and others | I3: Total
A4: ASSETS | C4: September 30 2026 | D4: December 31 2025 | E4: September 30 2026 | F4: December 31 2025 | G4: September 30 2026 | H4: December 31 2025 | I4: September 30 2026 | J4: December 31 2025
C5: US$ mn | D5: US$ mn | E5: US$ mn | F5: US$ mn | G5: US$ mn | H5: US$ mn | I5: US$ mn | J5: US$ mn
A6: CURRENT ASSETS | C6: 1735.63 | D6: 1357.735 | E6: 5148.66 | F6: 4205.842 | G6: 267.494 | H6: 1132.247 | I6: 7151.784 | J6: 6695.824
B7: Cash and cash equivalents | C7: 561.034 | D7: 588.903 | E7: 449.771 | F7: 321.581 | G7: 238.437 | H7: 993.919 | I7: 1249.242 | J7: 1904.403
B8: Current other financial assets | C8: 135.718 | D8: 85.583 | E8: 64.354 | F8: 65.884 | G8: 18.975 | H8: 7.491 | I8: 219.047 | J8: 158.958
B9: Current other non-financial assets | C9: 99.619 | D9: 61.55 | E9: 304.112 | F9: 347.361 | G9: 110.621 | H9: 79.532 | I9: 514.352 | J9: 488.443
B10: Current commercial accounts receivable and other accounts receivable | C10: 557.006 | D10: 402.234 | E10: 3591.73 | F10: 2879.021 | G10: 87.912 | H10: 71.599 | I10: 4236.648 | J10: 3352.854
B11: Current accounts receivable from related companies | C11: 246.893 | D11: 79.292 | E11: 22.492 | F11: 14.063 | G11: -250.693 | H11: -75.797 | I11: 18.692 | J11: 17.558
B12: Current Inventories | C12: 88.184 | D12: 91.964 | E12: 551.804 | F12: 424.486 | G12: 25.55 | H12: 20.033 | I12: 665.538 | J12: 536.483
B13: Current tax assets | C13: 47.176 | D13: 48.034 | E13: 160.872 | F13: 150.962 | G13: 35.816 | H13: 35.47 | I13: 243.864 | J13: 234.466
B15: Non-current assets or groups of assets for disposal classified as held for sale or as held for distribution to owners | C15: 0 | D15: 0.175 | E15: 3.525 | F15: 2.484 | G15: 0.876 | H15: 0 | I15: 4.401 | J15: 2.659
A17: NON-CURRENT ASSETS | C17: 12482.302 | D17: 11860.434 | E17: 18120.937 | F17: 15678.075 | G17: 727.171 | H17: 636.748 | I17: 31330.41 | J17: 28175.257
B18: Non-current other financial assets | C18: 455.611 | D18: 446.012 | E18: 6722.916 | F18: 5414.436 | G18: 26.812 | H18: 40.409 | I18: 7205.339 | J18: 5900.857
B19: Non-current other non-financial assets | C19: 83.859 | D19: 76.104 | E19: 1938.648 | F19: 1832.961 | G19: 79.122 | H19: 59.995 | I19: 2101.629 | J19: 1969.06
B20: Non-current commercial accounts receivable and other accounts receivable | C20: 45.049 | D20: 129.869 | E20: 229.293 | F20: 217.355 | G20: 55.53 | H20: 31.37 | I20: 329.872 | J20: 378.594
B21: Non-current accounts receivable from related companies | C21: 24.418 | D21: 145.812 | E21: 0.002 | F21: 0.558 | G21: -24.418 | H21: -146.368 | I21: 0.002 | J21: 0.002
B22: Investments accounted for using the equity method | C22: 1171.956 | D22: 1073.995 | E22: 8.234 | F22: 7.6 | G22: -1174.544 | H22: -1076.393 | I22: 5.646 | J22: 5.202
B23: Intangible assets other than goodwill | C23: 385.191 | D23: 387.928 | E23: 2697.377 | F23: 2607.543 | G23: 91.791 | H23: 100.042 | I23: 3174.359 | J23: 3095.513
B24: Goodwill | C24: 1.158 | D24: 1.158 | E24: 0 | F24: 0 | G24: 1301.151 | H24: 1224.282 | I24: 1302.309 | J24: 1225.44
B25: Property, plant and equipment | C25: 10102.747 | D25: 9394.392 | E25: 5945.957 | F25: 4990.634 | G25: 214.563 | H25: 229.22 | I25: 16263.267 | J25: 14614.246
B26: Investment property | C26: 0 | D26: 0 | E26: 7.488 | F26: 7.069 | G26: 0 | H26: 0 | I26: 7.488 | J26: 7.069
B27: Right of use assets | C27: 163.868 | D27: 160.638 | E27: 139.888 | F27: 165.424 | G27: 16.007 | H27: 18.197 | I27: 319.763 | J27: 344.259
B28: Deferred tax assets | C28: 48.445 | D28: 44.526 | E28: 431.134 | F28: 434.495 | G28: 141.157 | H28: 155.994 | I28: 620.736 | J28: 635.015
C29: 0 | D29: 0 | E29: 0 | F29: 0 | G29: 0 | H29: 0 | I29: 0 | J29: 0
A30: TOTAL ASSETS | C30: 14217.932 | D30: 13218.169 | E30: 23269.597 | F30: 19883.917 | G30: 994.665 | H30: 1768.995 | I30: 38482.194 | J30: 34871.081
A35: Segment | C35: Generation | E35: Distribution | G35: Holdings, Adjustments and others | I35: Total
A36: LIABILITIES AND EQUITY | C36: September 30 2026 | D36: September 30 2026 | E36: September 30 2026 | F36: September 30 2026 | G36: September 30 2026 | H36: September 30 2026 | I36: September 30 2026 | J36: September 30 2026
C37: US$ mn | D37: US$ mn | E37: US$ mn | F37: US$ mn | G37: US$ mn | H37: US$ mn | I37: US$ mn | J37: US$ mn
A38: CURRENT LIABILITIES | C38: 2527.1 | D38: 2124.935 | E38: 6591.142 | F38: 5622.73 | G38: -635.813 | H38: -10.631 | I38: 8482.429 | J38: 7737.034
B39: Current other financial liabilities | C39: 361.768 | D39: 341.653 | E39: 1521.708 | F39: 1209.052 | G39: 734.338 | H39: 696.505 | I39: 2617.814 | J39: 2247.21
B40: Current liabilities for leases | C40: 14.733 | D40: 12.017 | E40: 60.35 | F40: 55.312 | G40: 3.153 | H40: 5.67 | I40: 78.236 | J40: 72.999
B41: Current commercial accounts payable and other accounts payable | C41: 923.776 | D41: 790.418 | E41: 3396.549 | F41: 3069.186 | G41: 182.719 | H41: 202.348 | I41: 4503.044 | J41: 4061.952
B42: Current accounts payable to related companies | C42: 787.064 | D42: 651.513 | E42: 1329.327 | F42: 1024.29 | G42: -1637.143 | H42: -999.887 | I42: 479.248 | J42: 675.916
B43: Current other provisions | C43: 62.86 | D43: 78.59 | E43: 148.878 | F43: 122.346 | G43: 13.304 | H43: 13.585 | I43: 225.042 | J43: 214.521
B44: Current tax liabilities | C44: 228.903 | D44: 85.788 | E44: 33.834 | F44: 46.934 | G44: 1.417 | H44: 4.609 | I44: 264.154 | J44: 137.331
B45: Current provisions for employee benefits | C45: 0 | D45: 0 | E45: 0 | F45: 0 | G45: 0 | H45: 0 | I45: 0 | J45: 0
B46: Current other non-financial liabilities | C46: 147.996 | D46: 164.956 | E46: 100.496 | F46: 95.61 | G46: 66.399 | H46: 66.539 | I46: 314.891 | J46: 327.105
B48: Liabilities included in disposal groups classified as held for sale | C48: 0 | D48: 0 | E48: 0 | F48: 0 | G48: 0 | H48: 0 | I48: 0 | J48: 0
A50: NON-CURRENT LIABILITIES | C50: 3191.13 | D50: 3195.48 | E50: 7468.089 | F50: 6004.711 | G50: -1129.469 | H50: -642.858 | I50: 9529.75 | J50: 8557.333
B51: Non-current other financial liabilities | C51: 2319.385 | D51: 2131.662 | E51: 2990.502 | F51: 2333.445 | G51: 93.746 | H51: 110.454 | I51: 5403.633 | J51: 4575.561
B52: Non-current liabilities for leases | C52: 149.371 | D52: 147.431 | E52: 114.53 | F52: 126.016 | G52: 15.585 | H52: 16.326 | I52: 279.486 | J52: 289.773
B53: Non-current commercial accounts payable and other accounts payable | C53: 42.425 | D53: 48.646 | E53: 1560.335 | F53: 1475.428 | G53: 0.006 | H53: 0.016 | I53: 1602.766 | J53: 1524.09
B54: Non-current accounts payable to related companies | C54: 133.517 | D54: 87.627 | E54: 1160.65 | F54: 743.98 | G54: -1274.622 | H54: -807.862 | I54: 19.545 | J54: 23.745
B55: Non-current other provisions | C55: 290.014 | D55: 241.81 | E55: 578.379 | F55: 519.421 | G55: 4.331 | H55: 3.983 | I55: 872.724 | J55: 765.214
B56: Deferred tax liabilities | C56: 132.568 | D56: 290.478 | E56: 701.509 | F56: 431.839 | G56: 30.543 | H56: 32.966 | I56: 864.62 | J56: 755.283
B57: Non-current provisions for employee benefits | C57: 28.722 | D57: 24.666 | E57: 358.691 | F57: 370.078 | G57: 0.868 | H57: 1.181 | I57: 388.281 | J57: 395.925
B58: Non-current other non-financial liabilities | C58: 95.128 | D58: 223.16 | E58: 3.493 | F58: 4.504 | G58: 0.074 | H58: 0.078 | I58: 98.695 | J58: 227.742
A60: EQUITY | C60: 8499.702 | D60: 7897.754 | E60: 9210.366 | F60: 8256.476 | G60: 2759.947 | H60: 2422.484 | I60: 20470.015 | J60: 18576.714
A61: Equity attributable to the owners of the parent company | C61: 8499.702 | D61: 7897.754 | E61: 9210.366 | F61: 8256.476 | G61: 2759.947 | H61: 2422.484 | I61: 17602.873 | J61: 16023.472
B62: Issued capital | C62: 6221.467 | D62: 5802.245 | E62: 3885.43 | F62: 3580.028 | G62: 5220.386 | H62: 6416.954 | I62: 15327.283 | J62: 15799.227
B63: Retained earnings (losses) | C63: -352.091 | D63: -204.007 | E63: 2503.022 | F63: 2417.877 | G63: 7671.088 | H63: 6678.112 | I63: 9822.019 | J63: 8891.982
B64: Issue premiums | C64: 35.69 | D64: 31.254 | E64: 0 | F64: 0 | G64: -35.69 | H64: -31.254 | I64: 0 | J64: 0
B65: Own shares in portfolio | C65: -0.054 | D65: -0.051 | E65: 0 | F65: 0 | G65: -514.896 | H65: -471.893 | I65: -514.95 | J65: -471.944
B66: Other equity interests | C66: 0 | D66: 0 | E66: 0 | F66: 0 | G66: 0 | H66: 0 | I66: 0 | J66: 0
B67: Other reserves | C67: 2594.69 | D67: 2268.313 | E67: 2821.914 | F67: 2258.571 | G67: -9580.941 | H67: -10169.435 | I67: -7031.479 | J67: -8195.793
A69: Equity Attributable to Minority Interest | C69: 0 | D69: 0 | E69: 0 | F69: 0 | G69: 0 | H69: 0 | I69: 2867.142 | J69: 2553.242
A71: TOTAL LIABILITIES AND EQUITY | C71: 14217.932 | D71: 13218.169 | E71: 23269.597 | F71: 19883.917 | G71: 994.665 | H71: 1768.995 | I71: 38482.194 | J71: 34871.081
A76: Segment | C76: Generation | G76: Distribution | K76: Holdings, Adjustments and others | O76: Total
C77: Accumulated figures | E77: Quarterly figures | G77: Accumulated figures | I77: Quarterly figures | K77: Accumulated figures | M77: Quarterly figures | O77: Accumulated figures | Q77: Quarterly figures
C78: 9M 2026 | D78: 9M 2025 | E78: Q3 2026 | F78: Q3 2025 | G78: 9M 2026 | H78: 9M 2025 | I78: Q3 2026 | J78: Q3 2025 | K78: 9M 2026 | L78: 9M 2025 | M78: Q3 2026 | N78: Q3 2025 | O78: 9M 2026 | P78: 9M 2025 | Q78: Q3 2026 | R78: Q3 2025
C79: US$ mn | D79: US$ mn | E79: US$ mn | F79: US$ mn | G79: US$ mn | H79: US$ mn | I79: US$ mn | J79: US$ mn | K79: US$ mn | L79: US$ mn | M79: US$ mn | N79: US$ mn | O79: US$ mn | P79: US$ mn | Q79: US$ mn | R79: US$ mn
A80: REVENUES | C80: 3198.741 | D80: 2478.108 | E80: 1216.392 | F80: 884.528 | G80: 9754.383 | H80: 8077.331 | I80: 3456.653 | J80: 2811.685 | K80: -186.804 | L80: -112.809 | M80: -59.083 | N80: -41.813 | O80: 12766.32 | P80: 10442.63 | Q80: 4613.962 | R80: 3654.4
B81: Sales | C81: 3150.934 | D81: 2450.962 | E81: 1199.316 | F81: 879.546 | G81: 8374.093 | H81: 6970.469 | I81: 3004.047 | J81: 2444.757 | K81: -181.313 | L81: -123.037 | M81: -62.126 | N81: -45.86 | O81: 11343.714 | P81: 9298.394 | Q81: 4141.237 | R81: 3278.443
B82: Energy Sales | C82: 3135.249 | D82: 2435.527 | E82: 1193.635 | F82: 874.882 | G82: 6326.15 | H82: 5390.286 | I82: 2245.084 | J82: 1888.887 | K82: -166.433 | L82: -106.048 | M82: -55.183 | N82: -38.518 | O82: 9294.966 | P82: 7719.765 | Q82: 3383.536 | R82: 2725.251
B83: Other Sales | C83: 12.865 | D83: 12.511 | E83: 4.452 | F83: 4.105 | G83: 1.427 | H83: 1.289 | I83: 0.423 | J83: 0.484 | K83: 1.788 | L83: 2.431 | M83: 0.446 | N83: 0.441 | O83: 16.08 | P83: 16.231 | Q83: 5.321 | R83: 5.03
B84: Other Services | C84: 2.82 | D84: 2.924 | E84: 1.229 | F84: 0.559 | G84: 2046.516 | H84: 1578.894 | I84: 758.54 | J84: 555.386 | K84: -16.668 | L84: -19.42 | M84: -7.389 | N84: -7.783 | O84: 2032.668 | P84: 1562.398 | Q84: 752.38 | R84: 548.162
B85: Other operating income | C85: 47.807 | D85: 27.146 | E85: 17.076 | F85: 4.982 | G85: 1380.29 | H85: 1106.862 | I85: 452.606 | J85: 366.928 | K85: -5.491 | L85: 10.228 | M85: 3.043 | N85: 4.047 | O85: 1422.606 | P85: 1144.236 | Q85: 472.725 | R85: 375.957
A87: PROCUREMENTS AND SERVICES | C87: -1313.338 | D87: -1032.822 | E87: -428.914 | F87: -365.065 | G87: -6404.666 | H87: -5232.096 | I87: -2373.385 | J87: -1915.079 | K87: 223.977 | L87: 164.259 | M87: 78.455 | N87: 56.246 | O87: -7494.027 | P87: -6100.659 | Q87: -2723.844 | R87: -2223.898
B88: Power purchased | C88: -1020.901 | D88: -775.012 | E88: -309.963 | F88: -277.27 | G88: -4259.639 | H88: -3469.253 | I88: -1600.571 | J88: -1260.594 | K88: 238.928 | L88: 158.784 | M88: 90.391 | N88: 54.899 | O88: -5041.612 | P88: -4085.481 | Q88: -1820.143 | R88: -1482.965
B89: Cost of fuel consumed | C89: -35.145 | D89: -15.97 | E89: -20.034 | F89: -4.091 | G89: 0 | H89: 0 | I89: 0 | J89: 0 | K89: -25.606 | L89: -12.257 | M89: -16.788 | N89: -3.233 | O89: -60.751 | P89: -28.227 | Q89: -36.822 | R89: -7.324
B90: Transportation expenses | C90: -180.164 | D90: -179.585 | E90: -64.129 | F90: -62.435 | G90: -917.494 | H90: -766.696 | I90: -317.455 | J90: -259.798 | K90: 33.262 | L90: 34.787 | M90: 12.071 | N90: 12.619 | O90: -1064.396 | P90: -911.494 | Q90: -369.513 | R90: -309.614
B91: Other variable procurements and services | C91: -77.128 | D91: -62.255 | E91: -34.788 | F91: -21.269 | G91: -1227.533 | H91: -996.147 | I91: -455.359 | J91: -394.687 | K91: -22.607 | L91: -17.055 | M91: -7.219 | N91: -8.039 | O91: -1327.268 | P91: -1075.457 | Q91: -497.366 | R91: -423.995
A93: CONTRIBUTION MARGIN | C93: 1885.403 | D93: 1445.286 | E93: 787.478 | F93: 519.463 | G93: 3349.717 | H93: 2845.235 | I93: 1083.268 | J93: 896.606 | K93: 37.173 | L93: 51.45 | M93: 19.372 | N93: 14.433 | O93: 5272.293 | P93: 4341.971 | Q93: 1890.118 | R93: 1430.502
B95: Other work perfomed by the entity and capitalized | C95: 6.698 | D95: 3.653 | E95: 2.896 | F95: 1.921 | G95: 160.483 | H95: 110.509 | I95: 59.483 | J95: 39.334 | K95: 1.983 | L95: 1.112 | M95: 0.397 | N95: 0.301 | O95: 169.164 | P95: 115.274 | Q95: 62.776 | R95: 41.556
B96: Employee benefits expenses | C96: -80.21 | D96: -65.233 | E96: -27.415 | F96: -21.585 | G96: -515.138 | H96: -430.937 | I96: -176.22 | J96: -139.567 | K96: -34.859 | L96: -34.497 | M96: -11.406 | N96: -9.62 | O96: -630.207 | P96: -530.667 | Q96: -215.041 | R96: -170.772
B97: Other expenses | C97: -168.551 | D97: -141.36 | E97: -52.765 | F97: -51.386 | G97: -743.974 | H97: -616.214 | I97: -251.272 | J97: -194.453 | K97: -53.367 | L97: -63.152 | M97: -16.387 | N97: -26.207 | O97: -965.892 | P97: -820.726 | Q97: -320.424 | R97: -272.046
A99: GROSS OPERATING INCOME (EBITDA) | C99: 1643.34 | D99: 1242.346 | E99: 710.194 | F99: 448.413 | G99: 2251.088 | H99: 1908.593 | I99: 715.259 | J99: 601.92 | K99: -49.07 | L99: -45.087 | M99: -8.024 | N99: -21.093 | O99: 3845.358 | P99: 3105.852 | Q99: 1417.429 | R99: 1029.24
B101: Depreciation and amortization expense | C101: -295.175 | D101: -252.08 | E101: -101.706 | F101: -87.108 | G101: -652.656 | H101: -634.15 | I101: -217.17 | J101: -217.861 | K101: -35.782 | L101: -30.015 | M101: -11.988 | N101: -11.177 | O101: -983.613 | P101: -916.245 | Q101: -330.864 | R101: -316.146
B102: Impairment loss recognized in the period's profit or loss | C102: -1.054 | D102: 6.02 | E102: -0.001 | F102: -0.103 | G102: -0.579 | H102: 0 | I102: -0.024 | J102: 0 | K102: -5.904 | L102: 0 | M102: -6.626 | N102: 0 | O102: -7.537 | P102: 6.02 | Q102: -6.651 | R102: -0.103
B103: Impairment gains and reversals of impairment losses (Impairment losses) determined in accordance with IFRS 9 | C103: -24.837 | D103: -6.099 | E103: -16.146 | F103: 3.109 | G103: -152.137 | H103: -239.443 | I103: 22.071 | J103: -77.156 | K103: 33.593 | L103: 0.603 | M103: 1.05 | N103: 0.58 | O103: -143.381 | P103: -244.939 | Q103: 6.975 | R103: -73.467
A105: OPERATING INCOME | C105: 1322.274 | D105: 990.187 | E105: 592.341 | F105: 364.311 | G105: 1445.716 | H105: 1035 | I105: 520.136 | J105: 306.903 | K105: -57.163 | L105: -74.499 | M105: -25.588 | N105: -31.69 | O105: 2710.827 | P105: 1950.688 | Q105: 1086.889 | R105: 639.524
A107: NET FINANCIAL INCOME | C107: -189.868 | D107: -126.366 | E107: -67.157 | F107: -27.666 | G107: -617.029 | H107: -612.76 | I107: -218.692 | J107: -251.233 | K107: 107.284 | L107: 165.494 | M107: 39.167 | N107: 72.252 | O107: -699.613 | P107: -573.632 | Q107: -246.682 | R107: -206.647
B108: Financial Income | C108: 77.821 | D108: 68.554 | E108: 23.157 | F108: 26.994 | G108: 285.431 | H108: 180.284 | I108: 89.509 | J108: 56.958 | K108: -1.253 | L108: 30.861 | M108: 1.656 | N108: 5.297 | O108: 361.999 | P108: 279.699 | Q108: 114.322 | R108: 89.249
B109: Cash and cash equivalents | C109: 56.954 | D109: 37.393 | E109: 17.854 | F109: 13.386 | G109: 17.476 | H109: 2.957 | I109: 6.509 | J109: -4.151 | K109: 22.834 | L109: 49.842 | M109: 6.693 | N109: 12.375 | O109: 97.264 | P109: 90.192 | Q109: 31.056 | R109: 21.61
B110: Others financial income | C110: 20.867 | D110: 31.161 | E110: 5.303 | F110: 13.608 | G110: 267.955 | H110: 177.327 | I110: 83 | J110: 61.109 | K110: -24.087 | L110: -18.981 | M110: -5.037 | N110: -7.078 | O110: 264.735 | P110: 189.507 | Q110: 83.266 | R110: 67.639
B111: Financial costs | C111: -247.1 | D111: -193.983 | E111: -84.345 | F111: -60.042 | G111: -1108.707 | H111: -928.472 | I111: -361.223 | J111: -337.983 | K111: 144.586 | L111: 159.929 | M111: 53.448 | N111: 67.247 | O111: -1211.221 | P111: -962.526 | Q111: -392.12 | R111: -330.778
B112: Bank loans | C112: -254.811 | D112: -188.801 | E112: -92.872 | F112: -63.017 | G112: -184.127 | H112: -45.689 | I112: -68.226 | J112: -25.927 | K112: -3.236 | L112: -2.913 | M112: -1.666 | N112: -0.902 | O112: -442.174 | P112: -237.403 | Q112: -162.764 | R112: -89.846
B113: Secured and unsecured obligations | C113: -24.707 | D113: -31.611 | E113: -7.686 | F113: -9.431 | G113: -124.41 | H113: -102.931 | I113: -27.823 | J113: -37.939 | K113: -17.976 | L113: -17.976 | M113: -6.015 | N113: -6.015 | O113: -167.093 | P113: -152.518 | Q113: -41.524 | R113: -53.385
B114: Others | C114: 32.418 | D114: 26.429 | E114: 16.213 | F114: 12.406 | G114: -800.17 | H114: -779.852 | I114: -265.174 | J114: -274.117 | K114: 165.798 | L114: 180.818 | M114: 61.129 | N114: 74.164 | O114: -601.954 | P114: -572.605 | Q114: -187.832 | R114: -187.547
B115: Income (Loss) for indexed assets and liabilities | C115: -16.554 | D115: -21.598 | E115: -2.573 | F115: -4.358 | G115: 242.752 | H115: 170.338 | I115: 66.154 | J115: 37.942 | K115: -36.337 | L115: -21.619 | M115: -10.419 | N115: -4.563 | O115: 189.861 | P115: 127.121 | Q115: 53.162 | R115: 29.021
B116: Foreign currency exchange differences | C116: -4.035 | D116: 20.661 | E116: -3.396 | F116: 9.74 | G116: -36.505 | H116: -34.91 | I116: -13.132 | J116: -8.15 | K116: 0.288 | L116: -3.677 | M116: -5.518 | N116: 4.271 | O116: -40.252 | P116: -17.926 | Q116: -22.046 | R116: 5.861
B118: Share of profit (loss) of associates and joint ventures accounted for using the equity method | C118: 1.483 | D118: 0 | E118: -0.044 | F118: 0 | G118: 0.367 | H118: 0.228 | I118: 0.047 | J118: 0.043 | K118: 0.113 | L118: -2.376 | M118: -0.324 | N118: 0.039 | O118: 1.963 | P118: -2.148 | Q118: -0.321 | R118: 0.082
B119: Other profit (losses) | C119: 0.14 | D119: 0.835 | E119: 0.129 | F119: 0.109 | G119: 0.125 | H119: 0.129 | I119: 0.003 | J119: 0.129 | K119: 0.016 | L119: -0.042 | M119: 0.016 | N119: 0.127 | O119: 0.281 | P119: 0.922 | Q119: 0.148 | R119: 0.365
B120: Other investments result | C120: 0 | D120: 0.717 | E120: 0 | F120: 0.012 | G120: 0 | H120: 0 | I120: 0 | J120: 0 | K120: 0.002 | L120: -0.026 | M120: 0.003 | N120: 0.145 | O120: 0.002 | P120: 0.691 | Q120: 0.003 | R120: 0.157
B121: Profit (Loss) from sales of assets | C121: 0.14 | D121: 0.118 | E121: 0.129 | F121: 0.097 | G121: 0.125 | H121: 0.129 | I121: 0.003 | J121: 0.129 | K121: 0.014 | L121: -0.016 | M121: 0.013 | N121: -0.018 | O121: 0.279 | P121: 0.231 | Q121: 0.145 | R121: 0.208
A123: Income (loss) before taxes | C123: 1134.029 | D123: 864.656 | E123: 525.269 | F123: 336.754 | G123: 829.179 | H123: 422.597 | I123: 301.494 | J123: 55.842 | K123: 50.25 | L123: 88.577 | M123: 13.271 | N123: 40.728 | O123: 2013.458 | P123: 1375.83 | Q123: 840.034 | R123: 433.324
B125: Income tax expenses | C125: -380.699 | D125: -258.289 | E125: -174.301 | F125: -89.675 | G125: -264.937 | H125: -120.367 | I125: -86.321 | J125: -24.214 | K125: -44.059 | L125: -66.86 | M125: -10.864 | N125: -18.992 | O125: -689.695 | P125: -445.516 | Q125: -271.486 | R125: -132.881
A127: Income from continuing operations | C127: 753.33 | D127: 606.367 | E127: 350.968 | F127: 247.079 | G127: 564.242 | H127: 302.23 | I127: 215.173 | J127: 31.628 | K127: 6.191 | L127: 21.717 | M127: 2.407 | N127: 21.736 | O127: 1323.763 | P127: 930.314 | Q127: 568.548 | R127: 300.443
B128: Income (loss) from discontinued operations | C128: 0 | D128: 0 | E128: 0 | F128: 0 | G128: 0 | H128: 0 | I128: 0 | J128: 0 | K128: 0 | L128: 0 | M128: 0 | N128: 0 | O128: 0 | P128: 0 | Q128: 0 | R128: 0
...

Sheet Generation Segment
A2: Segment | C2: Generation and Transmission
A3: Country | C3: Chile | E3: Argentina | G3: Brazil | I3: Colombia | K3: Peru | M3: Central America | O3: Adjustments | Q3: Total
A4: ASSETS | C4: March 31 2026 | D4: December 31 2025 | E4: March 31 2026 | F4: December 31 2025 | G4: March 31 2026 | H4: December 31 2025 | I4: March 31 2026 | J4: December 31 2025 | K4: March 31 2026 | L4: December 31 2025 | M4: March 31 2026 | N4: December 31 2025 | O4: March 31 2026 | P4: December 31 2025 | Q4: March 31 2026 | R4: December 31 2025
C5: US$ mn | D5: US$ mn | E5: US$ mn | F5: US$ mn | G5: US$ mn | H5: US$ mn | I5: US$ mn | J5: US$ mn | K5: US$ mn | L5: US$ mn | M5: US$ mn | N5: US$ mn | O5: US$ mn | P5: US$ mn | Q5: US$ mn | R5: US$ mn
A6: CURRENT ASSETS | C6: 0 | D6: 0 | E6: 56.035 | F6: 47.926 | G6: 888.491 | H6: 901.626 | I6: 582.201 | J6: 212.392 | K6: 0 | L6: 0 | M6: 208.898 | N6: 195.789 | O6: 0.005 | P6: 0.002 | Q6: 1735.63 | R6: 1357.735
B7: Cash and cash equivalents | C7: 0 | D7: 0 | E7: 12.453 | F7: 5.111 | G7: 155.658 | H7: 412.969 | I7: 278.625 | J7: 74.168 | K7: 0 | L7: 0 | M7: 114.298 | N7: 96.655 | O7: 0 | P7: 0 | Q7: 561.034 | R7: 588.903
B8: Current other financial assets | C8: 0 | D8: 0 | E8: 10.951 | F8: 3.492 | G8: 107.757 | H8: 67.255 | I8: 17.01 | J8: 14.736 | K8: 0 | L8: 0 | M8: 0 | N8: 0.1 | O8: 0 | P8: 0 | Q8: 135.718 | R8: 85.583
B9: Current other non-financial assets | C9: 0 | D9: 0 | E9: 0.574 | F9: 0.945 | G9: 48.968 | H9: 38.416 | I9: 40.975 | J9: 11.58 | K9: 0 | L9: 0 | M9: 9.102 | N9: 10.609 | O9: 0 | P9: 0 | Q9: 99.619 | R9: 61.55
B10: Current commercial accounts receivable and other accounts receivable | C10: 0 | D10: 0 | E10: 28.888 | F10: 33.514 | G10: 275.745 | H10: 251.141 | I10: 203.005 | J10: 67.202 | K10: 0 | L10: 0 | M10: 49.368 | N10: 50.377 | O10: 0 | P10: 0 | Q10: 557.006 | R10: 402.234
B11: Current accounts receivable from related companies | C11: 0 | D11: 0 | E11: 0.086 | F11: 0.066 | G11: 242.988 | H11: 75.696 | I11: 1.49 | J11: 1.338 | K11: 0 | L11: 0 | M11: 2.324 | N11: 2.19 | O11: 0.005 | P11: 0 | Q11: 246.893 | R11: 79.292
B12: Current Inventories | C12: 0 | D12: 0 | E12: 0 | F12: 0 | G12: 38.735 | H12: 39.589 | I12: 41.07 | J12: 43.17 | K12: 0 | L12: 0 | M12: 8.379 | N12: 9.205 | O12: 0 | P12: 0 | Q12: 88.184 | R12: 91.964
B13: Current tax assets | C13: 0 | D13: 0 | E13: 3.083 | F13: 4.798 | G13: 18.64 | H13: 16.56 | I13: 0.026 | J13: 0.023 | K13: 0 | L13: 0 | M13: 25.427 | N13: 26.653 | O13: 0 | P13: 0 | Q13: 47.176 | R13: 48.034
B15: Non-current assets or groups of assets for disposal classified as held for sale or as held for distribution to owners | C15: 0 | D15: 0 | E15: 0 | F15: 0 | G15: 0 | H15: 0 | I15: 0 | J15: 0.175 | K15: 0 | L15: 0 | M15: 0 | N15: 0 | O15: 0 | P15: 0 | Q15: 0 | R15: 0.175
A17: NON-CURRENT ASSETS | C17: 0 | D17: 0 | E17: 43.972 | F17: 57.982 | G17: 6199.476 | H17: 6137.574 | I17: 4868.466 | J17: 4262.731 | K17: 0 | L17: 0 | M17: 1370.388 | N17: 1402.147 | O17: 0 | P17: 0 | Q17: 12482.302 | R17: 11860.434
B18: Non-current other financial assets | C18: 0 | D18: 0 | E18: 24.104 | F18: 18.131 | G18: 350.784 | H18: 344.378 | I18: 0.037 | J18: 0.01 | K18: 0 | L18: 0 | M18: 80.686 | N18: 83.493 | O18: 0 | P18: 0 | Q18: 455.611 | R18: 446.012
B19: Non-current other non-financial assets | C19: 0 | D19: 0 | E19: 0.141 | F19: 0.066 | G19: 64.321 | H19: 53.445 | I19: 5.16 | J19: 10.658 | K19: 0 | L19: 0 | M19: 14.237 | N19: 11.935 | O19: 0 | P19: 0 | Q19: 83.859 | R19: 76.104
B20: Non-current commercial accounts receivable and other accounts receivable | C20: 0 | D20: 0 | E20: 17.958 | F20: 38.807 | G20: 11.927 | H20: 49.406 | I20: 14.654 | J20: 41.146 | K20: 0 | L20: 0 | M20: 0.51 | N20: 0.51 | O20: 0 | P20: 0 | Q20: 45.049 | R20: 129.869
B21: Non-current accounts receivable from related companies | C21: 0 | D21: 0 | E21: 0 | F21: 0 | G21: 24.418 | H21: 145.812 | I21: 0 | J21: 0 | K21: 0 | L21: 0 | M21: 0 | N21: 0 | O21: 0 | P21: 0 | Q21: 24.418 | R21: 145.812
B22: Investments accounted for using the equity method | C22: 0 | D22: 0 | E22: 0.846 | F22: 0.219 | G22: 57.8 | H22: 54.566 | I22: 757.107 | J22: 662.986 | K22: 0 | L22: 0 | M22: 356.203 | N22: 356.224 | O22: 0 | P22: 0 | Q22: 1171.956 | R22: 1073.995
B23: Intangible assets other than goodwill | C23: 0 | D23: 0 | E23: 0.017 | F23: 0.015 | G23: 172.837 | H23: 171.949 | I23: 71.347 | J23: 63.023 | K23: 0 | L23: 0 | M23: 140.99 | N23: 152.941 | O23: 0 | P23: 0 | Q23: 385.191 | R23: 387.928
B24: Goodwill | C24: 0 | D24: 0 | E24: 0 | F24: 0 | G24: 0 | H24: 0 | I24: 0 | J24: 0 | K24: 0 | L24: 0 | M24: 1.158 | N24: 1.158 | O24: 0 | P24: 0 | Q24: 1.158 | R24: 1.158
B25: Property, plant and equipment | C25: 0 | D25: 0 | E25: 0.906 | F25: 0.744 | G25: 5388.191 | H25: 5184.81 | I25: 3951.913 | J25: 3428.18 | K25: 0 | L25: 0 | M25: 761.737 | N25: 780.658 | O25: 0 | P25: 0 | Q25: 10102.747 | R25: 9394.392
B26: Investment property | C26: 0 | D26: 0 | E26: 0 | F26: 0 | G26: 0 | H26: 0 | I26: 0 | J26: 0 | K26: 0 | L26: 0 | M26: 0 | N26: 0 | O26: 0 | P26: 0 | Q26: 0 | R26: 0
B27: Right of use assets | C27: 0 | D27: 0 | E27: 0 | F27: 0 | G27: 81.747 | H27: 89.348 | I27: 68.248 | J27: 56.728 | K27: 0 | L27: 0 | M27: 13.873 | N27: 14.562 | O27: 0 | P27: 0 | Q27: 163.868 | R27: 160.638
B28: Deferred tax assets | C28: 0 | D28: 0 | E28: 0 | F28: 0 | G28: 47.451 | H28: 43.86 | I28: 0 | J28: 0 | K28: 0 | L28: 0 | M28: 0.994 | N28: 0.666 | O28: 0 | P28: 0 | Q28: 48.445 | R28: 44.526
A30: TOTAL ASSETS | C30: 0 | D30: 0 | E30: 100.007 | F30: 105.908 | G30: 7087.967 | H30: 7039.2 | I30: 5450.667 | J30: 4475.123 | K30: 0 | L30: 0 | M30: 1579.286 | N30: 1597.936 | O30: 0.005 | P30: 0 | Q30: 14217.932 | R30: 13218.169
A34: Segment | C34: Generation and Transmission
A35: Country | C35: Chile | E35: Argentina | G35: Brazil | I35: Colombia | K35: Peru | M35: Central America | O35: Adjustments | Q35: Total
A36: LIABILITIES AND EQUITY | C36: March 31 2026 | D36: December 31 2025 | E36: March 31 2026 | F36: December 31 2025 | G36: March 31 2026 | H36: December 31 2025 | I36: March 31 2026 | J36: December 31 2025 | K36: March 31 2026 | L36: December 31 2025 | M36: March 31 2026 | N36: December 31 2025 | O36: March 31 2026 | P36: December 31 2025 | Q36: March 31 2026 | R36: December 31 2025
C37: US$ mn | D37: US$ mn | E37: US$ mn | F37: US$ mn | G37: US$ mn | H37: US$ mn | I37: US$ mn | J37: US$ mn | K37: US$ mn | L37: US$ mn | M37: US$ mn | N37: US$ mn | O37: US$ mn | P37: US$ mn | Q37: US$ mn | R37: US$ mn
A38: CURRENT LIABILITIES | C38: 0 | D38: 0 | E38: 12.096 | F38: 19.234 | G38: 1040.248 | H38: 1150.496 | I38: 1363.328 | J38: 865.295 | K38: 0 | L38: 0 | M38: 111.428 | N38: 89.908 | O38: 0 | P38: 0.002 | Q38: 2527.1 | R38: 2124.935
B39: Current other financial liabilities | C39: 0 | D39: 0 | E39: 0 | F39: 0 | G39: 77.14 | H39: 72.502 | I39: 284.628 | J39: 269.151 | K39: 0 | L39: 0 | M39: 0 | N39: 0 | O39: 0 | P39: 0 | Q39: 361.768 | R39: 341.653
B40: Current liabilities for leases | C40: 0 | D40: 0 | E40: 0 | F40: 0 | G40: 4.085 | H40: 3.694 | I40: 7.481 | J40: 5.289 | K40: 0 | L40: 0 | M40: 3.167 | N40: 3.034 | O40: 0 | P40: 0 | Q40: 14.733 | R40: 12.017
B41: Current commercial accounts payable and other accounts payable | C41: 0 | D41: 0 | E41: 1.577 | F41: 2.378 | G41: 292.285 | H41: 318.971 | I41: 575.185 | J41: 435.658 | K41: 0 | L41: 0 | M41: 54.729 | N41: 33.411 | O41: 0 | P41: 0 | Q41: 923.776 | R41: 790.418
B42: Current accounts payable to related companies | C42: 0 | D42: 0 | E42: 4.559 | F42: 5.604 | G42: 568.697 | H42: 617.217 | I42: 190.017 | J42: 8.749 | K42: 0 | L42: 0 | M42: 23.791 | N42: 19.941 | O42: 0 | P42: 0.002 | Q42: 787.064 | R42: 651.513
B43: Current other provisions | C43: 0 | D43: 0 | E43: 0 | F43: 0 | G43: 0 | H43: 0 | I43: 62.737 | J43: 78.59 | K43: 0 | L43: 0 | M43: 0.123 | N43: 0 | O43: 0 | P43: 0 | Q43: 62.86 | R43: 78.59
B44: Current tax liabilities | C44: 0 | D44: 0 | E44: 0 | F44: 4.655 | G44: 31.587 | H44: 39.658 | I44: 168.269 | J44: 9.023 | K44: 0 | L44: 0 | M44: 29.047 | N44: 32.452 | O44: 0 | P44: 0 | Q44: 228.903 | R44: 85.788
B45: Current provisions for employee benefits | C45: 0 | D45: 0 | E45: 0 | F45: 0 | G45: 0 | H45: 0 | I45: 0 | J45: 0 | K45: 0 | L45: 0 | M45: 0 | N45: 0 | O45: 0 | P45: 0 | Q45: 0 | R45: 0
B46: Current other non-financial liabilities | C46: 0 | D46: 0 | E46: 5.96 | F46: 6.597 | G46: 66.454 | H46: 98.454 | I46: 75.011 | J46: 58.835 | K46: 0 | L46: 0 | M46: 0.571 | N46: 1.07 | O46: 0 | P46: 0 | Q46: 147.996 | R46: 164.956
B48: Liabilities included in disposal groups classified as held for sale | C48: 0 | D48: 0 | E48: 0 | F48: 0 | G48: 0 | H48: 0 | I48: 0 | J48: 0 | K48: 0 | L48: 0 | M48: 0 | N48: 0 | O48: 0 | P48: 0 | Q48: 0 | R48: 0
A50: NON-CURRENT LIABILITIES | C50: 0 | D50: 0 | E50: 13.835 | F50: 18.131 | G50: 914.316 | H50: 984.895 | I50: 2159.242 | J50: 2067.307 | K50: 0 | L50: 0 | M50: 103.737 | N50: 125.147 | O50: 0 | P50: 0 | Q50: 3191.13 | R50: 3195.48
B51: Non-current other financial liabilities | C51: 0 | D51: 0 | E51: 0 | F51: 0 | G51: 522.395 | H51: 528.975 | I51: 1796.99 | J51: 1602.687 | K51: 0 | L51: 0 | M51: 0 | N51: 0 | O51: 0 | P51: 0 | Q51: 2319.385 | R51: 2131.662
B52: Non-current liabilities for leases | C52: 0 | D52: 0 | E52: 0 | F52: 0 | G52: 80.379 | H52: 86.279 | I52: 55.731 | J52: 47.316 | K52: 0 | L52: 0 | M52: 13.261 | N52: 13.836 | O52: 0 | P52: 0 | Q52: 149.371 | R52: 147.431
B53: Non-current commercial accounts payable and other accounts payable | C53: 0 | D53: 0 | E53: 0 | F53: 0 | G53: 13.42 | H53: 4.419 | I53: 6.086 | J53: 4.169 | K53: 0 | L53: 0 | M53: 22.919 | N53: 40.058 | O53: 0 | P53: 0 | Q53: 42.425 | R53: 48.646
B54: Non-current accounts payable to related companies | C54: 0 | D54: 0 | E54: 0 | F54: 0 | G54: 113.972 | H54: 63.882 | I54: 0 | J54: 0 | K54: 0 | L54: 0 | M54: 19.545 | N54: 23.745 | O54: 0 | P54: 0 | Q54: 133.517 | R54: 87.627
B55: Non-current other provisions | C55: 0 | D55: 0 | E55: 0 | F55: 0 | G55: 13.881 | H55: 12.48 | I55: 272.089 | J55: 226.18 | K55: 0 | L55: 0 | M55: 4.044 | N55: 3.15 | O55: 0 | P55: 0 | Q55: 290.014 | R55: 241.81
B56: Deferred tax liabilities | C56: 0 | D56: 0 | E56: 10.272 | F56: 10.812 | G56: 78.592 | H56: 72.901 | I56: 0 | J56: 162.719 | K56: 0 | L56: 0 | M56: 43.704 | N56: 44.046 | O56: 0 | P56: 0 | Q56: 132.568 | R56: 290.478
B57: Non-current provisions for employee benefits | C57: 0 | D57: 0 | E57: 0.112 | F57: 0.118 | G57: 0 | H57: 0 | I57: 28.346 | J57: 24.236 | K57: 0 | L57: 0 | M57: 0.264 | N57: 0.312 | O57: 0 | P57: 0 | Q57: 28.722 | R57: 24.666
B58: Non-current other non-financial liabilities | C58: 0 | D58: 0 | E58: 3.451 | F58: 7.201 | G58: 91.677 | H58: 215.959 | I58: 0 | J58: 0 | K58: 0 | L58: 0 | M58: 0 | N58: 0 | O58: 0 | P58: 0 | Q58: 95.128 | R58: 223.16
A60: EQUITY | C60: 0 | D60: 0 | E60: 74.076 | F60: 68.543 | G60: 5133.403 | H60: 4903.809 | I60: 1928.097 | J60: 1542.521 | K60: 0 | L60: 0 | M60: 1364.121 | N60: 1382.881 | O60: 0.005 | P60: 0 | Q60: 8499.702 | R60: 7897.754
A61: Equity attributable to the owners of the parent company | C61: 0 | D61: 0 | E61: 74.076 | F61: 68.543 | G61: 5133.403 | H61: 4903.809 | I61: 1928.097 | J61: 1542.521 | K61: 0 | L61: 0 | M61: 1364.121 | N61: 1382.881 | O61: 0.005 | P61: 0 | Q61: 8499.702 | R61: 7897.754
B62: Issued capital | C62: 0 | D62: 0 | E62: 159.411 | F62: 135.224 | G62: 4831.516 | H62: 4461.1 | I62: 198.089 | J62: 173.47 | K62: 0 | L62: 0 | M62: 1032.451 | N62: 1032.451 | O62: 0 | P62: 0 | Q62: 6221.467 | R62: 5802.245
B63: Retained earnings (losses) | C63: 0 | D63: 0 | E63: -106.035 | F63: -79.564 | G63: 65.197 | H63: 240.164 | I63: -572.52 | J63: -647.775 | K63: 0 | L63: 0 | M63: 261.267 | N63: 283.168 | O63: 0 | P63: 0 | Q63: -352.091 | R63: -204.007
B64: Issue premiums | C64: 0 | D64: 0 | E64: 0 | F64: 0 | G64: 0 | H64: 0 | I64: 35.69 | J64: 31.254 | K64: 0 | L64: 0 | M64: 0 | N64: 0 | O64: 0 | P64: 0 | Q64: 35.69 | R64: 31.254
B65: Own shares in portfolio | C65: 0 | D65: 0 | E65: 0 | F65: 0 | G65: -0.054 | H65: -0.051 | I65: 0 | J65: 0 | K65: 0 | L65: 0 | M65: 0 | N65: 0 | O65: 0 | P65: 0 | Q65: -0.054 | R65: -0.051
B66: Other equity interests | C66: 0 | D66: 0 | E66: 0 | F66: 0 | G66: 0 | H66: 0 | I66: 0 | J66: 0 | K66: 0 | L66: 0 | M66: 0 | N66: 0 | O66: 0 | P66: 0 | Q66: 0 | R66: 0
B67: Other reserves | C67: 0 | D67: 0 | E67: 20.7 | F67: 12.883 | G67: 236.744 | H67: 202.596 | I67: 2266.838 | J67: 1985.572 | K67: 0 | L67: 0 | M67: 70.403 | N67: 67.262 | O67: 0.005 | P67: 0 | Q67: 2594.69 | R67: 2268.313
A69: Equity Attributable to Minority Interest | C69: 0 | D69: 0 | E69: 0 | F69: 0 | G69: 0 | H69: 0 | I69: 0 | J69: 0 | K69: 0 | L69: 0 | M69: 0 | N69: 0 | O69: 0 | P69: 0 | Q69: 0 | R69: 0
A71: TOTAL LIABILITIES AND EQUITY | C71: 0 | D71: 0 | E71: 100.007 | F71: 105.908 | G71: 7087.967 | H71: 7039.2 | I71: 5450.667 | J71: 4475.123 | K71: 0 | L71: 0 | M71: 1579.286 | N71: 1597.936 | O71: 0.005 | P71: 0.002 | Q71: 14217.932 | R71: 13218.169
C74: Generation and Transmission
A75: Country | C75: Chile | G75: Argentina | K75: Brazil | O75: Colombia | S75: Peru | W75: Central America | AA75: Adjustments | AE75: Total
C76: Accumulated figures | E76: Quarterly figures | G76: Accumulated figures | I76: Quarterly figures | K76: Accumulated figures | M76: Quarterly figures | O76: Accumulated figures | Q76: Quarterly figures | S76: Accumulated figures | U76: Quarterly figures | W76: Accumulated figures | Y76: Quarterly figures | AA76: Accumulated figures | AC76: Quarterly figures | AE76: Accumulated figures | AG76: Quarterly figures
C77: 9M 2026 | D77: 9M 2025 | E77: Q3 2026 | F77: Q3 2025 | G77: 9M 2026 | H77: 9M 2025 | I77: Q3 2026 | J77: Q3 2025 | K77: 9M 2026 | L77: 9M 2025 | M77: Q3 2026 | N77: Q3 2025 | O77: 9M 2026 | P77: 9M 2025 | Q77: Q3 2026 | R77: Q3 2025 | S77: 9M 2026 | T77: 9M 2025 | U77: Q3 2026 | V77: Q3 2025 | W77: 9M 2026 | X77: 9M 2025 | Y77: Q3 2026 | Z77: Q3 2025 | AA77: 9M 2026 | AB77: 9M 2025 | AC77: Q3 2026 | AD77: Q3 2025 | AE77: 9M 2026 | AF77: 9M 2025 | AG77: Q3 2026 | AH77: Q3 2025
C78: US$ mn | D78: US$ mn | E78: US$ mn | F78: US$ mn | G78: US$ mn | H78: US$ mn | I78: US$ mn | J78: US$ mn | K78: US$ mn | L78: US$ mn | M78: US$ mn | N78: US$ mn | O78: US$ mn | P78: US$ mn | Q78: US$ mn | R78: US$ mn | S78: US$ mn | T78: US$ mn | U78: US$ mn | V78: US$ mn | W78: US$ mn | X78: US$ mn | Y78: US$ mn | Z78: US$ mn | AA78: US$ mn | AB78: US$ mn | AC78: US$ mn | AD78: US$ mn | AE78: US$ mn | AF78: US$ mn | AG78: US$ mn | AH78: US$ mn
A79: REVENUES | C79: 0 | D79: 0 | E79: 0 | F79: 0 | G79: 3.53 | H79: 36.707 | I79: 0.948 | J79: 9.316 | K79: 1164.083 | L79: 965.789 | M79: 321.655 | N79: 358.145 | O79: 1786.975 | P79: 1222.583 | Q79: 808.719 | R79: 428.608 | S79: 0 | T79: 0 | U79: 0 | V79: 0 | W79: 244.153 | X79: 253.054 | Y79: 85.07 | Z79: 88.46 | AA79: 0 | AB79: -0.025 | AC79: 0 | AD79: -0.001 | AE79: 3198.741 | AF79: 2478.108 | AG79: 1216.392 | AH79: 884.528
B80: Sales | C80: 0 | D80: 0 | E80: 0 | F80: 0 | G80: 3.528 | H80: 36.707 | I80: 0.946 | J80: 9.316 | K80: 1131.228 | L80: 960.393 | M80: 307.961 | N80: 357.613 | O80: 1772.316 | P80: 1200.92 | Q80: 805.523 | R80: 424.187 | S80: 0 | T80: 0 | U80: 0 | V80: 0 | W80: 243.862 | X80: 252.967 | Y80: 84.886 | Z80: 88.431 | AA80: 0 | AB80: -0.025 | AC80: 0 | AD80: -0.001 | AE80: 3150.934 | AF80: 2450.962 | AG80: 1199.316 | AH80: 879.546
B81: Energy sales | C81: 0 | D81: 0 | E81: 0 | F81: 0 | G81: 1.038 | H81: 34.215 | I81: -0.038 | J81: 8.897 | K81: 1130.691 | L81: 960.022 | M81: 307.631 | N81: 357.547 | O81: 1759.852 | P81: 1188.498 | Q81: 801.212 | R81: 419.915 | S81: 0 | T81: 0 | U81: 0 | V81: 0 | W81: 243.668 | X81: 252.792 | Y81: 84.83 | Z81: 88.523 | AA81: 0 | AB81: 0 | AC81: 0 | AD81: 0 | AE81: 3135.249 | AF81: 2435.527 | AG81: 1193.635 | AH81: 874.882
B82: Other sales | C82: 0 | D82: 0 | E82: 0 | F82: 0 | G82: 0.024 | H82: 0.029 | I82: -0.002 | J82: -0.004 | K82: 0.425 | L82: 0.098 | M82: 0.166 | N82: 0.002 | O82: 12.387 | P82: 12.344 | Q82: 4.285 | R82: 4.245 | S82: 0 | T82: 0 | U82: 0 | V82: 0 | W82: 0.029 | X82: 0.04 | Y82: 0.003 | Z82: -0.138 | AA82: 0 | AB82: 0 | AC82: 0 | AD82: 0 | AE82: 12.865 | AF82: 12.511 | AG82: 4.452 | AH82: 4.105
B83: Other services | C83: 0 | D83: 0 | E83: 0 | F83: 0 | G83: 2.466 | H83: 2.463 | I83: 0.986 | J83: 0.423 | K83: 0.112 | L83: 0.273 | M83: 0.164 | N83: 0.064 | O83: 0.077 | P83: 0.078 | Q83: 0.026 | R83: 0.027 | S83: 0 | T83: 0 | U83: 0 | V83: 0 | W83: 0.165 | X83: 0.135 | Y83: 0.053 | Z83: 0.046 | AA83: 0 | AB83: -0.025 | AC83: 0 | AD83: -0.001 | AE83: 2.82 | AF83: 2.924 | AG83: 1.229 | AH83: 0.559
B84: Other operating income | C84: 0 | D84: 0 | E84: 0 | F84: 0 | G84: 0.002 | H84: 0 | I84: 0.002 | J84: 0 | K84: 32.855 | L84: 5.396 | M84: 13.694 | N84: 0.532 | O84: 14.659 | P84: 21.663 | Q84: 3.196 | R84: 4.421 | S84: 0 | T84: 0 | U84: 0 | V84: 0 | W84: 0.291 | X84: 0.087 | Y84: 0.184 | Z84: 0.029 | AA84: 0 | AB84: 0 | AC84: 0 | AD84: 0 | AE84: 47.807 | AF84: 27.146 | AG84: 17.076 | AH84: 4.982
A86: PROCUREMENTS AND SERVICES | C86: 0 | D86: 0 | E86: 0 | F86: 0 | G86: -0.243 | H86: -3.133 | I86: 0.003 | J86: -0.534 | K86: -633.129 | L86: -450.338 | M86: -145.181 | N86: -168.086 | O86: -604.432 | P86: -506.722 | Q86: -244.747 | R86: -172.799 | S86: 0 | T86: 0 | U86: 0 | V86: 0 | W86: -75.534 | X86: -72.654 | Y86: -38.989 | Z86: -23.647 | AA86: 0 | AB86: 0.025 | AC86: 0 | AD86: 0.001 | AE86: -1313.338 | AF86: -1032.822 | AG86: -428.914 | AH86: -365.065
B87: Power purchased | C87: 0 | D87: 0 | E87: 0 | F87: 0 | G87: 0.066 | H87: -0.08 | I87: 0.066 | J87: -0.052 | K87: -549.831 | L87: -379.168 | M87: -115.26 | N87: -142.517 | O87: -414.091 | P87: -341.978 | Q87: -162.43 | R87: -117.787 | S87: 0 | T87: 0 | U87: 0 | V87: 0 | W87: -57.045 | X87: -53.811 | Y87: -32.339 | Z87: -16.915 | AA87: 0 | AB87: 0.025 | AC87: 0 | AD87: 0.001 | AE87: -1020.901 | AF87: -775.012 | AG87: -309.963 | AH87: -277.27
B88: Cost of fuel consumed | C88: 0 | D88: 0 | E88: 0 | F88: 0 | G88: 0 | H88: 0 | I88: 0 | J88: 0 | K88: -0.003 | L88: -0.003 | M88: -0.001 | N88: -0.001 | O88: -35.142 | P88: -15.967 | Q88: -20.033 | R88: -4.09 | S88: 0 | T88: 0 | U88: 0 | V88: 0 | W88: 0 | X88: 0 | Y88: 0 | Z88: 0 | AA88: 0 | AB88: 0 | AC88: 0 | AD88: 0 | AE88: -35.145 | AF88: -15.97 | AG88: -20.034 | AH88: -4.091
B89: Transportation expenses | C89: 0 | D89: 0 | E89: 0 | F89: 0 | G89: -0.001 | H89: 0 | I89: 0 | J89: 0 | K89: -81.667 | L89: -69.535 | M89: -29.601 | N89: -24.877 | O89: -82.035 | P89: -92.663 | Q89: -28.844 | R89: -31.258 | S89: 0 | T89: 0 | U89: 0 | V89: 0 | W89: -16.461 | X89: -17.387 | Y89: -5.684 | Z89: -6.3 | AA89: 0 | AB89: 0 | AC89: 0 | AD89: 0 | AE89: -180.164 | AF89: -179.585 | AG89: -64.129 | AH89: -62.435
B90: Other variable procurements and services | C90: 0 | D90: 0 | E90: 0 | F90: 0 | G90: -0.308 | H90: -3.053 | I90: -0.063 | J90: -0.482 | K90: -1.628 | L90: -1.632 | M90: -0.319 | N90: -0.691 | O90: -73.164 | P90: -56.114 | Q90: -33.44 | R90: -19.664 | S90: 0 | T90: 0 | U90: 0 | V90: 0 | W90: -2.028 | X90: -1.456 | Y90: -0.966 | Z90: -0.432 | AA90: 0 | AB90: 0 | AC90: 0 | AD90: 0 | AE90: -77.128 | AF90: -62.255 | AG90: -34.788 | AH90: -21.269
A92: CONTRIBUTION MARGIN | C92: 0 | D92: 0 | E92: 0 | F92: 0 | G92: 3.287 | H92: 33.574 | I92: 0.951 | J92: 8.782 | K92: 530.954 | L92: 515.451 | M92: 176.474 | N92: 190.059 | O92: 1182.543 | P92: 715.861 | Q92: 563.972 | R92: 255.809 | S92: 0 | T92: 0 | U92: 0 | V92: 0 | W92: 168.619 | X92: 180.4 | Y92: 46.081 | Z92: 64.813 | AA92: 0 | AB92: 0 | AC92: 0 | AD92: 0 | AE92: 1885.403 | AF92: 1445.286 | AG92: 787.478 | AH92: 519.463
B94: Other work perfomed by the entity and capitalized | C94: 0 | D94: 0 | E94: 0 | F94: 0 | G94: 0 | H94: 0 | I94: 0 | J94: 0 | K94: 1.731 | L94: 0.014 | M94: 0.56 | N94: -0.017 | O94: 4.95 | P94: 3.62 | Q94: 2.336 | R94: 1.93 | S94: 0 | T94: 0 | U94: 0 | V94: 0 | W94: 0.017 | X94: 0.019 | Y94: 0 | Z94: 0.008 | AA94: 0 | AB94: 0 | AC94: 0 | AD94: 0 | AE94: 6.698 | AF94: 3.653 | AG94: 2.896 | AH94: 1.921
B95: Employee benefits expenses | C95: 0 | D95: 0 | E95: 0 | F95: 0 | G95: -1.782 | H95: -0.935 | I95: -0.12 | J95: 1.655 | K95: -15.462 | L95: -14.443 | M95: -5.258 | N95: -5.426 | O95: -54.057 | P95: -40.001 | Q95: -19.328 | R95: -14.199 | S95: 0 | T95: 0 | U95: 0 | V95: 0 | W95: -8.909 | X95: -9.854 | Y95: -2.709 | Z95: -3.615 | AA95: 0 | AB95: 0 | AC95: 0 | AD95: 0 | AE95: -80.21 | AF95: -65.233 | AG95: -27.415 | AH95: -21.585
B96: Other expenses | C96: 0 | D96: 0 | E96: 0 | F96: 0 | G96: -1.506 | H96: -5.446 | I96: -0.386 | J96: -1.219 | K96: -96.032 | L96: -79.472 | M96: -27.426 | N96: -26.92 | O96: -54.308 | P96: -40.312 | Q96: -19.571 | R96: -16.509 | S96: 0 | T96: 0 | U96: 0 | V96: 0 | W96: -16.705 | X96: -16.13 | Y96: -5.382 | Z96: -6.738 | AA96: 0 | AB96: 0 | AC96: 0 | AD96: 0 | AE96: -168.551 | AF96: -141.36 | AG96: -52.765 | AH96: -51.386
A98: GROSS OPERATING INCOME (EBITDA) | C98: 0 | D98: 0 | E98: 0 | F98: 0 | G98: -0.001 | H98: 27.193 | I98: 0.445 | J98: 9.218 | K98: 421.191 | L98: 421.55 | M98: 144.35 | N98: 157.696 | O98: 1079.128 | P98: 639.168 | Q98: 527.409 | R98: 227.031 | S98: 0 | T98: 0 | U98: 0 | V98: 0 | W98: 143.022 | X98: 154.435 | Y98: 37.99 | Z98: 54.468 | AA98: 0 | AB98: 0 | AC98: 0 | AD98: 0 | AE98: 1643.34 | AF98: 1242.346 | AG98: 710.194 | AH98: 448.413
B100: Depreciation and amortization expense | C100: 0 | D100: 0 | E100: 0 | F100: 0 | G100: -0.095 | H100: -0.472 | I100: -0.061 | J100: -0.217 | K100: -165.357 | L100: -147.998 | M100: -55.261 | N100: -147.998 | O100: -87.698 | P100: -65.636 | Q100: -32.348 | R100: -22.92 | S100: 0 | T100: 0 | U100: 0 | V100: 0 | W100: -42.025 | X100: -37.974 | Y100: -14.036 | Z100: -12.631 | AA100: 0 | AB100: 0 | AC100: 0 | AD100: 0 | AE100: -295.175 | AF100: -252.08 | AG100: -101.706 | AH100: -87.108
B101: Impairment loss recognized in the period's profit or loss | C101: 0 | D101: 0 | E101: 0 | F101: 0 | G101: 0 | H101: -0.019 | I101: 0 | J101: -0.013 | K101: -1.054 | L101: 0 | M101: -0.001 | N101: 0 | O101: 0 | P101: 6.311 | Q101: 0 | R101: 0.182 | S101: 0 | T101: 0 | U101: 0 | V101: 0 | W101: 0 | X101: -0.272 | Y101: 0 | Z101: -0.272 | AA101: 0 | AB101: 0 | AC101: 0 | AD101: 0 | AE101: -1.054 | AF101: 6.02 | AG101: -0.001 | AH101: -0.103
B102: Impairment gains and reversals of impairment losses (Impairment losses) determined in accordance with IFRS 9 | C102: 0 | D102: 0 | E102: 0 | F102: 0 | G102: 0 | H102: 0 | I102: 0 | J102: 0 | K102: 1.078 | L102: -2.624 | M102: 1.779 | N102: -2.624 | O102: -24.923 | P102: -3.494 | Q102: -17.745 | R102: -0.051 | S102: 0 | T102: 0 | U102: 0 | V102: 0 | W102: -0.992 | X102: 0.019 | Y102: -0.18 | Z102: -0.073 | AA102: 0 | AB102: 0 | AC102: 0 | AD102: 0 | AE102: -24.837 | AF102: -6.099 | AG102: -16.146 | AH102: 3.109
A104: OPERATING INCOME | C104: 0 | D104: 0 | E104: 0 | F104: 0 | G104: -0.096 | H104: 26.702 | I104: 0.384 | J104: 8.988 | K104: 255.858 | L104: 270.928 | M104: 90.867 | N104: 270.928 | O104: 966.507 | P104: 576.349 | Q104: 477.316 | R104: 204.242 | S104: 0 | T104: 0 | U104: 0 | V104: 0 | W104: 100.005 | X104: 116.208 | Y104: 23.774 | Z104: 41.492 | AA104: 0 | AB104: 0 | AC104: 0 | AD104: 0 | AE104: 1322.274 | AF104: 990.187 | AG104: 592.341 | AH104: 364.311
A106: NET FINANCIAL INCOME | C106: 0 | D106: 0 | E106: 0 | F106: 0 | G106: -12.369 | H106: 5.11 | I106: -0.112 | J106: 10.285 | K106: -25.316 | L106: -28.481 | M106: -7.217 | N106: -28.481 | O106: -153.548 | P106: -96.88 | Q106: -59.453 | R106: -29.764 | S106: 0 | T106: 0 | U106: 0 | V106: 0 | W106: 1.365 | X106: -6.114 | Y106: -0.375 | Z106: -1.289 | AA106: 0 | AB106: -0.001 | AC106: 0 | AD106: -0.001 | AE106: -189.868 | AF106: -126.366 | AG106: -67.157 | AH106: -27.666
B107: Financial Income | C107: 0 | D107: 0 | E107: 0 | F107: 0 | G107: 3.872 | H107: 6.565 | I107: 1.336 | J107: 4.471 | K107: 58.776 | L107: 53.617 | M107: 16.128 | N107: 53.617 | O107: 10.842 | P107: 5.027 | Q107: 4.175 | R107: 1.628 | S107: 0 | T107: 0 | U107: 0 | V107: 0 | W107: 4.331 | X107: 3.357 | Y107: 1.518 | Z107: 1.032 | AA107: 0 | AB107: -0.012 | AC107: 0 | AD107: -0.004 | AE107: 77.821 | AF107: 68.554 | AG107: 23.157 | AH107: 26.994
B108: Cash and cash equivalents | C108: 0 | D108: 0 | E108: 0 | F108: 0 | G108: 0.559 | H108: 2.912 | I108: 0.147 | J108: 1.895 | K108: 34.847 | L108: 23.633 | M108: 8.603 | N108: 23.633 | O108: 19.497 | P108: 10.576 | Q108: 8.385 | R108: 3.288 | S108: 0 | T108: 0 | U108: 0 | V108: 0 | W108: 2.051 | X108: 0.272 | Y108: 0.719 | Z108: 0.106 | AA108: 0 | AB108: 0 | AC108: 0 | AD108: 0 | AE108: 56.954 | AF108: 37.393 | AG108: 17.854 | AH108: 13.386
B109: Others financial income | C109: 0 | D109: 0 | E109: 0 | F109: 0 | G109: 3.313 | H109: 3.653 | I109: 1.189 | J109: 2.576 | K109: 23.929 | L109: 29.984 | M109: 7.525 | N109: 29.984 | O109: -8.655 | P109: -5.549 | Q109: -4.21 | R109: -1.66 | S109: 0 | T109: 0 | U109: 0 | V109: 0 | W109: 2.28 | X109: 3.085 | Y109: 0.799 | Z109: 0.926 | AA109: 0 | AB109: -0.012 | AC109: 0 | AD109: -0.004 | AE109: 20.867 | AF109: 31.161 | AG109: 5.303 | AH109: 13.608
B110: Financial costs | C110: 0 | D110: 0 | E110: 0 | F110: 0 | G110: -0.033 | H110: -0.468 | I110: 0.277 | J110: -0.012 | K110: -87.313 | L110: -81.945 | M110: -23.789 | N110: -81.945 | O110: -153.617 | P110: -102.727 | Q110: -58.896 | R110: -29.577 | S110: 0 | T110: 0 | U110: 0 | V110: 0 | W110: -6.138 | X110: -8.856 | Y110: -1.938 | Z110: -2.68 | AA110: 0.001 | AB110: 0.013 | AC110: 0.001 | AD110: 0.004 | AE110: -247.1 | AF110: -193.983 | AG110: -84.345 | AH110: -60.042
B111: Bank loans | C111: 0 | D111: 0 | E111: 0 | F111: 0 | G111: -0.007 | H111: 0.003 | I111: -0.007 | J111: -0.018 | K111: -36.99 | L111: -38.49 | M111: -10.733 | N111: -38.49 | O111: -217.814 | P111: -150.314 | Q111: -82.132 | R111: -50.89 | S111: 0 | T111: 0 | U111: 0 | V111: 0 | W111: 0 | X111: 0 | Y111: 0 | Z111: 0 | AA111: 0 | AB111: 0 | AC111: 0 | AD111: 0 | AE111: -254.811 | AF111: -188.801 | AG111: -92.872 | AH111: -63.017
B112: Secured and unsecured obligations | C112: 0 | D112: 0 | E112: 0 | F112: 0 | G112: 0 | H112: 0 | I112: 0 | J112: 0 | K112: -5.749 | L112: -6.531 | M112: -0.489 | N112: -6.531 | O112: -18.958 | P112: -25.08 | Q112: -7.197 | R112: -8.008 | S112: 0 | T112: 0 | U112: 0 | V112: 0 | W112: 0 | X112: 0 | Y112: 0 | Z112: 0 | AA112: 0 | AB112: 0 | AC112: 0 | AD112: 0 | AE112: -24.707 | AF112: -31.611 | AG112: -7.686 | AH112: -9.431
B113: Others | C113: 0 | D113: 0 | E113: 0 | F113: 0 | G113: -0.026 | H113: -0.471 | I113: 0.284 | J113: 0.006 | K113: -44.574 | L113: -36.924 | M113: -12.567 | N113: -36.924 | O113: 83.155 | P113: 72.667 | Q113: 30.433 | R113: 29.321 | S113: 0 | T113: 0 | U113: 0 | V113: 0 | W113: -6.138 | X113: -8.856 | Y113: -1.938 | Z113: -2.68 | AA113: 0.001 | AB113: 0.013 | AC113: 0.001 | AD113: 0.004 | AE113: 32.418 | AF113: 26.429 | AG113: 16.213 | AH113: 12.406
B114: Income (Loss) for indexed assets and liabilities | C114: 0 | D114: 0 | E114: 0 | F114: 0 | G114: 0 | H114: 0 | I114: 0 | J114: 0 | K114: 0 | L114: 0 | M114: 0 | N114: 0 | O114: 0 | P114: 0 | Q114: 0 | R114: 0 | S114: 0 | T114: 0 | U114: 0 | V114: 0 | W114: 0 | X114: 0 | Y114: 0 | Z114: 0 | AA114: 0 | AB114: 0 | AC114: 0 | AD114: 0 | AE114: 0 | AF114: 0 | AG114: 0 | AH114: 0
B115: Foreign currency exchange differences | C115: 0 | D115: 0 | E115: 0 | F115: 0 | G115: 0.346 | H115: 20.611 | I115: 0.847 | J115: 10.184 | K115: 3.221 | L115: -0.153 | M115: 0.445 | N115: -0.153 | O115: -10.773 | P115: 0.82 | Q115: -4.732 | R115: -1.815 | S115: 0 | T115: 0 | U115: 0 | V115: 0 | W115: 3.172 | X115: -0.615 | Y115: 0.045 | Z115: 0.359 | AA115: -0.001 | AB115: -0.002 | AC115: -0.001 | AD115: -0.001 | AE115: -4.035 | AF115: 20.661 | AG115: -3.396 | AH115: 9.74
B117: Share of profit (loss) of associates and joint ventures accounted for using the equity method | C117: 0 | D117: 0 | E117: 0 | F117: 0 | G117: 1.483 | H117: 0 | I117: -0.044 | J117: 0 | K117: 0 | L117: 0 | M117: 0 | N117: 0 | O117: 0 | P117: 0 | Q117: 0 | R117: 0 | S117: 0 | T117: 0 | U117: 0 | V117: 0 | W117: 0 | X117: 0 | Y117: 0 | Z117: 0 | AA117: 0 | AB117: 0 | AC117: 0 | AD117: 0 | AE117: 1.483 | AF117: 0 | AG117: -0.044 | AH117: 0
B118: Other profit (losses) | C118: 0 | D118: 0 | E118: 0 | F118: 0 | G118: 0 | H118: 0 | I118: 0 | J118: 0 | K118: 0 | L118: 0 | M118: 0 | N118: 0 | O118: 0 | P118: 0.834 | Q118: 0 | R118: 0.129 | S118: 0 | T118: 0 | U118: 0 | V118: 0 | W118: 0.14 | X118: 0.001 | Y118: 0.129 | Z118: 0 | AA118: 0 | AB118: 0 | AC118: 0 | AD118: -0.02 | AE118: 0.14 | AF118: 0.835 | AG118: 0.129 | AH118: 0.109
B119: Other investments result | C119: 0 | D119: 0 | E119: 0 | F119: 0 | G119: 0 | H119: 0 | I119: 0 | J119: 0 | K119: 0 | L119: 0 | M119: 0 | N119: 0 | O119: 0 | P119: 0.717 | Q119: 0 | R119: 0.012 | S119: 0 | T119: 0 | U119: 0 | V119: 0 | W119: 0 | X119: 0 | Y119: 0 | Z119: 0 | AA119: 0 | AB119: 0 | AC119: 0 | AD119: 0 | AE119: 0 | AF119: 0.717 | AG119: 0 | AH119: 0.012
B120: Profit (Loss) from sales of assets | C120: 0 | D120: 0 | E120: 0 | F120: 0 | G120: 0 | H120: 0 | I120: 0 | J120: 0 | K120: 0 | L120: 0 | M120: 0 | N120: 0 | O120: 0 | P120: 0.117 | Q120: 0 | R120: 0.117 | S120: 0 | T120: 0 | U120: 0 | V120: 0 | W120: 0.14 | X120: 0.001 | Y120: 0.129 | Z120: 0 | AA120: 0 | AB120: 0 | AC120: 0 | AD120: -0.02 | AE120: 0.14 | AF120: 0.118 | AG120: 0.129 | AH120: 0.097
A122: Income (losses) before taxes | C122: 0 | D122: 0 | E122: 0 | F122: 0 | G122: -10.982 | H122: 31.812 | I122: 0.228 | J122: 19.273 | K122: 230.542 | L122: 242.447 | M122: 83.65 | N122: 242.447 | O122: 812.959 | P122: 480.303 | Q122: 417.863 | R122: 174.607 | S122: 0 | T122: 0 | U122: 0 | V122: 0 | W122: 101.51 | X122: 110.095 | Y122: 23.528 | Z122: 40.203 | AA122: 0 | AB122: -0.001 | AC122: 0 | AD122: -0.021 | AE122: 1134.029 | AF122: 864.656 | AG122: 525.269 | AH122: 336.754
B124: Income tax expenses | C124: 0 | D124: 0 | E124: 0 | F124: 0 | G124: 3.032 | H124: -14.698 | I124: -0.37 | J124: -6.49 | K124: -83.195 | L124: -61.594 | M124: -24.456 | N124: -61.594 | O124: -264.193 | P124: -148.394 | Q124: -140.457 | R124: -51.864 | S124: 0 | T124: 0 | U124: 0 | V124: 0 | W124: -36.343 | X124: -33.603 | Y124: -9.018 | Z124: -10.172 | AA124: 0 | AB124: 0 | AC124: 0 | AD124: 0 | AE124: -380.699 | AF124: -258.289 | AG124: -174.301 | AH124: -89.675
...

Sheet Distribution Segment
A2: Segment | C2: Distribution
A3: Country | C3: Chile | E3: Argentina | G3: Brazil | I3: Colombia | K3: Peru | M3: Adjustments | O3: Total
A4: ASSETS | C4: March 31 2026 | D4: December 31 2025 | E4: March 31 2026 | F4: December 31 2025 | G4: March 31 2026 | H4: December 31 2025 | I4: March 31 2026 | J4: December 31 2025 | K4: March 31 2026 | L4: December 31 2025 | M4: March 31 2026 | N4: December 31 2025 | O4: March 31 2026 | P4: December 31 2025
C5: US$ mn | D5: US$ mn | E5: US$ mn | F5: US$ mn | G5: US$ mn | H5: US$ mn | I5: US$ mn | J5: US$ mn | K5: US$ mn | L5: US$ mn | M5: US$ mn | N5: US$ mn | O5: US$ mn | P5: US$ mn
A6: CURRENT ASSETS | C6: 0 | D6: 0 | E6: 473.316 | F6: 369.154 | G6: 3858.211 | H6: 3220.371 | I6: 817.133 | J6: 616.317 | K6: 0 | L6: 0 | M6: 0 | N6: 0 | O6: 5148.66 | P6: 4205.842
B7: Cash and cash equivalents | C7: 0 | D7: 0 | E7: 11.996 | F7: 15.533 | G7: 209.592 | H7: 172.264 | I7: 228.183 | J7: 133.784 | K7: 0 | L7: 0 | M7: 0 | N7: 0 | O7: 449.771 | P7: 0
B8: Current other financial assets | C8: 0 | D8: 0 | E8: 60.825 | F8: 0 | G8: 0.832 | H8: 59.033 | I8: 2.697 | J8: 6.851 | K8: 0 | L8: 0 | M8: 0 | N8: 0 | O8: 64.354 | P8: 15678.075
B9: Current other non-financial assets | C9: 0 | D9: 0 | E9: 17.408 | F9: 17.823 | G9: 286.704 | H9: 311.5 | I9: 0 | J9: 18.038 | K9: 0 | L9: 0 | M9: 0 | N9: 0 | O9: 304.112 | P9: 5414.436
B10: Current commercial accounts receivable and other accounts receivable | C10: 0 | D10: 0 | E10: 326.804 | F10: 288.772 | G10: 2784.287 | H10: 2199.301 | I10: 480.639 | J10: 390.948 | K10: 0 | L10: 0 | M10: 0 | N10: 0 | O10: 3591.73 | P10: 1832.961
B11: Current accounts receivable from related companies | C11: 0 | D11: 0 | E11: 0.991 | F11: 0.433 | G11: 17.453 | H11: 11.928 | I11: 4.048 | J11: 1.702 | K11: 0 | L11: 0 | M11: 0 | N11: 0 | O11: 22.492 | P11: 217.355
B12: Current Inventories | C12: 0 | D12: 0 | E12: 55.292 | F12: 46.593 | G12: 400.947 | H12: 315.952 | I12: 95.565 | J12: 61.941 | K12: 0 | L12: 0 | M12: 0 | N12: 0 | O12: 551.804 | P12: 0.558
B13: Current tax assets | C13: 0 | D13: 0 | E13: 0 | F13: 0 | G13: 158.396 | H13: 150.393 | I13: 2.476 | J13: 0.569 | K13: 0 | L13: 0 | M13: 0 | N13: 0 | O13: 160.872 | P13: 2607.543
B15: Non-current assets or groups of assets for disposal classified as held for sale or as held for distribution to owners | C15: 0 | D15: 0 | E15: 0 | F15: 0 | G15: 0 | H15: 0 | I15: 3.525 | J15: 2.484 | K15: 0 | L15: 0 | M15: 0 | N15: 0 | O15: 3.525 | P15: 4990.634
A17: NON-CURRENT ASSETS | C17: 0 | D17: 0 | E17: 2997.218 | F17: 2531.165 | G17: 11943.878 | H17: 10451.242 | I17: 3179.841 | J17: 2695.668 | K17: 0 | L17: 0 | M17: 0 | N17: 0 | O17: 18120.937 | P17: 15678.075
B18: Non-current other financial assets | C18: 0 | D18: 0 | E18: 0.004 | F18: 0.003 | G18: 6722.814 | H18: 5414.431 | I18: 0.098 | J18: 0.002 | K18: 0 | L18: 0 | M18: 0 | N18: 0 | O18: 6722.916 | P18: 5414.436
B19: Non-current other non-financial assets | C19: 0 | D19: 0 | E19: 0.002 | F19: 0.002 | G19: 1890.259 | H19: 1783.082 | I19: 48.387 | J19: 49.877 | K19: 0 | L19: 0 | M19: 0 | N19: 0 | O19: 1938.648 | P19: 1832.961
B20: Non-current commercial accounts receivable and other accounts receivable | C20: 0 | D20: 0 | E20: 0 | F20: 0 | G20: 220.711 | H20: 209.9 | I20: 8.582 | J20: 7.455 | K20: 0 | L20: 0 | M20: 0 | N20: 0 | O20: 229.293 | P20: 217.355
B21: Non-current accounts receivable from related companies | C21: 0 | D21: 0 | E21: 0.002 | F21: 0.002 | G21: 0 | H21: 0 | I21: 0 | J21: 0.556 | K21: 0 | L21: 0 | M21: 0 | N21: 0 | O21: 0.002 | P21: 0.558
B22: Investments accounted for using the equity method | C22: 0 | D22: 0 | E22: 0.178 | F22: 0.139 | G22: 0 | H22: 0 | I22: 8.056 | J22: 7.461 | K22: 0 | L22: 0 | M22: 0 | N22: 0 | O22: 8.234 | P22: 7.6
B23: Intangible assets other than goodwill | C23: 0 | D23: 0 | E23: 144.913 | F23: 125.025 | G23: 2468.175 | H23: 2397.534 | I23: 84.289 | J23: 84.984 | K23: 0 | L23: 0 | M23: 0 | N23: 0 | O23: 2697.377 | P23: 2607.543
B24: Goodwill | C24: 0 | D24: 0 | E24: 0 | F24: 0 | G24: 0 | H24: 0 | I24: 0 | J24: 0 | K24: 0 | L24: 0 | M24: 0 | N24: 0 | O24: 0 | P24: 0
B25: Property, plant and equipment | C25: 0 | D25: 0 | E25: 2834.459 | F25: 2388.363 | G25: 95.824 | H25: 71.896 | I25: 3015.674 | J25: 2530.375 | K25: 0 | L25: 0 | M25: 0 | N25: 0 | O25: 5945.957 | P25: 4990.634
B26: Investment property | C26: 0 | D26: 0 | E26: 0 | F26: 0 | G26: 7.488 | H26: 7.069 | I26: 0 | J26: 0 | K26: 0 | L26: 0 | M26: 0 | N26: 0 | O26: 7.488 | P26: 7.069
B27: Right of use assets | C27: 0 | D27: 0 | E27: 17.66 | F27: 17.631 | G27: 107.473 | H27: 132.835 | I27: 14.755 | J27: 14.958 | K27: 0 | L27: 0 | M27: 0 | N27: 0 | O27: 139.888 | P27: 165.424
B28: Deferred tax assets | C28: 0 | D28: 0 | E28: 0 | F28: 0 | G28: 431.134 | H28: 434.495 | I28: 0 | J28: 0 | K28: 0 | L28: 0 | M28: 0 | N28: 0 | O28: 431.134 | P28: 434.495
A30: TOTAL ASSETS | C30: 0 | D30: 0 | E30: 3470.534 | F30: 2900.319 | G30: 15802.089 | H30: 13671.613 | I30: 3996.974 | J30: 3311.985 | K30: 0 | L30: 0 | M30: 0 | N30: 0 | O30: 23269.597 | P30: 19883.917
A32: Segment | C32: Distribution
A33: Country | C33: Chile | E33: Argentina | G33: Brazil | I33: Colombia | K33: Peru | M33: Adjustments | O33: Total
A34: LIABILITIES AND EQUITY | C34: March 31 2026 | D34: December 31 2025 | E34: March 31 2026 | F34: December 31 2025 | G34: March 31 2026 | H34: December 31 2025 | I34: March 31 2026 | J34: December 31 2025 | K34: March 31 2026 | L34: December 31 2025 | M34: March 31 2026 | N34: December 31 2025 | O34: March 31 2026 | P34: December 31 2025
C35: US$ mn | D35: US$ mn | E35: US$ mn | F35: US$ mn | G35: US$ mn | H35: US$ mn | I35: US$ mn | J35: US$ mn | K35: US$ mn | L35: US$ mn | M35: US$ mn | N35: US$ mn | O35: US$ mn | P35: US$ mn
A36: CURRENT LIABILITIES | C36: 0 | D36: 0 | E36: 1051.086 | F36: 906.53 | G36: 5000.566 | H36: 4352.084 | I36: 539.49 | J36: 364.116 | K36: 0 | L36: 0 | M36: 0 | N36: 0 | O36: 6591.142 | P36: 5622.73
B37: Current other financial liabilities | C37: 0 | D37: 0 | E37: 106.749 | F37: 63.934 | G37: 1399.988 | H37: 1041.479 | I37: 14.971 | J37: 103.639 | K37: 0 | L37: 0 | M37: 0 | N37: 0 | O37: 1521.708 | P37: 1209.052
B38: Current liabilities for leases | C38: 0 | D38: 0 | E38: 5.34 | F38: 0.783 | G38: 52.489 | H38: 50.672 | I38: 2.521 | J38: 3.857 | K38: 0 | L38: 0 | M38: 0 | N38: 0 | O38: 60.35 | P38: 55.312
B39: Current commercial accounts payable and other accounts payable | C39: 0 | D39: 0 | E39: 674.888 | F39: 625.259 | G39: 2383.356 | H39: 2275.429 | I39: 338.305 | J39: 168.498 | K39: 0 | L39: 0 | M39: 0 | N39: 0 | O39: 3396.549 | P39: 3069.186
B40: Current accounts payable to related companies | C40: 0 | D40: 0 | E40: 122.224 | F40: 123.912 | G40: 1053.802 | H40: 883.199 | I40: 153.301 | J40: 17.179 | K40: 0 | L40: 0 | M40: 0 | N40: 0 | O40: 1329.327 | P40: 1024.29
B41: Current other provisions | C41: 0 | D41: 0 | E41: 70.931 | F41: 31.757 | G41: 67.082 | H41: 78.531 | I41: 10.865 | J41: 12.058 | K41: 0 | L41: 0 | M41: 0 | N41: 0 | O41: 148.878 | P41: 122.346
B42: Current tax liabilities | C42: 0 | D42: 0 | E42: 33.811 | F42: 23.557 | G42: 0 | H42: 0 | I42: 0.023 | J42: 23.377 | K42: 0 | L42: 0 | M42: 0 | N42: 0 | O42: 33.834 | P42: 46.934
B43: Current provisions for employee benefits | C43: 0 | D43: 0 | E43: 0 | F43: 0 | G43: 0 | H43: 0 | I43: 0 | J43: 0 | K43: 0 | L43: 0 | M43: 0 | N43: 0 | O43: 0 | P43: 0
B44: Current other non-financial liabilities | C44: 0 | D44: 0 | E44: 37.143 | F44: 37.328 | G44: 43.849 | H44: 22.774 | I44: 19.504 | J44: 35.508 | K44: 0 | L44: 0 | M44: 0 | N44: 0 | O44: 100.496 | P44: 95.61
B46: Liabilities included in disposal groups classified as held for sale | C46: 0 | D46: 0 | E46: 0 | F46: 0 | G46: 0 | H46: 0 | I46: 0 | J46: 0 | K46: 0 | L46: 0 | M46: 0 | N46: 0 | O46: 0 | P46: 0
A48: NON-CURRENT LIABILITIES | C48: 0 | D48: 0 | E48: 949.718 | F48: 777.366 | G48: 5499.973 | H48: 4486.886 | I48: 1018.398 | J48: 740.459 | K48: 0 | L48: 0 | M48: 0 | N48: 0 | O48: 7468.089 | P48: 6004.711
B49: Non-current other financial liabilities | C49: 0 | D49: 0 | E49: 214.379 | F49: 52.572 | G49: 2160.374 | H49: 1687.265 | I49: 615.749 | J49: 593.608 | K49: 0 | L49: 0 | M49: 0 | N49: 0 | O49: 2990.502 | P49: 2333.445
B50: Non-current liabilities for leases | C50: 0 | D50: 0 | E50: 14.659 | F50: 19.265 | G50: 84.025 | H50: 92.728 | I50: 15.846 | J50: 14.023 | K50: 0 | L50: 0 | M50: 0 | N50: 0 | O50: 114.53 | P50: 126.016
B51: Non-current commercial accounts payable and other accounts payable | C51: 0 | D51: 0 | E51: 273.578 | F51: 268.43 | G51: 1202.679 | H51: 1144.523 | I51: 84.078 | J51: 62.475 | K51: 0 | L51: 0 | M51: 0 | N51: 0 | O51: 1560.335 | P51: 1475.428
B52: Non-current accounts payable to related companies | C52: 0 | D52: 0 | E52: 42.43 | F52: 44.574 | G52: 1118.22 | H52: 699.406 | I52: 0 | J52: 0 | K52: 0 | L52: 0 | M52: 0 | N52: 0 | O52: 1160.65 | P52: 743.98
B53: Non-current other provisions | C53: 0 | D53: 0 | E53: 7.216 | F53: 7.33 | G53: 566.032 | H53: 506.975 | I53: 5.131 | J53: 5.116 | K53: 0 | L53: 0 | M53: 0 | N53: 0 | O53: 578.379 | P53: 519.421
B54: Deferred tax liabilities | C54: 0 | D54: 0 | E54: 381.108 | F54: 369.851 | G54: 97.879 | H54: 61.988 | I54: 222.522 | J54: 0 | K54: 0 | L54: 0 | M54: 0 | N54: 0 | O54: 701.509 | P54: 431.839
B55: Non-current provisions for employee benefits | C55: 0 | D55: 0 | E55: 14.205 | F55: 12.942 | G55: 269.414 | H55: 291.899 | I55: 75.072 | J55: 65.237 | K55: 0 | L55: 0 | M55: 0 | N55: 0 | O55: 358.691 | P55: 370.078
B56: Non-current other non-financial liabilities | C56: 0 | D56: 0 | E56: 2.143 | F56: 2.402 | G56: 1.35 | H56: 2.102 | I56: 0 | J56: 0 | K56: 0 | L56: 0 | M56: 0 | N56: 0 | O56: 3.493 | P56: 4.504
A58: EQUITY | C58: 0 | D58: 0 | E58: 1469.73 | F58: 1216.423 | G58: 5301.55 | H58: 4832.643 | I58: 2439.086 | J58: 2207.41 | K58: 0 | L58: 0 | M58: 0 | N58: 0 | O58: 9210.366 | P58: 8256.476
A59: Equity attributable to the owners of the parent company | C59: 0 | D59: 0 | E59: 1469.73 | F59: 1216.423 | G59: 5301.55 | H59: 4832.643 | I59: 2439.086 | J59: 2207.41 | K59: 0 | L59: 0 | M59: 0 | N59: 0 | O59: 9210.366 | P59: 8256.476
B60: Issued capital | C60: 0 | D60: 0 | E60: 943.452 | F60: 802.672 | G60: 2941.978 | H60: 2777.356 | I60: 0 | J60: 0 | K60: 0 | L60: 0 | M60: 0 | N60: 0 | O60: 3885.43 | P60: 3580.028
B61: Retained earnings (losses) | C61: 0 | D61: 0 | E61: 76.166 | F61: 30.807 | G61: 622.244 | H61: 744.724 | I61: 1804.612 | J61: 1642.346 | K61: 0 | L61: 0 | M61: 0 | N61: 0 | O61: 2503.022 | P61: 2417.877
B62: Issue premiums | C62: 0 | D62: 0 | E62: 0 | F62: 0 | G62: 0 | H62: 0 | I62: 0 | J62: 0 | K62: 0 | L62: 0 | M62: 0 | N62: 0 | O62: 0 | P62: 0
B63: Own shares in portfolio | C63: 0 | D63: 0 | E63: 0 | F63: 0 | G63: 0 | H63: 0 | I63: 0 | J63: 0 | K63: 0 | L63: 0 | M63: 0 | N63: 0 | O63: 0 | P63: 0
B64: Other equity interests | C64: 0 | D64: 0 | E64: 0 | F64: 0 | G64: 0 | H64: 0 | I64: 0 | J64: 0 | K64: 0 | L64: 0 | M64: 0 | N64: 0 | O64: 0 | P64: 0
B65: Other reserves | C65: 0 | D65: 0 | E65: 450.112 | F65: 382.944 | G65: 1737.328 | H65: 1310.563 | I65: 634.474 | J65: 565.064 | K65: 0 | L65: 0 | M65: 0 | N65: 0 | O65: 2821.914 | P65: 2258.571
A67: Equity Attributable to Minority Interest | C67: 0 | D67: 0 | E67: 0 | F67: 0 | G67: 0 | H67: 0 | I67: 0 | J67: 0 | K67: 0 | L67: 0 | M67: 0 | N67: 0 | O67: 0 | P67: 0
A69: TOTAL LIABILITIES AND EQUITY | C69: 0 | D69: 0 | E69: 3470.534 | F69: 2900.319 | G69: 15802.089 | H69: 13671.613 | I69: 3996.974 | J69: 3311.985 | K69: 0 | L69: 0 | M69: 0 | N69: 0 | O69: 23269.597 | P69: 19883.917
D71: 1000
C72: Distribution
A73: Country | C73: Chile | G73: Argentina | K73: Brazil | O73: Colombia | S73: Peru | W73: Adjustments | AA73: Total
C74: Accumulated figures | E74: Quarterly figures | G74: Accumulated figures | I74: Quarterly figures | K74: Accumulated figures | M74: Quarterly figures | O74: Accumulated figures | Q74: Quarterly figures | S74: Accumulated figures | U74: Quarterly figures | W74: Accumulated figures | Y74: Quarterly figures | AA74: Accumulated figures | AC74: Quarterly figures
C75: H1 2026 | D75: H1 2025 | E75: Q3 2026 | F75: Q3 2025 | G75: H1 2026 | H75: H1 2025 | I75: Q3 2026 | J75: Q3 2025 | K75: H1 2026 | L75: H1 2025 | M75: Q3 2026 | N75: Q3 2025 | O75: H1 2026 | P75: H1 2025 | Q75: Q3 2026 | R75: Q3 2025 | S75: H1 2026 | T75: H1 2025 | U75: Q3 2026 | V75: Q3 2025 | W75: H1 2026 | X75: H1 2025 | Y75: Q3 2026 | Z75: Q3 2025 | AA75: H1 2026 | AB75: H1 2025 | AC75: Q3 2026 | AD75: Q3 2025
C76: US$ mn | D76: US$ mn | E76: US$ mn | F76: US$ mn | G76: US$ mn | H76: US$ mn | I76: US$ mn | J76: US$ mn | K76: US$ mn | L76: US$ mn | M76: US$ mn | N76: US$ mn | O76: US$ mn | P76: US$ mn | Q76: US$ mn | R76: US$ mn | S76: US$ mn | T76: US$ mn | U76: US$ mn | V76: US$ mn | W76: US$ mn | X76: US$ mn | Y76: US$ mn | Z76: US$ mn | AA76: US$ mn | AB76: US$ mn | AC76: US$ mn | AD76: US$ mn
A77: REVENUES | C77: 0 | D77: 0 | E77: 0 | F77: 0 | G77: 1403.94 | H77: 1133.674 | I77: 534.99 | J77: 275.084 | K77: 6309.836 | L77: 5314.861 | M77: 2140.314 | N77: 1978.373 | O77: 2040.607 | P77: 1628.796 | Q77: 781.349 | R77: 558.228 | S77: 0 | T77: 0 | U77: 0 | V77: 0 | W77: 0 | X77: 0 | Y77: 0 | Z77: 0 | AA77: 9754.383 | AB77: 8077.331 | AC77: 3456.653 | AD77: 2811.685
B78: Sales | C78: 0 | D78: 0 | E78: 0 | F78: 0 | G78: 1388.653 | H78: 1025.783 | I78: 528.658 | J78: 280.585 | K78: 4964.243 | L78: 4333.192 | M78: 1701.783 | N78: 1612.322 | O78: 2021.197 | P78: 1611.494 | Q78: 773.606 | R78: 551.85 | S78: 0 | T78: 0 | U78: 0 | V78: 0 | W78: 0 | X78: 0 | Y78: 0 | Z78: 0 | AA78: 8374.093 | AB78: 6970.469 | AC78: 3004.047 | AD78: 2444.757
B79: Energy sales | C79: 0 | D79: 0 | E79: 0 | F79: 0 | G79: 1341.443 | H79: 988.689 | I79: 511.558 | J79: 269.395 | K79: 3993.666 | L79: 3595.65 | M79: 1338.441 | N79: 1347.72 | O79: 991.041 | P79: 805.947 | Q79: 395.085 | R79: 271.772 | S79: 0 | T79: 0 | U79: 0 | V79: 0 | W79: 0 | X79: 0 | Y79: 0 | Z79: 0 | AA79: 6326.15 | AB79: 5390.286 | AC79: 2245.084 | AD79: 1888.887
B80: Other sales | C80: 0 | D80: 0 | E80: 0 | F80: 0 | G80: 0.457 | H80: 0.405 | I80: 0.146 | J80: 0.138 | K80: 0.138 | L80: 0 | M80: 0.031 | N80: 0 | O80: 0.832 | P80: 0.884 | Q80: 0.246 | R80: 0.346 | S80: 0 | T80: 0 | U80: 0 | V80: 0 | W80: 0 | X80: 0 | Y80: 0 | Z80: 0 | AA80: 1.427 | AB80: 1.289 | AC80: 0.423 | AD80: 0.484
B81: Other services | C81: 0 | D81: 0 | E81: 0 | F81: 0 | G81: 46.753 | H81: 36.689 | I81: 16.954 | J81: 11.052 | K81: 970.439 | L81: 737.542 | M81: 363.311 | N81: 264.602 | O81: 1029.324 | P81: 804.663 | Q81: 378.275 | R81: 279.732 | S81: 0 | T81: 0 | U81: 0 | V81: 0 | W81: 0 | X81: 0 | Y81: 0 | Z81: 0 | AA81: 2046.516 | AB81: 1578.894 | AC81: 758.54 | AD81: 555.386
B82: Other operating income | C82: 0 | D82: 0 | E82: 0 | F82: 0 | G82: 15.287 | H82: 107.891 | I82: 6.332 | J82: -5.501 | K82: 1345.593 | L82: 981.669 | M82: 438.531 | N82: 366.051 | O82: 19.41 | P82: 17.302 | Q82: 7.743 | R82: 6.378 | S82: 0 | T82: 0 | U82: 0 | V82: 0 | W82: 0 | X82: 0 | Y82: 0 | Z82: 0 | AA82: 1380.29 | AB82: 1106.862 | AC82: 452.606 | AD82: 366.928
C83: 0 | D83: 0 | E83: 0 | G83: 0 | H83: 0 | I83: 0 | J83: 0 | K83: 0 | L83: 0 | O83: 0 | P83: 0 | S83: 0 | T83: 0 | U83: 0 | V83: 0 | W83: 0 | X83: 0 | AA83: 0 | AB83: 0
A84: PROCUREMENTS AND SERVICES | C84: 0 | D84: 0 | E84: 0 | F84: 0 | G84: -963.237 | H84: -731.51 | I84: -388.714 | J84: -221.864 | K84: -4267.351 | L84: -3607.001 | M84: -1506.873 | N84: -1391.568 | O84: -1174.078 | P84: -893.585 | Q84: -477.798 | R84: -301.647 | S84: 0 | T84: 0 | U84: 0 | V84: 0 | W84: 0 | X84: 0 | Y84: 0 | Z84: 0 | AA84: -6404.666 | AB84: -5232.096 | AC84: -2373.385 | AD84: -1915.079
B85: Power purchased | C85: 0 | D85: 0 | E85: 0 | F85: 0 | G85: -847.601 | H85: -629.239 | I85: -351.222 | J85: -187.023 | K85: -2556.114 | L85: -2238.687 | M85: -893.18 | N85: -874.179 | O85: -855.924 | P85: -601.327 | Q85: -356.169 | R85: -199.392 | S85: 0 | T85: 0 | U85: 0 | V85: 0 | W85: 0 | X85: 0 | Y85: 0 | Z85: 0 | AA85: -4259.639 | AB85: -3469.253 | AC85: -1600.571 | AD85: -1260.594
B86: Cost of fuel consumed | C86: 0 | D86: 0 | E86: 0 | F86: 0 | G86: 0 | H86: 0 | I86: 0 | J86: 0 | K86: 0 | L86: 0 | M86: 0 | N86: 0 | O86: 0 | P86: 0 | Q86: 0 | R86: 0 | S86: 0 | T86: 0 | U86: 0 | V86: 0 | W86: 0 | X86: 0 | Y86: 0 | Z86: 0 | AA86: 0 | AB86: 0 | AC86: 0 | AD86: 0
B87: Transportation expenses | C87: 0 | D87: 0 | E87: 0 | F87: 0 | G87: -57.59 | H87: -38.917 | I87: -15.313 | J87: -11.95 | K87: -623.469 | L87: -515.768 | M87: -215.565 | N87: -173.484 | O87: -236.435 | P87: -212.011 | Q87: -86.577 | R87: -74.364 | S87: 0 | T87: 0 | U87: 0 | V87: 0 | W87: 0 | X87: 0 | Y87: 0 | Z87: 0 | AA87: -917.494 | AB87: -766.696 | AC87: -317.455 | AD87: -259.798
B88: Other variable procurements and services | C88: 0 | D88: 0 | E88: 0 | F88: 0 | G88: -58.046 | H88: -63.354 | I88: -22.179 | J88: -22.891 | K88: -1087.768 | L88: -852.546 | M88: -398.128 | N88: -343.905 | O88: -81.719 | P88: -80.247 | Q88: -35.052 | R88: -27.891 | S88: 0 | T88: 0 | U88: 0 | V88: 0 | W88: 0 | X88: 0 | Y88: 0 | Z88: 0 | AA88: -1227.533 | AB88: -996.147 | AC88: -455.359 | AD88: -394.687
C89: 0 | D89: 0 | E89: 0 | G89: 0 | H89: 0 | I89: 0 | J89: 0 | K89: 0 | L89: 0 | O89: 0 | P89: 0 | S89: 0 | T89: 0 | U89: 0 | V89: 0 | W89: 0 | X89: 0 | AA89: 0 | AB89: 0
A90: CONTRIBUTION MARGIN | C90: 0 | D90: 0 | E90: 0 | F90: 0 | G90: 440.703 | H90: 402.164 | I90: 146.276 | J90: 53.22 | K90: 2042.485 | L90: 1707.86 | M90: 633.441 | N90: 586.805 | O90: 866.529 | P90: 735.211 | Q90: 303.551 | R90: 256.581 | S90: 0 | T90: 0 | U90: 0 | V90: 0 | W90: 0 | X90: 0 | Y90: 0 | Z90: 0 | AA90: 3349.717 | AB90: 2845.235 | AC90: 1083.268 | AD90: 896.606
C91: 0 | D91: 0 | E91: 0 | G91: 0 | H91: 0 | I91: 0 | J91: 0 | K91: 0 | L91: 0 | O91: 0 | P91: 0 | S91: 0 | T91: 0 | U91: 0 | V91: 0 | W91: 0 | X91: 0 | AA91: 0 | AB91: 0
B92: Other work perfomed by the entity and capitalized | C92: 0 | D92: 0 | E92: 0 | F92: 0 | G92: 24.241 | H92: 16.038 | I92: 9.137 | J92: 4.251 | K92: 96.924 | L92: 64.516 | M92: 35.926 | N92: 24.272 | O92: 39.318 | P92: 29.955 | Q92: 14.42 | R92: 10.811 | S92: 0 | T92: 0 | U92: 0 | V92: 0 | W92: 0 | X92: 0 | Y92: 0 | Z92: 0 | AA92: 160.483 | AB92: 110.509 | AC92: 59.483 | AD92: 39.334
B93: Employee benefits expenses | C93: 0 | D93: 0 | E93: 0 | F93: 0 | G93: -152.831 | H93: -136.79 | I93: -52.807 | J93: -36.678 | K93: -289.821 | L93: -235.268 | M93: -96.302 | N93: -83.296 | O93: -72.486 | P93: -58.879 | Q93: -27.111 | R93: -19.593 | S93: 0 | T93: 0 | U93: 0 | V93: 0 | W93: 0 | X93: 0 | Y93: 0 | Z93: 0 | AA93: -515.138 | AB93: -430.937 | AC93: -176.22 | AD93: -139.567
B94: Other expenses | C94: 0 | D94: 0 | E94: 0 | F94: 0 | G94: -151.251 | H94: -136.257 | I94: -54.632 | J94: -27.197 | K94: -465.54 | L94: -358.58 | M94: -150.204 | N94: -130.26 | O94: -127.183 | P94: -121.377 | Q94: -46.436 | R94: -36.996 | S94: 0 | T94: 0 | U94: 0 | V94: 0 | W94: 0 | X94: 0 | Y94: 0 | Z94: 0 | AA94: -743.974 | AB94: -616.214 | AC94: -251.272 | AD94: -194.453
C95: 0 | D95: 0 | E95: 0 | G95: 0 | H95: 0 | I95: 0 | J95: 0 | K95: 0 | L95: 0 | O95: 0 | P95: 0 | S95: 0 | T95: 0 | U95: 0 | V95: 0 | W95: 0 | X95: 0 | AA95: 0 | AB95: 0
A96: GROSS OPERATING INCOME (EBITDA) | C96: 0 | D96: 0 | E96: 0 | F96: 0 | G96: 160.862 | H96: 145.155 | I96: 47.974 | J96: -6.404 | K96: 1384.048 | L96: 1178.528 | M96: 422.861 | N96: 397.521 | O96: 706.178 | P96: 584.91 | Q96: 244.424 | R96: 210.803 | S96: 0 | T96: 0 | U96: 0 | V96: 0 | W96: 0 | X96: 0 | Y96: 0 | Z96: 0 | AA96: 2251.088 | AB96: 1908.593 | AC96: 715.259 | AD96: 601.92
C97: 0 | D97: 0 | E97: 0 | G97: 0 | H97: 0 | I97: 0 | J97: 0 | K97: 0 | L97: 0 | O97: 0 | P97: 0 | S97: 0 | T97: 0 | U97: 0 | V97: 0 | W97: 0 | X97: 0 | AA97: 0 | AB97: 0
B98: Depreciation and amortization expense | C98: 0 | D98: 0 | E98: 0 | F98: 0 | G98: -149.567 | H98: -118.424 | I98: -52.227 | J98: -32.815 | K98: -373.884 | L98: -412.475 | M98: -117.26 | N98: -148.757 | O98: -129.205 | P98: -103.251 | Q98: -47.683 | R98: -36.289 | S98: 0 | T98: 0 | U98: 0 | V98: 0 | W98: 0 | X98: 0 | Y98: 0 | Z98: 0 | AA98: -652.656 | AB98: -634.15 | AC98: -217.17 | AD98: -217.861
B99: Impairment loss recognized in the period's profit or loss | C99: 0 | D99: 0 | E99: 0 | F99: 0 | G99: 0 | H99: 0 | I99: 0 | J99: 0 | K99: 0 | L99: 0 | M99: 0 | N99: 0 | O99: -0.579 | P99: 0 | Q99: -0.024 | R99: 0 | S99: 0 | T99: 0 | U99: 0 | V99: 0 | W99: 0 | X99: 0 | Y99: 0 | Z99: 0 | AA99: -0.579 | AB99: 0 | AC99: -0.024 | AD99: 0
B100: Impairment gains and reversals of impairment losses (Impairment losses) determined in accordance with IFRS 9 | C100: 0 | D100: 0 | E100: 0 | F100: 0 | G100: -53.833 | H100: -41.936 | I100: -20.56 | J100: -13.557 | K100: -83.216 | L100: -185.024 | M100: 47.891 | N100: -185.024 | O100: -15.088 | P100: -12.483 | Q100: -5.26 | R100: -5.229 | S100: 0 | T100: 0 | U100: 0 | V100: 0 | W100: 0 | X100: 0 | Y100: 0 | Z100: 0 | AA100: -152.137 | AB100: -239.443 | AC100: 22.071 | AD100: -77.156
C101: 0 | D101: 0 | E101: 0 | G101: 0 | H101: 0 | I101: 0 | J101: 0 | K101: 0 | L101: 0 | O101: 0 | P101: 0 | S101: 0 | T101: 0 | U101: 0 | V101: 0 | W101: 0 | X101: 0 | AA101: 0 | AB101: 0
A102: OPERATING INCOME | C102: 0 | D102: 0 | E102: 0 | F102: 0 | G102: -42.538 | H102: -15.205 | I102: -24.813 | J102: -52.776 | K102: 926.948 | L102: 581.029 | M102: 353.492 | N102: 581.029 | O102: 561.306 | P102: 469.176 | Q102: 191.457 | R102: 169.285 | S102: 0 | T102: 0 | U102: 0 | V102: 0 | W102: 0 | X102: 0 | Y102: 0 | Z102: 0 | AA102: 1445.716 | AB102: 1035 | AC102: 520.136 | AD102: 306.903
C103: 0 | D103: 0 | E103: 0 | G103: 0 | H103: 0 | I103: 0 | J103: 0 | K103: 0 | L103: 0 | O103: 0 | P103: 0 | S103: 0 | T103: 0 | U103: 0 | V103: 0 | W103: 0 | X103: 0 | AA103: 0 | AB103: 0
A104: NET FINANCIAL INCOME | C104: 0 | D104: 0 | E104: 0 | F104: 0 | G104: 83.272 | H104: -2.624 | I104: 7.896 | J104: -31.222 | K104: -599.467 | L104: -478.703 | M104: -187.365 | N104: -478.703 | O104: -100.834 | P104: -131.433 | Q104: -39.223 | R104: -41.178 | S104: 0 | T104: 0 | U104: 0 | V104: 0 | W104: 0 | X104: 0 | Y104: 0 | Z104: 0 | AA104: -617.029 | AB104: -612.76 | AC104: -218.692 | AD104: -251.233
B105: Financial Income | C105: 0 | D105: 0 | E105: 0 | F105: 0 | G105: 11.536 | H105: 6.429 | I105: 2.801 | J105: 2.043 | K105: 254.902 | L105: 158.973 | M105: 79.566 | N105: 158.973 | O105: 18.993 | P105: 14.882 | Q105: 7.142 | R105: 4.606 | S105: 0 | T105: 0 | U105: 0 | V105: 0 | W105: 0 | X105: 0 | Y105: 0 | Z105: 0 | AA105: 285.431 | AB105: 180.284 | AC105: 89.509 | AD105: 56.958
B106: Cash and cash equivalents | C106: 0 | D106: 0 | E106: 0 | F106: 0 | G106: 3.074 | H106: 1.259 | I106: 0.497 | J106: 0.631 | K106: 14.402 | L106: 1.698 | M106: 6.012 | N106: 1.698 | O106: 0 | P106: 0 | Q106: 0 | R106: 0 | S106: 0 | T106: 0 | U106: 0 | V106: 0 | W106: 0 | X106: 0 | Y106: 0 | Z106: 0 | AA106: 17.476 | AB106: 2.957 | AC106: 6.509 | AD106: -4.151
B107: Others financial income | C107: 0 | D107: 0 | E107: 0 | F107: 0 | G107: 8.462 | H107: 5.17 | I107: 2.304 | J107: 1.412 | K107: 240.5 | L107: 157.275 | M107: 73.554 | N107: 157.275 | O107: 18.993 | P107: 14.882 | Q107: 7.142 | R107: 4.606 | S107: 0 | T107: 0 | U107: 0 | V107: 0 | W107: 0 | X107: 0 | Y107: 0 | Z107: 0 | AA107: 267.955 | AB107: 177.327 | AC107: 83 | AD107: 61.109
B108: Financial costs | C108: 0 | D108: 0 | E108: 0 | F108: 0 | G108: -173.186 | H108: -162.554 | I108: -60.758 | J108: -65.351 | K108: -807.555 | L108: -614.887 | M108: -251.112 | N108: -614.887 | O108: -127.966 | P108: -151.031 | Q108: -49.353 | R108: -47.81 | S108: 0 | T108: 0 | U108: 0 | V108: 0 | W108: 0 | X108: 0 | Y108: 0 | Z108: 0 | AA108: -1108.707 | AB108: -928.472 | AC108: -361.223 | AD108: -337.983
B109: Bank loans | C109: 0 | D109: 0 | E109: 0 | F109: 0 | G109: -41.769 | H109: -17.495 | I109: -15.709 | J109: -14.213 | K109: -142.358 | L109: -28.194 | M109: -52.517 | N109: -28.194 | O109: 0 | P109: 0 | Q109: 0 | R109: 0 | S109: 0 | T109: 0 | U109: 0 | V109: 0 | W109: 0 | X109: 0 | Y109: 0 | Z109: 0 | AA109: -184.127 | AB109: -45.689 | AC109: -68.226 | AD109: -25.927
